Workbook

Sheet CUADRO SERVICIOS
A1: CUADRO DETALLADO SERVICIOS DE VIGILANCIA PRIVADA - FISCALIA GENERAL DE LA NACION
A2: DEPARTAMENTO | B2: CIUDAD/MUNICIPIO | C2: NOMBRE DEL PUESTO | D2: DESCRIPCIÓN DEL SERVICIO | E2: ELEMENTOS DEL SERVICIO | G2: PERIODO FACTURADO | H2: No. DIAS | I2: No. SERVICIOS | J2: VALOR MENSUAL UNITARIO | K2: AYS(11-%10%-8%) MENSUAL UNITARIO | L2: VR UNITARIO DEL SERVICIO | M2: SUB TOTAL ANTES DE AIU (M*I) | N2: AIU (10%) | O2: % DE IVA (19%) | P2: VALOR TOTAL
A3: CUNDINAMARCA | B3: BOGOTA DC | C3: CTI SANTUARIO / CALLE 18A 69B 15 | D3: 24 HORAS L-D | E3: CON ARMA | F3: Serv. Vig. 12 H Diurno sin arma Aero. El Dorado | G3: Del 1 al 14 de Julio 2025 | H3: 14 | I3: 3 | J3: =(9.14*1423500)+1500 -> 13012290 | K3: =+J3*10% -> 1301229 | L3: =(J3+K3)/30*H3 -> 6679642.2 | M3: =L3*I3 -> 20038927 | N3: =ROUND(M3*10%,0) -> 2003893 | O3: =ROUND(N3*19%,0) -> 380740 | P3: =+ROUND(M3+O3,0) -> 20419667
A4: CUNDINAMARCA | B4: BOGOTA DC | C4: CTI SANTUARIO / CALLE 18A 69B 15 | D4: 24 HORAS L-D | E4: SIN ARMA | F4: Serv. Vig. 24 H Diurno con arma Aero. El Dorado | G4: Del 1 al 14 de Julio 2025 | H4: 14 | I4: 1 | J4: =(9.14*1423500)+1500 -> 13012290 | K4: =+J4*0.08 -> 1040983.2 | L4: =(J4+K4)/30*H4 -> 6558194.2 | M4: =L4*I4 -> 6558194.2 | N4: =ROUND(M4*10%,0) -> 655819 | O4: =ROUND(N4*19%,0) -> 124606 | P4: =+ROUND(M4+O4,0) -> 6682800
A5: CUNDINAMARCA | B5: BOGOTA DC | C5: CTI SANTUARIO / CALLE 18A 69B 15 | D5: 12 HORAS L-V CON FESTIVOS | E5: SIN ARMA | F5: Serv. Vig. 12 H Diurno con canino Aero. Neiva | G5: Del 1 al 14 de Julio 2025 | H5: 14 | I5: 1 | J5: =((((9.14*1423500)+1500)*0.5597)/15*12)/30*22 -> 4272680.8 | K5: =+J5*0.08 -> 341814.47 | L5: =(J5+K5)/30*H5 -> 2153431.1 | M5: =L5*I5 -> 2153431.1 | N5: =ROUND(M5*10%,0) -> 215343 | O5: =ROUND(N5*19%,0) -> 40915 | P5: =+ROUND(M5+O5,0) -> 2194346
A6: CUNDINAMARCA | B6: BOGOTA DC | C6: SEDE URI USAQUEN / CARRERA 29 18A 67 | D6: 24 HORAS L-D | E6: CON ARMA | F6: Serv. Vig. 12 H Diurno sin arma Aero. El Dorado | G6: Del 1 al 14 de Julio 2025 | H6: 14 | I6: 3 | J6: =(9.14*1423500)+1500 -> 13012290 | K6: =+J6*10% -> 1301229 | L6: =(J6+K6)/30*H6 -> 6679642.2 | M6: =L6*I6 -> 20038927 | N6: =ROUND(M6*10%,0) -> 2003893 | O6: =ROUND(N6*19%,0) -> 380740 | P6: =+ROUND(M6+O6,0) -> 20419667
A7: CUNDINAMARCA | B7: BOGOTA DC | C7: SEDE URI USAQUEN / CARRERA 29 18A 67 | D7: 12 HORAS L-V CON FESTIVOS | E7: SIN ARMA | F7: Serv. Vig. 12 H Diurno con canino Aero. Neiva | G7: Del 1 al 14 de Julio 2025 | H7: 14 | I7: 2 | J7: =((((9.14*1423500)+1500)*0.5597)/15*12)/30*22 -> 4272680.8 | K7: =+J7*0.08 -> 341814.47 | L7: =(J7+K7)/30*H7 -> 2153431.1 | M7: =L7*I7 -> 4306862.3 | N7: =ROUND(M7*10%,0) -> 430686 | O7: =ROUND(N7*19%,0) -> 81830 | P7: =+ROUND(M7+O7,0) -> 4388692
A8: CUNDINAMARCA | B8: BOGOTA DC | C8: SEDE MANUEL GAONA / CALLE 18 33 18 | D8: 24 HORAS L-D | E8: CON ARMA | F8: Serv. Vig. 12 H Diurno sin arma Aero. El Dorado | G8: Del 1 al 14 de Julio 2025 | H8: 14 | I8: 3 | J8: =(9.14*1423500)+1500 -> 13012290 | K8: =+J8*10% -> 1301229 | L8: =(J8+K8)/30*H8 -> 6679642.2 | M8: =L8*I8 -> 20038927 | N8: =ROUND(M8*10%,0) -> 2003893 | O8: =ROUND(N8*19%,0) -> 380740 | P8: =+ROUND(M8+O8,0) -> 20419667
A9: CUNDINAMARCA | B9: BOGOTA DC | C9: SEDE MANUEL GAONA / CALLE 18 33 18 | D9: 12 HORAS L-V CON FESTIVOS | E9: SIN ARMA | F9: Serv. Vig. 12 H Diurno con canino Aero. Neiva | G9: Del 1 al 14 de Julio 2025 | H9: 14 | I9: 4 | J9: =((((9.14*1423500)+1500)*0.5597)/15*12)/30*22 -> 4272680.8 | K9: =+J9*0.08 -> 341814.47 | L9: =(J9+K9)/30*H9 -> 2153431.1 | M9: =L9*I9 -> 8613724.6 | N9: =ROUND(M9*10%,0) -> 861372 | O9: =ROUND(N9*19%,0) -> 163661 | P9: =+ROUND(M9+O9,0) -> 8777386
A10: CUNDINAMARCA | B10: BOGOTA DC | C10: SEDE ADMINISTRATIVA / CALLE 26 69 76 TORRE 4 PISO 16 | D10: 24 HORAS L-D | E10: CON ARMA | F10: Serv. Vig. 12 H Diurno sin arma Aero. El Dorado | G10: Del 1 al 14 de Julio 2025 | H10: 14 | I10: 1 | J10: =(9.14*1423500)+1500 -> 13012290 | K10: =+J10*10% -> 1301229 | L10: =(J10+K10)/30*H10 -> 6679642.2 | M10: =L10*I10 -> 6679642.2 | N10: =ROUND(M10*10%,0) -> 667964 | O10: =ROUND(N10*19%,0) -> 126913 | P10: =+ROUND(M10+O10,0) -> 6806555
A11: CUNDINAMARCA | B11: BOGOTA DC | C11: SEDE TRIBUNALES / CALLE 12B 7 60 | D11: 24 HORAS L-D | E11: CON ARMA | F11: Serv. Vig. 12 H Diurno sin arma Aero. El Dorado | G11: Del 1 al 14 de Julio 2025 | H11: 14 | I11: 1 | J11: =(9.14*1423500)+1500 -> 13012290 | K11: =+J11*10% -> 1301229 | L11: =(J11+K11)/30*H11 -> 6679642.2 | M11: =L11*I11 -> 6679642.2 | N11: =ROUND(M11*10%,0) -> 667964 | O11: =ROUND(N11*19%,0) -> 126913 | P11: =+ROUND(M11+O11,0) -> 6806555
A12: CUNDINAMARCA | B12: BOGOTA DC | C12: SEDE TRIBUNALES / CALLE 12B 7 60 | D12: 12 HORAS L-V CON FESTIVOS | E12: SIN ARMA | F12: Serv. Vig. 12 H Diurno con canino Aero. Neiva | G12: Del 1 al 14 de Julio 2025 | H12: 14 | I12: 1 | J12: =((((9.14*1423500)+1500)*0.5597)/15*12)/30*22 -> 4272680.8 | K12: =+J12*0.08 -> 341814.47 | L12: =(J12+K12)/30*H12 -> 2153431.1 | M12: =L12*I12 -> 2153431.1 | N12: =ROUND(M12*10%,0) -> 215343 | O12: =ROUND(N12*19%,0) -> 40915 | P12: =+ROUND(M12+O12,0) -> 2194346
A13: CUNDINAMARCA | B13: BOGOTA DC | C13: MIDPOINT / CALLE 19 33 02 | D13: 24 HORAS L-D | E13: CON ARMA | F13: Serv. Vig. 12 H Diurno sin arma Aero. El Dorado | G13: Del 1 al 14 de Julio 2025 | H13: 14 | I13: 3 | J13: =(9.14*1423500)+1500 -> 13012290 | K13: =+J13*10% -> 1301229 | L13: =(J13+K13)/30*H13 -> 6679642.2 | M13: =L13*I13 -> 20038927 | N13: =ROUND(M13*10%,0) -> 2003893 | O13: =ROUND(N13*19%,0) -> 380740 | P13: =+ROUND(M13+O13,0) -> 20419667
A14: CUNDINAMARCA | B14: BOGOTA DC | C14: MIDPOINT / CALLE 19 33 02 | D14: 12 HORAS L-V CON FESTIVOS | E14: SIN ARMA | F14: Serv. Vig. 12 H Diurno con canino Aero. Neiva | G14: Del 1 al 14 de Julio 2025 | H14: 14 | I14: 4 | J14: =((((9.14*1423500)+1500)*0.5597)/15*12)/30*22 -> 4272680.8 | K14: =+J14*0.08 -> 341814.47 | L14: =(J14+K14)/30*H14 -> 2153431.1 | M14: =L14*I14 -> 8613724.6 | N14: =ROUND(M14*10%,0) -> 861372 | O14: =ROUND(N14*19%,0) -> 163661 | P14: =+ROUND(M14+O14,0) -> 8777386
A15: CUNDINAMARCA | B15: BOGOTA DC | C15: SEDE URI CIUDAD BOLIVAR / CALLE 51 SUR 7 76 | D15: 24 HORAS L-D | E15: CON ARMA | F15: Serv. Vig. 12 H Diurno sin arma Aero. El Dorado | G15: Del 1 al 14 de Julio 2025 | H15: 14 | I15: 3 | J15: =(9.14*1423500)+1500 -> 13012290 | K15: =+J15*10% -> 1301229 | L15: =(J15+K15)/30*H15 -> 6679642.2 | M15: =L15*I15 -> 20038927 | N15: =ROUND(M15*10%,0) -> 2003893 | O15: =ROUND(N15*19%,0) -> 380740 | P15: =+ROUND(M15+O15,0) -> 20419667
A16: CUNDINAMARCA | B16: BOGOTA DC | C16: SEDE URI KENNEDY / CARRERA 69 36 72 CARVAJAL | D16: 24 HORAS L-D | E16: CON ARMA | F16: Serv. Vig. 12 H Diurno sin arma Aero. El Dorado | G16: Del 1 al 14 de Julio 2025 | H16: 14 | I16: 4 | J16: =(9.14*1423500)+1500 -> 13012290 | K16: =+J16*10% -> 1301229 | L16: =(J16+K16)/30*H16 -> 6679642.2 | M16: =L16*I16 -> 26718569 | N16: =ROUND(M16*10%,0) -> 2671857 | O16: =ROUND(N16*19%,0) -> 507653 | P16: =+ROUND(M16+O16,0) -> 27226222
A17: CUNDINAMARCA | B17: BOGOTA DC | C17: SEDE URI PUENTE ARANDA / CRA 40 10A 08 | D17: 24 HORAS L-D | E17: CON ARMA | F17: Serv. Vig. 12 H Diurno sin arma Aero. El Dorado | G17: Del 1 al 14 de Julio 2025 | H17: 14 | I17: 1 | J17: =(9.14*1423500)+1500 -> 13012290 | K17: =+J17*10% -> 1301229 | L17: =(J17+K17)/30*H17 -> 6679642.2 | M17: =L17*I17 -> 6679642.2 | N17: =ROUND(M17*10%,0) -> 667964 | O17: =ROUND(N17*19%,0) -> 126913 | P17: =+ROUND(M17+O17,0) -> 6806555
A18: CUNDINAMARCA | B18: BOGOTA DC | C18: SEDE URI PUENTE ARANDA / CRA 40 10A 08 | D18: 12 HORAS L-V CON FESTIVOS | E18: SIN ARMA | F18: Serv. Vig. 12 H Diurno con canino Aero. Neiva | G18: Del 1 al 14 de Julio 2025 | H18: 14 | I18: 1 | J18: =((((9.14*1423500)+1500)*0.5597)/15*12)/30*22 -> 4272680.8 | K18: =+J18*0.08 -> 341814.47 | L18: =(J18+K18)/30*H18 -> 2153431.1 | M18: =L18*I18 -> 2153431.1 | N18: =ROUND(M18*10%,0) -> 215343 | O18: =ROUND(N18*19%,0) -> 40915 | P18: =+ROUND(M18+O18,0) -> 2194346
A19: CUNDINAMARCA | B19: BOGOTA DC | C19: SEDE URI ANGATIVA / CRA 78A 77A 62 | D19: 24 HORAS L-D | E19: CON ARMA | F19: Serv. Vig. 12 H Diurno sin arma Aero. El Dorado | G19: Del 1 al 14 de Julio 2025 | H19: 14 | I19: 3 | J19: =(9.14*1423500)+1500 -> 13012290 | K19: =+J19*10% -> 1301229 | L19: =(J19+K19)/30*H19 -> 6679642.2 | M19: =L19*I19 -> 20038927 | N19: =ROUND(M19*10%,0) -> 2003893 | O19: =ROUND(N19*19%,0) -> 380740 | P19: =+ROUND(M19+O19,0) -> 20419667
A20: CUNDINAMARCA | B20: BOGOTA DC | C20: SEDE URI ANGATIVA / CRA 78A 77A 62 | D20: 12 HORAS L-V CON FESTIVOS | E20: SIN ARMA | F20: Serv. Vig. 12 H Diurno con canino Aero. Neiva | G20: Del 1 al 14 de Julio 2025 | H20: 14 | I20: 2 | J20: =((((9.14*1423500)+1500)*0.5597)/15*12)/30*22 -> 4272680.8 | K20: =+J20*0.08 -> 341814.47 | L20: =(J20+K20)/30*H20 -> 2153431.1 | M20: =L20*I20 -> 4306862.3 | N20: =ROUND(M20*10%,0) -> 430686 | O20: =ROUND(N20*19%,0) -> 81830 | P20: =+ROUND(M20+O20,0) -> 4388692
A21: CUNDINAMARCA | B21: BOGOTA DC | C21: CASA LOTE SUBA / CALLE 153 76 26 EL VINAR DE CASA BLANCA | D21: 24 HORAS L-D | E21: CON ARMA | F21: Serv. Vig. 12 H Diurno sin arma Aero. El Dorado | G21: Del 1 al 14 de Julio 2025 | H21: 14 | I21: 1 | J21: =(9.14*1423500)+1500 -> 13012290 | K21: =+J21*10% -> 1301229 | L21: =(J21+K21)/30*H21 -> 6679642.2 | M21: =L21*I21 -> 6679642.2 | N21: =ROUND(M21*10%,0) -> 667964 | O21: =ROUND(N21*19%,0) -> 126913 | P21: =+ROUND(M21+O21,0) -> 6806555
A22: CUNDINAMARCA | B22: BOGOTA DC | C22: URI MENORES / CALLE 12 30 35 | D22: 24 HORAS L-D | E22: CON ARMA | F22: Serv. Vig. 12 H Diurno sin arma Aero. El Dorado | G22: Del 1 al 14 de Julio 2025 | H22: 14 | I22: 1 | J22: =(9.14*1423500)+1500 -> 13012290 | K22: =+J22*10% -> 1301229 | L22: =(J22+K22)/30*H22 -> 6679642.2 | M22: =L22*I22 -> 6679642.2 | N22: =ROUND(M22*10%,0) -> 667964 | O22: =ROUND(N22*19%,0) -> 126913 | P22: =+ROUND(M22+O22,0) -> 6806555
A23: CUNDINAMARCA | B23: BOGOTA DC | C23: CAF SUBA / CALLE 133 101C 15-09 | D23: 24 HORAS L-D | E23: CON ARMA | F23: Serv. Vig. 12 H Diurno sin arma Aero. El Dorado | G23: Del 1 al 14 de Julio 2025 | H23: 14 | I23: 1 | J23: =(9.14*1423500)+1500 -> 13012290 | K23: =+J23*10% -> 1301229 | L23: =(J23+K23)/30*H23 -> 6679642.2 | M23: =L23*I23 -> 6679642.2 | N23: =ROUND(M23*10%,0) -> 667964 | O23: =ROUND(N23*19%,0) -> 126913 | P23: =+ROUND(M23+O23,0) -> 6806555
A24: CUNDINAMARCA | B24: BOGOTA DC | C24: URI CAMPO VERDE BOSA / CALLE 85 SUR 94 35 | D24: 24 HORAS L-D | E24: CON ARMA | F24: Serv. Vig. 12 H Diurno sin arma Aero. El Dorado | G24: Del 1 al 14 de Julio 2025 | H24: 14 | I24: 6 | J24: =(9.14*1423500)+1500 -> 13012290 | K24: =+J24*10% -> 1301229 | L24: =(J24+K24)/30*H24 -> 6679642.2 | M24: =L24*I24 -> 40077853 | N24: =ROUND(M24*10%,0) -> 4007785 | O24: =ROUND(N24*19%,0) -> 761479 | P24: =+ROUND(M24+O24,0) -> 40839332
A25: CUNDINAMARCA | B25: BOGOTA DC | C25: URI CAMPO VERDE BOSA / CALLE 85 SUR 94 35 | D25: 12 HORAS L-V CON FESTIVOS | E25: SIN ARMA | F25: Serv. Vig. 12 H Diurno con canino Aero. Neiva | G25: Del 1 al 14 de Julio 2025 | H25: 14 | I25: 3 | J25: =((((9.14*1423500)+1500)*0.5597)/15*12)/30*22 -> 4272680.8 | K25: =+J25*0.08 -> 341814.47 | L25: =(J25+K25)/30*H25 -> 2153431.1 | M25: =L25*I25 -> 6460293.4 | N25: =ROUND(M25*10%,0) -> 646029 | O25: =ROUND(N25*19%,0) -> 122746 | P25: =+ROUND(M25+O25,0) -> 6583039
A26: CUNDINAMARCA | B26: BOGOTA DC | C26: CAVIP / CALLE 19 27 09 | D26: 24 HORAS L-D | E26: CON ARMA | F26: Serv. Vig. 12 H Diurno sin arma Aero. El Dorado | G26: Del 1 al 14 de Julio 2025 | H26: 14 | I26: 3 | J26: =(9.14*1423500)+1500 -> 13012290 | K26: =+J26*10% -> 1301229 | L26: =(J26+K26)/30*H26 -> 6679642.2 | M26: =L26*I26 -> 20038927 | N26: =ROUND(M26*10%,0) -> 2003893 | O26: =ROUND(N26*19%,0) -> 380740 | P26: =+ROUND(M26+O26,0) -> 20419667
A27: CUNDINAMARCA | B27: BOGOTA DC | C27: CAVIP / CALLE 19 27 09 | D27: 12 HORAS L-V SIN FESTIVOS | E27: SIN ARMA | F27: Serv. Vig. 12 H Diurno con canino Aero. Neiva | G27: Del 1 al 14 de Julio 2025 | H27: 14 | I27: 1 | J27: =((((9.14*1423500)+1500)*0.5597)/15*12)/30*20 -> 3884255.3 | K27: =+J27*0.08 -> 310740.43 | L27: =(J27+K27)/30*H27 -> 1957664.7 | M27: =L27*I27 -> 1957664.7 | N27: =ROUND(M27*10%,0) -> 195766 | O27: =ROUND(N27*19%,0) -> 37196 | P27: =+ROUND(M27+O27,0) -> 1994861
A28: CUNDINAMARCA | B28: BOGOTA DC | C28: PARQUEADERO / CARRERA 29 18 45 | D28: 24 HORAS L-D | E28: SIN ARMA | F28: Serv. Vig. 12 H Diurno sin arma Aero. El Dorado | G28: Del 1 al 14 de Julio 2025 | H28: 14 | I28: 1 | J28: =(9.14*1423500)+1500 -> 13012290 | K28: =+J28*0.08 -> 1040983.2 | L28: =(J28+K28)/30*H28 -> 6558194.2 | M28: =L28*I28 -> 6558194.2 | N28: =ROUND(M28*10%,0) -> 655819 | O28: =ROUND(N28*19%,0) -> 124606 | P28: =+ROUND(M28+O28,0) -> 6682800
A29: CUNDINAMARCA | B29: LA CALERA | C29: LA CALERA / CALLE 10B 2B 08 | D29: 24 HORAS L-D | E29: CON ARMA | F29: Serv. Vig. 12 H Diurno sin arma Aero. El Dorado | G29: Del 1 al 14 de Julio 2025 | H29: 14 | I29: 1 | J29: =(9.14*1423500)+1500 -> 13012290 | K29: =+J29*10% -> 1301229 | L29: =(J29+K29)/30*H29 -> 6679642.2 | M29: =L29*I29 -> 6679642.2 | N29: =ROUND(M29*10%,0) -> 667964 | O29: =ROUND(N29*19%,0) -> 126913 | P29: =+ROUND(M29+O29,0) -> 6806555
A30: NIVEL CENTRAL BOGOTA | B30: BOGOTA DC | C30: BUNKER / AV CALLE 24 52 01 | D30: SUPERVISOR 24H L-D | E30: CON ARMA | F30: Serv. Vig. 24 H Diurno sin arma Aero. San Vicente del Caguan | G30: Del 1 al 14 de Julio 2025 | H30: 14 | I30: 1 | J30: =9.14*1423500+1500 -> 13012290 | K30: =+J30*10% -> 1301229 | L30: =(J30+K30)/30*H30 -> 6679642.2 | M30: =L30*I30 -> 6679642.2 | N30: =ROUND(M30*10%,0) -> 667964 | O30: =ROUND(N30*19%,0) -> 126913 | P30: =+ROUND(M30+O30,0) -> 6806555
A31: NIVEL CENTRAL BOGOTA | B31: BOGOTA DC | C31: BUNKER / AV CALLE 24 52 01 | D31: 24 HORAS L-D | E31: CON ARMA | F31: Serv. Vig. 12 H Diurno sin arma Aero. El Dorado | G31: Del 1 al 14 de Julio 2025 | H31: 14 | I31: 17 | J31: =(9.14*1423500)+1500 -> 13012290 | K31: =+J31*10% -> 1301229 | L31: =(J31+K31)/30*H31 -> 6679642.2 | M31: =L31*I31 -> 1.1355392e+08 | N31: =ROUND(M31*10%,0) -> 11355392 | O31: =ROUND(N31*19%,0) -> 2157524 | P31: =+ROUND(M31+O31,0) -> 115711441
A32: NIVEL CENTRAL BOGOTA | B32: BOGOTA DC | C32: BUNKER / AV CALLE 24 52 01 | D32: 24 HORAS L-D | E32: SIN ARMA | F32: Serv. Vig. 24 H Diurno sin arma Aero. San Vicente del Caguan | G32: Del 1 al 14 de Julio 2025 | H32: 14 | I32: 8 | J32: =(9.14*1423500)+1500 -> 13012290 | K32: =+J32*0.08 -> 1040983.2 | L32: =(J32+K32)/30*H32 -> 6558194.2 | M32: =L32*I32 -> 52465553 | N32: =ROUND(M32*10%,0) -> 5246555 | O32: =ROUND(N32*19%,0) -> 996845 | P32: =+ROUND(M32+O32,0) -> 53462398
A33: NIVEL CENTRAL BOGOTA | B33: BOGOTA DC | C33: BUNKER / AV CALLE 24 52 01 | D33: 12 HORAS L-V SIN FESTIVOS | E33: SIN ARMA | F33: Serv. Vig. 12 H Diurno con canino Aero. Neiva | G33: Del 1 al 14 de Julio 2025 | H33: 14 | I33: 21 | J33: =((((9.14*1423500)+1500)*0.5597)/15*12)/30*20 -> 3884255.3 | K33: =+J33*0.08 -> 310740.43 | L33: =(J33+K33)/30*H33 -> 1957664.7 | M33: =L33*I33 -> 41110958 | N33: =ROUND(M33*10%,0) -> 4111096 | O33: =ROUND(N33*19%,0) -> 781108 | P33: =+ROUND(M33+O33,0) -> 41892066
A34: NIVEL CENTRAL BOGOTA | B34: BOGOTA DC | C34: EDIF. ANTIGUO DAS / CRA 28 17 00 | D34: SUPERVISOR 24H L-D | E34: CON ARMA | F34: Serv. Vig. 24 H Diurno sin arma Aero. San Vicente del Caguan | G34: Del 1 al 14 de Julio 2025 | H34: 14 | I34: 1 | J34: =9.14*1423500+1500 -> 13012290 | K34: =+J34*10% -> 1301229 | L34: =(J34+K34)/30*H34 -> 6679642.2 | M34: =L34*I34 -> 6679642.2 | N34: =ROUND(M34*10%,0) -> 667964 | O34: =ROUND(N34*19%,0) -> 126913 | P34: =+ROUND(M34+O34,0) -> 6806555
A35: NIVEL CENTRAL BOGOTA | B35: BOGOTA DC | C35: EDIF. ANTIGUO DAS / CRA 28 17 00 | D35: 24 HORAS L-D | E35: CON ARMA | F35: Serv. Vig. 12 H Diurno sin arma Aero. El Dorado | G35: Del 1 al 14 de Julio 2025 | H35: 14 | I35: 13 | J35: =(9.14*1423500)+1500 -> 13012290 | K35: =+J35*10% -> 1301229 | L35: =(J35+K35)/30*H35 -> 6679642.2 | M35: =L35*I35 -> 86835349 | N35: =ROUND(M35*10%,0) -> 8683535 | O35: =ROUND(N35*19%,0) -> 1649872 | P35: =+ROUND(M35+O35,0) -> 88485221
A36: NIVEL CENTRAL BOGOTA | B36: BOGOTA DC | C36: EDIF. ANTIGUO DAS / CRA 28 17 00 | D36: 24 HORAS L-D | E36: SIN ARMA | F36: Serv. Vig. 24 H Diurno sin arma Aero. San Vicente del Caguan | G36: Del 1 al 14 de Julio 2025 | H36: 14 | I36: 4 | J36: =(9.14*1423500)+1500 -> 13012290 | K36: =+J36*0.08 -> 1040983.2 | L36: =(J36+K36)/30*H36 -> 6558194.2 | M36: =L36*I36 -> 26232777 | N36: =ROUND(M36*10%,0) -> 2623278 | O36: =ROUND(N36*19%,0) -> 498423 | P36: =+ROUND(M36+O36,0) -> 26731200
A37: NIVEL CENTRAL BOGOTA | B37: BOGOTA DC | C37: EDIF. ANTIGUO DAS / CRA 28 17 00 | D37: 12 HORAS L-V SIN FESTIVOS | E37: SIN ARMA | F37: Serv. Vig. 12 H Diurno con canino Aero. Neiva | G37: Del 1 al 14 de Julio 2025 | H37: 14 | I37: 12 | J37: =((((9.14*1423500)+1500)*0.5597)/15*12)/30*20 -> 3884255.3 | K37: =+J37*0.08 -> 310740.43 | L37: =(J37+K37)/30*H37 -> 1957664.7 | M37: =L37*I37 -> 23491976 | N37: =ROUND(M37*10%,0) -> 2349198 | O37: =ROUND(N37*19%,0) -> 446348 | P37: =+ROUND(M37+O37,0) -> 23938324
A38: NIVEL CENTRAL BOGOTA | B38: BOGOTA DC | C38: EDIF. JUSTICIA TRANCISIONAL / CRA 30 13 24 | D38: 24 HORAS L-D | E38: CON ARMA | F38: Serv. Vig. 12 H Diurno sin arma Aero. El Dorado | G38: Del 1 al 14 de Julio 2025 | H38: 14 | I38: 3 | J38: =(9.14*1423500)+1500 -> 13012290 | K38: =+J38*10% -> 1301229 | L38: =(J38+K38)/30*H38 -> 6679642.2 | M38: =L38*I38 -> 20038927 | N38: =ROUND(M38*10%,0) -> 2003893 | O38: =ROUND(N38*19%,0) -> 380740 | P38: =+ROUND(M38+O38,0) -> 20419667
A39: NIVEL CENTRAL BOGOTA | B39: BOGOTA DC | C39: EDIF. JUSTICIA TRANCISIONAL / CRA 30 13 24 | D39: 12 HORAS L-V SIN FESTIVOS | E39: SIN ARMA | F39: Serv. Vig. 12 H Diurno con canino Aero. Neiva | G39: Del 1 al 14 de Julio 2025 | H39: 14 | I39: 8 | J39: =((((9.14*1423500)+1500)*0.5597)/15*12)/30*20 -> 3884255.3 | K39: =+J39*0.08 -> 310740.43 | L39: =(J39+K39)/30*H39 -> 1957664.7 | M39: =L39*I39 -> 15661317 | N39: =ROUND(M39*10%,0) -> 1566132 | O39: =ROUND(N39*19%,0) -> 297565 | P39: =+ROUND(M39+O39,0) -> 15958882
A40: NIVEL CENTRAL BOGOTA | B40: BOGOTA DC | C40: ASUNTOS JURIDICOS / AV 28 39 31 | D40: 24 HORAS L-D | E40: CON ARMA | F40: Serv. Vig. 12 H Diurno sin arma Aero. El Dorado | G40: Del 1 al 14 de Julio 2025 | H40: 14 | I40: 1 | J40: =(9.14*1423500)+1500 -> 13012290 | K40: =+J40*10% -> 1301229 | L40: =(J40+K40)/30*H40 -> 6679642.2 | M40: =L40*I40 -> 6679642.2 | N40: =ROUND(M40*10%,0) -> 667964 | O40: =ROUND(N40*19%,0) -> 126913 | P40: =+ROUND(M40+O40,0) -> 6806555
A41: NIVEL CENTRAL BOGOTA | B41: BOGOTA DC | C41: ASUNTOS JURIDICOS / AV 28 39 31 | D41: 12 HORAS L-V SIN FESTIVOS | E41: SIN ARMA | F41: Serv. Vig. 12 H Diurno con canino Aero. Neiva | G41: Del 1 al 14 de Julio 2025 | H41: 14 | I41: 1 | J41: =((((9.14*1423500)+1500)*0.5597)/15*12)/30*20 -> 3884255.3 | K41: =+J41*0.08 -> 310740.43 | L41: =(J41+K41)/30*H41 -> 1957664.7 | M41: =L41*I41 -> 1957664.7 | N41: =ROUND(M41*10%,0) -> 195766 | O41: =ROUND(N41*19%,0) -> 37196 | P41: =+ROUND(M41+O41,0) -> 1994861
A42: NIVEL CENTRAL BOGOTA | B42: BOGOTA DC | C42: ANALISIS AMBIENTAL / CRA 18A 39A 39 | D42: 24 HORAS L-D | E42: CON ARMA | F42: Serv. Vig. 12 H Diurno sin arma Aero. El Dorado | G42: Del 1 al 14 de Julio 2025 | H42: 14 | I42: 1 | J42: =(9.14*1423500)+1500 -> 13012290 | K42: =+J42*10% -> 1301229 | L42: =(J42+K42)/30*H42 -> 6679642.2 | M42: =L42*I42 -> 6679642.2 | N42: =ROUND(M42*10%,0) -> 667964 | O42: =ROUND(N42*19%,0) -> 126913 | P42: =+ROUND(M42+O42,0) -> 6806555
A43: NIVEL CENTRAL BOGOTA | B43: BOGOTA DC | C43: AQUIMINDIA / KM 4 VIA SUBA COTA | D43: 24 HORAS L-D | E43: CON ARMA | F43: Serv. Vig. 12 H Diurno sin arma Aero. El Dorado | G43: Del 1 al 14 de Julio 2025 | H43: 14 | I43: 9 | J43: =(9.14*1423500)+1500 -> 13012290 | K43: =+J43*10% -> 1301229 | L43: =(J43+K43)/30*H43 -> 6679642.2 | M43: =L43*I43 -> 60116780 | N43: =ROUND(M43*10%,0) -> 6011678 | O43: =ROUND(N43*19%,0) -> 1142219 | P43: =+ROUND(M43+O43,0) -> 61258999
A44: NIVEL CENTRAL BOGOTA | B44: BOGOTA DC | C44: EDIFICIO WBC / CRA 86 51 68 PISO 5 Y 7 | D44: 24 HORAS L-D | E44: CON ARMA | F44: Serv. Vig. 12 H Diurno sin arma Aero. El Dorado | G44: Del 1 al 14 de Julio 2025 | H44: 14 | I44: 1 | J44: =(9.14*1423500)+1500 -> 13012290 | K44: =+J44*10% -> 1301229 | L44: =(J44+K44)/30*H44 -> 6679642.2 | M44: =L44*I44 -> 6679642.2 | N44: =ROUND(M44*10%,0) -> 667964 | O44: =ROUND(N44*19%,0) -> 126913 | P44: =+ROUND(M44+O44,0) -> 6806555
A45: NIVEL CENTRAL BOGOTA | B45: BOGOTA DC | C45: EDIFICIO WBC / CRA 86 51 68 PISO 5 Y 7 | D45: 24 HORAS L-D | E45: SIN ARMA | F45: Serv. Vig. 24 H Diurno sin arma Aero. San Vicente del Caguan | G45: Del 1 al 14 de Julio 2025 | H45: 14 | I45: 1 | J45: =(9.14*1423500)+1500 -> 13012290 | K45: =+J45*0.08 -> 1040983.2 | L45: =(J45+K45)/30*H45 -> 6558194.2 | M45: =L45*I45 -> 6558194.2 | N45: =ROUND(M45*10%,0) -> 655819 | O45: =ROUND(N45*19%,0) -> 124606 | P45: =+ROUND(M45+O45,0) -> 6682800
A46: NIVEL CENTRAL BOGOTA | B46: BOGOTA DC | C46: EDIFICIO WBC / CRA 86 51 68 PISO 5 Y 7 | D46: 12 HORAS L-V SIN FESTIVOS | E46: SIN ARMA | F46: Serv. Vig. 12 H Diurno con canino Aero. Neiva | G46: Del 1 al 14 de Julio 2025 | H46: 14 | I46: 1 | J46: =((((9.14*1423500)+1500)*0.5597)/15*12)/30*20 -> 3884255.3 | K46: =+J46*0.08 -> 310740.43 | L46: =(J46+K46)/30*H46 -> 1957664.7 | M46: =L46*I46 -> 1957664.7 | N46: =ROUND(M46*10%,0) -> 195766 | O46: =ROUND(N46*19%,0) -> 37196 | P46: =+ROUND(M46+O46,0) -> 1994861
A47: NIVEL CENTRAL BOGOTA | B47: BOGOTA DC | C47: EDIFICIO VILLEGAS / CRA 13 73 50 | D47: 24 HORAS L-D | E47: CON ARMA | F47: Serv. Vig. 12 H Diurno sin arma Aero. El Dorado | G47: Del 1 al 14 de Julio 2025 | H47: 14 | I47: 1 | J47: =(9.14*1423500)+1500 -> 13012290 | K47: =+J47*10% -> 1301229 | L47: =(J47+K47)/30*H47 -> 6679642.2 | M47: =L47*I47 -> 6679642.2 | N47: =ROUND(M47*10%,0) -> 667964 | O47: =ROUND(N47*19%,0) -> 126913 | P47: =+ROUND(M47+O47,0) -> 6806555
A48: NIVEL CENTRAL BOGOTA | B48: BOGOTA DC | C48: EDIFICIO VILLEGAS / CRA 13 73 50 | D48: 12 HORAS L-V SIN FESTIVOS | E48: SIN ARMA | F48: Serv. Vig. 12 H Diurno con canino Aero. Neiva | G48: Del 1 al 14 de Julio 2025 | H48: 14 | I48: 1 | J48: =((((9.14*1423500)+1500)*0.5597)/15*12)/30*20 -> 3884255.3 | K48: =+J48*0.08 -> 310740.43 | L48: =(J48+K48)/30*H48 -> 1957664.7 | M48: =L48*I48 -> 1957664.7 | N48: =ROUND(M48*10%,0) -> 195766 | O48: =ROUND(N48*19%,0) -> 37196 | P48: =+ROUND(M48+O48,0) -> 1994861
A49: NIVEL CENTRAL BOGOTA | B49: BOGOTA DC | C49: CASA SOLEDAD / CALLE 46 27 52 | D49: 24 HORAS L-D | E49: CON ARMA | F49: Serv. Vig. 12 H Diurno sin arma Aero. El Dorado | G49: Del 1 al 14 de Julio 2025 | H49: 14 | I49: 1 | J49: =(9.14*1423500)+1500 -> 13012290 | K49: =+J49*10% -> 1301229 | L49: =(J49+K49)/30*H49 -> 6679642.2 | M49: =L49*I49 -> 6679642.2 | N49: =ROUND(M49*10%,0) -> 667964 | O49: =ROUND(N49*19%,0) -> 126913 | P49: =+ROUND(M49+O49,0) -> 6806555
A50: NIVEL CENTRAL BOGOTA | B50: BOGOTA DC | C50: EDIF. CAPITAL TOWER / AV LA ESPERANZA 51 40 PISOS 6 - 8 Y 10 | D50: 24 HORAS L-D | E50: CON ARMA | F50: Serv. Vig. 12 H Diurno sin arma Aero. El Dorado | G50: Del 1 al 14 de Julio 2025 | H50: 14 | I50: 3 | J50: =(9.14*1423500)+1500 -> 13012290 | K50: =+J50*10% -> 1301229 | L50: =(J50+K50)/30*H50 -> 6679642.2 | M50: =L50*I50 -> 20038927 | N50: =ROUND(M50*10%,0) -> 2003893 | O50: =ROUND(N50*19%,0) -> 380740 | P50: =+ROUND(M50+O50,0) -> 20419667
A51: NIVEL CENTRAL BOGOTA | B51: BOGOTA DC | C51: EDIF. INURBE MUSEO / CRA 13 18 51 | D51: 24 HORAS L-D | E51: CON ARMA | F51: Serv. Vig. 12 H Diurno sin arma Aero. El Dorado | G51: Del 1 al 14 de Julio 2025 | H51: 14 | I51: 3 | J51: =(9.14*1423500)+1500 -> 13012290 | K51: =+J51*10% -> 1301229 | L51: =(J51+K51)/30*H51 -> 6679642.2 | M51: =L51*I51 -> 20038927 | N51: =ROUND(M51*10%,0) -> 2003893 | O51: =ROUND(N51*19%,0) -> 380740 | P51: =+ROUND(M51+O51,0) -> 20419667
A52: NIVEL CENTRAL BOGOTA | B52: BOGOTA DC | C52: EDIF. INURBE MUSEO / CRA 13 18 51 | D52: 12 HORAS L-V SIN FESTIVOS | E52: SIN ARMA | F52: Serv. Vig. 12 H Diurno con canino Aero. Neiva | G52: Del 1 al 14 de Julio 2025 | H52: 14 | I52: 2 | J52: =((((9.14*1423500)+1500)*0.5597)/15*12)/30*20 -> 3884255.3 | K52: =+J52*0.08 -> 310740.43 | L52: =(J52+K52)/30*H52 -> 1957664.7 | M52: =L52*I52 -> 3915329.4 | N52: =ROUND(M52*10%,0) -> 391533 | O52: =ROUND(N52*19%,0) -> 74391 | P52: =+ROUND(M52+O52,0) -> 3989720
A53: NIVEL CENTRAL BOGOTA | B53: BOGOTA DC | C53: ALMACEN GENERAL / CRA 33 15 39 | D53: 24 HORAS L-D | E53: CON ARMA | F53: Serv. Vig. 12 H Diurno sin arma Aero. El Dorado | G53: Del 1 al 14 de Julio 2025 | H53: 14 | I53: 1 | J53: =(9.14*1423500)+1500 -> 13012290 | K53: =+J53*10% -> 1301229 | L53: =(J53+K53)/30*H53 -> 6679642.2 | M53: =L53*I53 -> 6679642.2 | N53: =ROUND(M53*10%,0) -> 667964 | O53: =ROUND(N53*19%,0) -> 126913 | P53: =+ROUND(M53+O53,0) -> 6806555
A54: SUMATORIA - TOTALES | I54: =SUM(I3:I53) -> 174 | J54: =SUM(J3:J53) -> 5.2068564e+08 | K54: =SUM(K3:K53) -> 49462225 | L54: =SUM(L3:L53) -> 2.66069e+08 | M54: =SUM(M3:M53) -> 8.5703128e+08 | N54: =SUM(N3:N53) -> 85703124 | O54: =SUM(O3:O53) -> 16283597 | P54: =SUM(P3:P53) -> 873314877
K56: RESUMEN FACTURA
K57: SUBTOTAL SERVICIOS | M57: =M54 -> 8.5703128e+08
K58: IVA | M58: =O54 -> 16283597
K59: TOTAL | M59: =P54 -> 873314877
K61: NOTA CREDITO - ANS
K62: SUBTOTAL SERVICIOS | M62: =1423500/1.019 -> 1396957.8
K63: IVA | M63: =M62*0.019 -> 26542.198
K64: TOTAL | M64: =M62+M63 -> 1423500
K66: TOTAL A PAGAR | M66: =M59-M64 -> 871891377
A68: CUADRO DETALLADO SERVICIOS DE VIGILANCIA PRIVADA - FONDO ESPECIAL PARA LA ADMINISTRACION DE BIENES DE LA FISCALÍA GENERAL DE LA NACIÓN
A69: DEPARTAMENTO | B69: CIUDAD/MUNICIPIO | C69: NOMBRE DEL PUESTO | D69: DESCRIPCIÓN DEL SERVICIO | E69: ELEMENTOS DEL SERVICIO | G69: PERIODO FACTURADO | H69: No. DIAS | I69: No. SERVICIOS | J69: VALOR MENSUAL UNITARIO | K69: AYS(11-%10%-8%) MENSUAL UNITARIO | L69: VR UNITARIO DEL SERVICIO | M69: SUB TOTAL ANTES DE AIU (M*I) | N69: AIU (10%) | O69: % DE IVA (19%) | P69: VALOR TOTAL
A70: CUNDINAMARCA | B70: TENJO | C70: VEREDA JACALITO | D70: 24 HORAS L-D | E70: CON ARMA | G70: Del 1 al 14 de Julio 2025 | H70: 14 | I70: 5 | J70: =9.14*1423500+1500 -> 13012290 | K70: =+J70*0.1 -> 1301229 | L70: =(J70+K70)/30*H70 -> 6679642.2 | M70: =L70*I70 -> 33398211 | N70: =ROUND(M70*10%,0) -> 3339821 | O70: =+N70*19% -> 634565.99 | P70: =+ROUND(M70+O70,0) -> 34032777
A71: CUNDINAMARCA | B71: TENJO | C71: VEREDA JACALITO | D71: 24 HORAS L-D | E71: SIN ARMA | G71: Del 1 al 14 de Julio 2025 | H71: 14 | I71: 1 | J71: =9.14*1423500+1500 -> 13012290 | K71: =+J71*0.08 -> 1040983.2 | L71: =(J71+K71)/30*H71 -> 6558194.2 | M71: =L71*I71 -> 6558194.2 | N71: =+M71*10% -> 655819.42 | O71: =+N71*19% -> 124605.69 | P71: =+ROUND(M71+O71,0) -> 6682800
A72: CUNDINAMARCA | B72: TENJO | C72: VEREDA JACALITO | D72: 12 HORAS L-V SIN FESTIVOS | E72: SIN ARMA | G72: Del 1 al 14 de Julio 2025 | H72: 14 | I72: 1 | J72: =((((9.14*1423500)+1500)*0.5597)/15*12)/30*20 -> 3884255.3 | K72: =+J72*0.08 -> 310740.43 | L72: =(J72+K72)/30*H72 -> 1957664.7 | M72: =L72*I72 -> 1957664.7 | N72: =+M72*10% -> 195766.47 | O72: =+N72*19% -> 37195.629 | P72: =+ROUND(M72+O72,0) -> 1994860
A73: SUMATORIA - TOTALES | I73: =I70+I71+I72 -> 7 | J73: =J70+J71+J72 -> 29908835 | K73: =K70+K71+K72 -> 2652952.6 | L73: =L70+L71+L72 -> 15195501 | M73: =M70+M71+M72 -> 41914070 | N73: =N70+N71+N72 -> 4191406.9 | O73: =O70+O71+O72 -> 796367.31 | P73: =P70+P71+P72 -> 42710437
K75: Factura de Venta No BUNK 8
K76: SUBTOTAL SERVICIOS | M76: =M73 -> 41914070
K77: IVA | M77: =O73 -> 796367.31
K78: TOTAL A PAGAR | M78: =P73 -> 42710437

Sheet Abril 2026
A1: CUADRO DETALLADO SERVICIOS DE VIGILANCIA PRIVADA - FISCALIA GENERAL DE LA NACION
A2: DEPARTAMENTO | B2: CIUDAD/MUNICIPIO | C2: NOMBRE DEL PUESTO | D2: DESCRIPCIÓN DEL SERVICIO | E2: ELEMENTOS DEL SERVICIO | G2: PERIODO FACTURADO | H2: No. DIAS | I2: No. SERVICIOS | J2: VALOR MENSUAL UNITARIO | K2: AYS(11-%10%-8%) MENSUAL UNITARIO | L2: VR UNITARIO DEL SERVICIO | M2: SUB TOTAL ANTES DE AIU (M*I) | N2: AIU (10%) | O2: % DE IVA (19%) | P2: VALOR TOTAL
A3: CUNDINAMARCA | B3: BOGOTA DC | C3: CTI SANTUARIO / CALLE 18A 69B 15 | D3: 24 HORAS L-D | E3: CON ARMA | F3: Serv. Vig. 12 H Diurno sin arma Aero. El Dorado | G3: Del 1 al 30 de Abril 2026 | H3: 30 | I3: 3 | J3: =(9.77*1750905)+1500 -> 17107842 | K3: =+J3*10% -> 1710784.2 | L3: =(J3+K3)/30*H3 -> 18818626 | M3: =+L3*I3 -> 56455878 | N3: =ROUND(M3*10%,0) -> 5645588 | O3: =ROUND(N3*19%,0) -> 1072662 | P3: =+ROUND(M3+O3,0) -> 57528540
A4: CUNDINAMARCA | B4: BOGOTA DC | C4: CTI SANTUARIO / CALLE 18A 69B 15 | D4: 24 HORAS L-D | E4: SIN ARMA | F4: Serv. Vig. 24 H Diurno con arma Aero. El Dorado | G4: Del 1 al 30 de Abril 2026 | H4: 30 | I4: 1 | J4: =(9.77*1750905)+1500 -> 17107842 | K4: =+J4*0.08 -> 1368627.3 | L4: =(J4+K4)/30*H4 -> 18476469 | M4: =+L4*I4 -> 18476469 | N4: =ROUND(M4*10%,0) -> 1847647 | O4: =ROUND(N4*19%,0) -> 351053 | P4: =+ROUND(M4+O4,0) -> 18827522
A5: CUNDINAMARCA | B5: BOGOTA DC | C5: CTI SANTUARIO / CALLE 18A 69B 15 | D5: 12 HORAS L-V CON FESTIVOS | E5: SIN ARMA | F5: Serv. Vig. 12 H Diurno con canino Aero. Neiva | G5: Del 1 al 30 de Abril 2026 | H5: 30 | I5: 1 | J5: =((((9.77*1750905)+1500)*0.4759)/13*12)/30*22 -> 5511251.8 | K5: =+J5*0.08 -> 440900.14 | L5: =(J5+K5)/30*H5 -> 5952151.9 | M5: =+L5*I5 -> 5952151.9 | N5: =ROUND(M5*10%,0) -> 595215 | O5: =ROUND(N5*19%,0) -> 113091 | P5: =+ROUND(M5+O5,0) -> 6065243
A6: CUNDINAMARCA | B6: BOGOTA DC | C6: SEDE URI USAQUEN / CARRERA 29 18A 67 | D6: 24 HORAS L-D | E6: CON ARMA | F6: Serv. Vig. 12 H Diurno sin arma Aero. El Dorado | G6: Del 1 al 30 de Abril 2026 | H6: 30 | I6: 3 | J6: =(9.77*1750905)+1500 -> 17107842 | K6: =+J6*10% -> 1710784.2 | L6: =(J6+K6)/30*H6 -> 18818626 | M6: =+L6*I6 -> 56455878 | N6: =ROUND(M6*10%,0) -> 5645588 | O6: =ROUND(N6*19%,0) -> 1072662 | P6: =+ROUND(M6+O6,0) -> 57528540
A7: CUNDINAMARCA | B7: BOGOTA DC | C7: SEDE URI USAQUEN / CARRERA 29 18A 67 | D7: 12 HORAS L-V CON FESTIVOS | E7: SIN ARMA | F7: Serv. Vig. 12 H Diurno con canino Aero. Neiva | G7: Del 1 al 30 de Abril 2026 | H7: 30 | I7: 2 | J7: =((((9.77*1750905)+1500)*0.4759)/13*12)/30*22 -> 5511251.8 | K7: =+J7*0.08 -> 440900.14 | L7: =(J7+K7)/30*H7 -> 5952151.9 | M7: =+L7*I7 -> 11904304 | N7: =ROUND(M7*10%,0) -> 1190430 | O7: =ROUND(N7*19%,0) -> 226182 | P7: =+ROUND(M7+O7,0) -> 12130486
A8: CUNDINAMARCA | B8: BOGOTA DC | C8: SEDE MANUEL GAONA / CALLE 18 33 18 | D8: 24 HORAS L-D | E8: CON ARMA | F8: Serv. Vig. 12 H Diurno sin arma Aero. El Dorado | G8: Del 1 al 30 de Abril 2026 | H8: 30 | I8: 3 | J8: =(9.77*1750905)+1500 -> 17107842 | K8: =+J8*10% -> 1710784.2 | L8: =(J8+K8)/30*H8 -> 18818626 | M8: =+L8*I8 -> 56455878 | N8: =ROUND(M8*10%,0) -> 5645588 | O8: =ROUND(N8*19%,0) -> 1072662 | P8: =+ROUND(M8+O8,0) -> 57528540
A9: CUNDINAMARCA | B9: BOGOTA DC | C9: SEDE MANUEL GAONA / CALLE 18 33 18 | D9: 12 HORAS L-V CON FESTIVOS | E9: SIN ARMA | F9: Serv. Vig. 12 H Diurno con canino Aero. Neiva | G9: Del 1 al 30 de Abril 2026 | H9: 30 | I9: 4 | J9: =((((9.77*1750905)+1500)*0.4759)/13*12)/30*22 -> 5511251.8 | K9: =+J9*0.08 -> 440900.14 | L9: =(J9+K9)/30*H9 -> 5952151.9 | M9: =+L9*I9 -> 23808608 | N9: =ROUND(M9*10%,0) -> 2380861 | O9: =ROUND(N9*19%,0) -> 452364 | P9: =+ROUND(M9+O9,0) -> 24260972
A10: CUNDINAMARCA | B10: BOGOTA DC | C10: SEDE ADMINISTRATIVA / CALLE 26 69 76 TORRE 4 PISO 16 | D10: 24 HORAS L-D | E10: CON ARMA | F10: Serv. Vig. 12 H Diurno sin arma Aero. El Dorado | G10: Del 1 al 30 de Abril 2026 | H10: 30 | I10: 1 | J10: =(9.77*1750905)+1500 -> 17107842 | K10: =+J10*10% -> 1710784.2 | L10: =(J10+K10)/30*H10 -> 18818626 | M10: =+L10*I10 -> 18818626 | N10: =ROUND(M10*10%,0) -> 1881863 | O10: =ROUND(N10*19%,0) -> 357554 | P10: =+ROUND(M10+O10,0) -> 19176180
A11: CUNDINAMARCA | B11: BOGOTA DC | C11: SEDE TRIBUNALES / CALLE 12B 7 60 | D11: 24 HORAS L-D | E11: CON ARMA | F11: Serv. Vig. 12 H Diurno sin arma Aero. El Dorado | G11: Del 1 al 30 de Abril 2026 | H11: 30 | I11: 1 | J11: =(9.77*1750905)+1500 -> 17107842 | K11: =+J11*10% -> 1710784.2 | L11: =(J11+K11)/30*H11 -> 18818626 | M11: =+L11*I11 -> 18818626 | N11: =ROUND(M11*10%,0) -> 1881863 | O11: =ROUND(N11*19%,0) -> 357554 | P11: =+ROUND(M11+O11,0) -> 19176180
A12: CUNDINAMARCA | B12: BOGOTA DC | C12: SEDE TRIBUNALES / CALLE 12B 7 60 | D12: 12 HORAS L-V CON FESTIVOS | E12: SIN ARMA | F12: Serv. Vig. 12 H Diurno con canino Aero. Neiva | G12: Del 1 al 30 de Abril 2026 | H12: 30 | I12: 1 | J12: =((((9.77*1750905)+1500)*0.4759)/13*12)/30*22 -> 5511251.8 | K12: =+J12*0.08 -> 440900.14 | L12: =(J12+K12)/30*H12 -> 5952151.9 | M12: =+L12*I12 -> 5952151.9 | N12: =ROUND(M12*10%,0) -> 595215 | O12: =ROUND(N12*19%,0) -> 113091 | P12: =+ROUND(M12+O12,0) -> 6065243
A13: CUNDINAMARCA | B13: BOGOTA DC | C13: MIDPOINT / CALLE 19 33 02 | D13: 24 HORAS L-D | E13: CON ARMA | F13: Serv. Vig. 12 H Diurno sin arma Aero. El Dorado | G13: Del 1 al 30 de Abril 2026 | H13: 30 | I13: 3 | J13: =(9.77*1750905)+1500 -> 17107842 | K13: =+J13*10% -> 1710784.2 | L13: =(J13+K13)/30*H13 -> 18818626 | M13: =+L13*I13 -> 56455878 | N13: =ROUND(M13*10%,0) -> 5645588 | O13: =ROUND(N13*19%,0) -> 1072662 | P13: =+ROUND(M13+O13,0) -> 57528540
A14: CUNDINAMARCA | B14: BOGOTA DC | C14: MIDPOINT / CALLE 19 33 02 | D14: 12 HORAS L-V CON FESTIVOS | E14: SIN ARMA | F14: Serv. Vig. 12 H Diurno con canino Aero. Neiva | G14: Del 1 al 30 de Abril 2026 | H14: 30 | I14: 4 | J14: =((((9.77*1750905)+1500)*0.4759)/13*12)/30*22 -> 5511251.8 | K14: =+J14*0.08 -> 440900.14 | L14: =(J14+K14)/30*H14 -> 5952151.9 | M14: =+L14*I14 -> 23808608 | N14: =ROUND(M14*10%,0) -> 2380861 | O14: =ROUND(N14*19%,0) -> 452364 | P14: =+ROUND(M14+O14,0) -> 24260972
A15: CUNDINAMARCA | B15: BOGOTA DC | C15: SEDE URI CIUDAD BOLIVAR / CALLE 51 SUR 7 76 | D15: 24 HORAS L-D | E15: CON ARMA | F15: Serv. Vig. 12 H Diurno sin arma Aero. El Dorado | G15: Del 1 al 30 de Abril 2026 | H15: 30 | I15: 3 | J15: =(9.77*1750905)+1500 -> 17107842 | K15: =+J15*10% -> 1710784.2 | L15: =(J15+K15)/30*H15 -> 18818626 | M15: =+L15*I15 -> 56455878 | N15: =ROUND(M15*10%,0) -> 5645588 | O15: =ROUND(N15*19%,0) -> 1072662 | P15: =+ROUND(M15+O15,0) -> 57528540
A16: CUNDINAMARCA | B16: BOGOTA DC | C16: SEDE URI KENNEDY / CARRERA 69 36 72 CARVAJAL | D16: 24 HORAS L-D | E16: CON ARMA | F16: Serv. Vig. 12 H Diurno sin arma Aero. El Dorado | G16: Del 1 al 30 de Abril 2026 | H16: 30 | I16: 4 | J16: =(9.77*1750905)+1500 -> 17107842 | K16: =+J16*10% -> 1710784.2 | L16: =(J16+K16)/30*H16 -> 18818626 | M16: =+L16*I16 -> 75274504 | N16: =ROUND(M16*10%,0) -> 7527450 | O16: =ROUND(N16*19%,0) -> 1430216 | P16: =+ROUND(M16+O16,0) -> 76704720
A17: CUNDINAMARCA | B17: BOGOTA DC | C17: SEDE URI PUENTE ARANDA / CRA 40 10A 08 | D17: 24 HORAS L-D | E17: CON ARMA | F17: Serv. Vig. 12 H Diurno sin arma Aero. El Dorado | G17: Del 1 al 30 de Abril 2026 | H17: 30 | I17: 1 | J17: =(9.77*1750905)+1500 -> 17107842 | K17: =+J17*10% -> 1710784.2 | L17: =(J17+K17)/30*H17 -> 18818626 | M17: =+L17*I17 -> 18818626 | N17: =ROUND(M17*10%,0) -> 1881863 | O17: =ROUND(N17*19%,0) -> 357554 | P17: =+ROUND(M17+O17,0) -> 19176180
A18: CUNDINAMARCA | B18: BOGOTA DC | C18: SEDE URI PUENTE ARANDA / CRA 40 10A 08 | D18: 12 HORAS L-V CON FESTIVOS | E18: SIN ARMA | F18: Serv. Vig. 12 H Diurno con canino Aero. Neiva | G18: Del 1 al 30 de Abril 2026 | H18: 30 | I18: 1 | J18: =((((9.77*1750905)+1500)*0.4759)/13*12)/30*22 -> 5511251.8 | K18: =+J18*0.08 -> 440900.14 | L18: =(J18+K18)/30*H18 -> 5952151.9 | M18: =+L18*I18 -> 5952151.9 | N18: =ROUND(M18*10%,0) -> 595215 | O18: =ROUND(N18*19%,0) -> 113091 | P18: =+ROUND(M18+O18,0) -> 6065243
A19: CUNDINAMARCA | B19: BOGOTA DC | C19: SEDE URI ANGATIVA / CRA 78A 77A 62 | D19: 24 HORAS L-D | E19: CON ARMA | F19: Serv. Vig. 12 H Diurno sin arma Aero. El Dorado | G19: Del 1 al 30 de Abril 2026 | H19: 30 | I19: 3 | J19: =(9.77*1750905)+1500 -> 17107842 | K19: =+J19*10% -> 1710784.2 | L19: =(J19+K19)/30*H19 -> 18818626 | M19: =+L19*I19 -> 56455878 | N19: =ROUND(M19*10%,0) -> 5645588 | O19: =ROUND(N19*19%,0) -> 1072662 | P19: =+ROUND(M19+O19,0) -> 57528540
A20: CUNDINAMARCA | B20: BOGOTA DC | C20: SEDE URI ANGATIVA / CRA 78A 77A 62 | D20: 12 HORAS L-V CON FESTIVOS | E20: SIN ARMA | F20: Serv. Vig. 12 H Diurno con canino Aero. Neiva | G20: Del 1 al 30 de Abril 2026 | H20: 30 | I20: 2 | J20: =((((9.77*1750905)+1500)*0.4759)/13*12)/30*22 -> 5511251.8 | K20: =+J20*0.08 -> 440900.14 | L20: =(J20+K20)/30*H20 -> 5952151.9 | M20: =+L20*I20 -> 11904304 | N20: =ROUND(M20*10%,0) -> 1190430 | O20: =ROUND(N20*19%,0) -> 226182 | P20: =+ROUND(M20+O20,0) -> 12130486
A21: CUNDINAMARCA | B21: BOGOTA DC | C21: CASA LOTE SUBA / CALLE 153 76 26 EL VINAR DE CASA BLANCA | D21: 24 HORAS L-D | E21: CON ARMA | F21: Serv. Vig. 12 H Diurno sin arma Aero. El Dorado | G21: Del 1 al 30 de Abril 2026 | H21: 30 | I21: 1 | J21: =(9.77*1750905)+1500 -> 17107842 | K21: =+J21*10% -> 1710784.2 | L21: =(J21+K21)/30*H21 -> 18818626 | M21: =+L21*I21 -> 18818626 | N21: =ROUND(M21*10%,0) -> 1881863 | O21: =ROUND(N21*19%,0) -> 357554 | P21: =+ROUND(M21+O21,0) -> 19176180
A22: CUNDINAMARCA | B22: BOGOTA DC | C22: URI MENORES / CALLE 12 30 35 | D22: 24 HORAS L-D | E22: CON ARMA | F22: Serv. Vig. 12 H Diurno sin arma Aero. El Dorado | G22: Del 1 al 30 de Abril 2026 | H22: 30 | I22: 1 | J22: =(9.77*1750905)+1500 -> 17107842 | K22: =+J22*10% -> 1710784.2 | L22: =(J22+K22)/30*H22 -> 18818626 | M22: =+L22*I22 -> 18818626 | N22: =ROUND(M22*10%,0) -> 1881863 | O22: =ROUND(N22*19%,0) -> 357554 | P22: =+ROUND(M22+O22,0) -> 19176180
A23: CUNDINAMARCA | B23: BOGOTA DC | C23: CAF SUBA / CALLE 133 101C 15-09 | D23: 24 HORAS L-D | E23: CON ARMA | F23: Serv. Vig. 12 H Diurno sin arma Aero. El Dorado | G23: Del 1 al 30 de Abril 2026 | H23: 30 | I23: 1 | J23: =(9.77*1750905)+1500 -> 17107842 | K23: =+J23*10% -> 1710784.2 | L23: =(J23+K23)/30*H23 -> 18818626 | M23: =+L23*I23 -> 18818626 | N23: =ROUND(M23*10%,0) -> 1881863 | O23: =ROUND(N23*19%,0) -> 357554 | P23: =+ROUND(M23+O23,0) -> 19176180
A24: CUNDINAMARCA | B24: BOGOTA DC | C24: URI CAMPO VERDE BOSA / CALLE 85 SUR 94 35 | D24: 24 HORAS L-D | E24: CON ARMA | F24: Serv. Vig. 12 H Diurno sin arma Aero. El Dorado | G24: Del 1 al 30 de Abril 2026 | H24: 30 | I24: 6 | J24: =(9.77*1750905)+1500 -> 17107842 | K24: =+J24*10% -> 1710784.2 | L24: =(J24+K24)/30*H24 -> 18818626 | M24: =+L24*I24 -> 1.1291176e+08 | N24: =ROUND(M24*10%,0) -> 11291176 | O24: =ROUND(N24*19%,0) -> 2145323 | P24: =+ROUND(M24+O24,0) -> 115057079
A25: CUNDINAMARCA | B25: BOGOTA DC | C25: URI CAMPO VERDE BOSA / CALLE 85 SUR 94 35 | D25: 12 HORAS L-V CON FESTIVOS | E25: SIN ARMA | F25: Serv. Vig. 12 H Diurno con canino Aero. Neiva | G25: Del 1 al 30 de Abril 2026 | H25: 30 | I25: 3 | J25: =((((9.77*1750905)+1500)*0.4759)/13*12)/30*22 -> 5511251.8 | K25: =+J25*0.08 -> 440900.14 | L25: =(J25+K25)/30*H25 -> 5952151.9 | M25: =+L25*I25 -> 17856456 | N25: =ROUND(M25*10%,0) -> 1785646 | O25: =ROUND(N25*19%,0) -> 339273 | P25: =+ROUND(M25+O25,0) -> 18195729
A26: CUNDINAMARCA | B26: BOGOTA DC | C26: CAVIP / CALLE 19 27 09 | D26: 24 HORAS L-D | E26: CON ARMA | F26: Serv. Vig. 12 H Diurno sin arma Aero. El Dorado | G26: Del 1 al 30 de Abril 2026 | H26: 30 | I26: 3 | J26: =(9.77*1750905)+1500 -> 17107842 | K26: =+J26*10% -> 1710784.2 | L26: =(J26+K26)/30*H26 -> 18818626 | M26: =+L26*I26 -> 56455878 | N26: =ROUND(M26*10%,0) -> 5645588 | O26: =ROUND(N26*19%,0) -> 1072662 | P26: =+ROUND(M26+O26,0) -> 57528540
A27: CUNDINAMARCA | B27: BOGOTA DC | C27: CAVIP / CALLE 19 27 09 | D27: 12 HORAS L-V SIN FESTIVOS | E27: SIN ARMA | F27: Serv. Vig. 12 H Diurno con canino Aero. Neiva | G27: Del 1 al 30 de Abril 2026 | H27: 30 | I27: 1 | J27: =((((9.77*1750905)+1500)*0.4759)/13*12)/30*20 -> 5010228.9 | K27: =+J27*0.08 -> 400818.31 | L27: =(J27+K27)/30*H27 -> 5411047.2 | M27: =+L27*I27 -> 5411047.2 | N27: =ROUND(M27*10%,0) -> 541105 | O27: =ROUND(N27*19%,0) -> 102810 | P27: =+ROUND(M27+O27,0) -> 5513857
A28: CUNDINAMARCA | B28: BOGOTA DC | C28: PARQUEADERO / CARRERA 29 18 45 | D28: 24 HORAS L-D | E28: SIN ARMA | F28: Serv. Vig. 12 H Diurno sin arma Aero. El Dorado | G28: Del 1 al 30 de Abril 2026 | H28: 30 | I28: 1 | J28: =(9.77*1750905)+1500 -> 17107842 | K28: =+J28*0.08 -> 1368627.3 | L28: =(J28+K28)/30*H28 -> 18476469 | M28: =+L28*I28 -> 18476469 | N28: =ROUND(M28*10%,0) -> 1847647 | O28: =ROUND(N28*19%,0) -> 351053 | P28: =+ROUND(M28+O28,0) -> 18827522
A29: CUNDINAMARCA | B29: LA CALERA | C29: LA CALERA / CALLE 10B 2B 08 | D29: 24 HORAS L-D | E29: CON ARMA | F29: Serv. Vig. 12 H Diurno sin arma Aero. El Dorado | G29: Del 1 al 30 de Abril 2026 | H29: 30 | I29: 1 | J29: =(9.77*1750905)+1500 -> 17107842 | K29: =+J29*10% -> 1710784.2 | L29: =(J29+K29)/30*H29 -> 18818626 | M29: =+L29*I29 -> 18818626 | N29: =ROUND(M29*10%,0) -> 1881863 | O29: =ROUND(N29*19%,0) -> 357554 | P29: =+ROUND(M29+O29,0) -> 19176180
A30: NIVEL CENTRAL BOGOTA | B30: BOGOTA DC | C30: BUNKER / AV CALLE 24 52 01 | D30: SUPERVISOR 24H L-D | E30: CON ARMA | F30: Serv. Vig. 24 H Diurno sin arma Aero. San Vicente del Caguan | G30: Del 1 al 30 de Abril 2026 | H30: 30 | I30: 1 | J30: =9.77*1750905+1500 -> 17107842 | K30: =+J30*10% -> 1710784.2 | L30: =(J30+K30)/30*H30 -> 18818626 | M30: =+L30*I30 -> 18818626 | N30: =ROUND(M30*10%,0) -> 1881863 | O30: =ROUND(N30*19%,0) -> 357554 | P30: =+ROUND(M30+O30,0) -> 19176180
A31: NIVEL CENTRAL BOGOTA | B31: BOGOTA DC | C31: BUNKER / AV CALLE 24 52 01 | D31: 24 HORAS L-D | E31: CON ARMA | F31: Serv. Vig. 12 H Diurno sin arma Aero. El Dorado | G31: Del 1 al 30 de Abril 2026 | H31: 30 | I31: 17 | J31: =(9.77*1750905)+1500 -> 17107842 | K31: =+J31*10% -> 1710784.2 | L31: =(J31+K31)/30*H31 -> 18818626 | M31: =+L31*I31 -> 3.1991664e+08 | N31: =ROUND(M31*10%,0) -> 31991664 | O31: =ROUND(N31*19%,0) -> 6078416 | P31: =+ROUND(M31+O31,0) -> 325995059
A32: NIVEL CENTRAL BOGOTA | B32: BOGOTA DC | C32: BUNKER / AV CALLE 24 52 01 | D32: 24 HORAS L-D | E32: SIN ARMA | F32: Serv. Vig. 24 H Diurno sin arma Aero. San Vicente del Caguan | G32: Del 1 al 30 de Abril 2026 | H32: 30 | I32: 8 | J32: =(9.77*1750905)+1500 -> 17107842 | K32: =+J32*0.08 -> 1368627.3 | L32: =(J32+K32)/30*H32 -> 18476469 | M32: =+L32*I32 -> 1.4781175e+08 | N32: =ROUND(M32*10%,0) -> 14781175 | O32: =ROUND(N32*19%,0) -> 2808423 | P32: =+ROUND(M32+O32,0) -> 150620177
A33: NIVEL CENTRAL BOGOTA | B33: BOGOTA DC | C33: BUNKER / AV CALLE 24 52 01 | D33: 12 HORAS L-V SIN FESTIVOS | E33: SIN ARMA | F33: Serv. Vig. 12 H Diurno con canino Aero. Neiva | G33: Del 1 al 30 de Abril 2026 | H33: 30 | I33: 21 | J33: =((((9.77*1750905)+1500)*0.4759)/13*12)/30*20 -> 5010228.9 | K33: =+J33*0.08 -> 400818.31 | L33: =(J33+K33)/30*H33 -> 5411047.2 | M33: =+L33*I33 -> 1.1363199e+08 | N33: =ROUND(M33*10%,0) -> 11363199 | O33: =ROUND(N33*19%,0) -> 2159008 | P33: =+ROUND(M33+O33,0) -> 115790999
A34: NIVEL CENTRAL BOGOTA | B34: BOGOTA DC | C34: EDIF. ANTIGUO DAS / CRA 28 17 00 | D34: SUPERVISOR 24H L-D | E34: CON ARMA | F34: Serv. Vig. 24 H Diurno sin arma Aero. San Vicente del Caguan | G34: Del 1 al 30 de Abril 2026 | H34: 30 | I34: 1 | J34: =9.77*1750905+1500 -> 17107842 | K34: =+J34*10% -> 1710784.2 | L34: =(J34+K34)/30*H34 -> 18818626 | M34: =+L34*I34 -> 18818626 | N34: =ROUND(M34*10%,0) -> 1881863 | O34: =ROUND(N34*19%,0) -> 357554 | P34: =+ROUND(M34+O34,0) -> 19176180
A35: NIVEL CENTRAL BOGOTA | B35: BOGOTA DC | C35: EDIF. ANTIGUO DAS / CRA 28 17 00 | D35: 24 HORAS L-D | E35: CON ARMA | F35: Serv. Vig. 12 H Diurno sin arma Aero. El Dorado | G35: Del 1 al 30 de Abril 2026 | H35: 30 | I35: 13 | J35: =(9.77*1750905)+1500 -> 17107842 | K35: =+J35*10% -> 1710784.2 | L35: =(J35+K35)/30*H35 -> 18818626 | M35: =+L35*I35 -> 2.4464214e+08 | N35: =ROUND(M35*10%,0) -> 24464214 | O35: =ROUND(N35*19%,0) -> 4648201 | P35: =+ROUND(M35+O35,0) -> 249290339
A36: NIVEL CENTRAL BOGOTA | B36: BOGOTA DC | C36: EDIF. ANTIGUO DAS / CRA 28 17 00 | D36: 24 HORAS L-D | E36: SIN ARMA | F36: Serv. Vig. 24 H Diurno sin arma Aero. San Vicente del Caguan | G36: Del 1 al 30 de Abril 2026 | H36: 30 | I36: 4 | J36: =(9.77*1750905)+1500 -> 17107842 | K36: =+J36*0.08 -> 1368627.3 | L36: =(J36+K36)/30*H36 -> 18476469 | M36: =+L36*I36 -> 73905877 | N36: =ROUND(M36*10%,0) -> 7390588 | O36: =ROUND(N36*19%,0) -> 1404212 | P36: =+ROUND(M36+O36,0) -> 75310089
A37: NIVEL CENTRAL BOGOTA | B37: BOGOTA DC | C37: EDIF. ANTIGUO DAS / CRA 28 17 00 | D37: 12 HORAS L-V SIN FESTIVOS | E37: SIN ARMA | F37: Serv. Vig. 12 H Diurno con canino Aero. Neiva | G37: Del 1 al 30 de Abril 2026 | H37: 30 | I37: 12 | J37: =((((9.77*1750905)+1500)*0.4759)/13*12)/30*20 -> 5010228.9 | K37: =+J37*0.08 -> 400818.31 | L37: =(J37+K37)/30*H37 -> 5411047.2 | M37: =+L37*I37 -> 64932566 | N37: =ROUND(M37*10%,0) -> 6493257 | O37: =ROUND(N37*19%,0) -> 1233719 | P37: =+ROUND(M37+O37,0) -> 66166285
A38: NIVEL CENTRAL BOGOTA | B38: BOGOTA DC | C38: EDIF. JUSTICIA TRANCISIONAL / CRA 30 13 24 | D38: 24 HORAS L-D | E38: CON ARMA | F38: Serv. Vig. 12 H Diurno sin arma Aero. El Dorado | G38: Del 1 al 30 de Abril 2026 | H38: 30 | I38: 3 | J38: =(9.77*1750905)+1500 -> 17107842 | K38: =+J38*10% -> 1710784.2 | L38: =(J38+K38)/30*H38 -> 18818626 | M38: =+L38*I38 -> 56455878 | N38: =ROUND(M38*10%,0) -> 5645588 | O38: =ROUND(N38*19%,0) -> 1072662 | P38: =+ROUND(M38+O38,0) -> 57528540
A39: NIVEL CENTRAL BOGOTA | B39: BOGOTA DC | C39: EDIF. JUSTICIA TRANCISIONAL / CRA 30 13 24 | D39: 12 HORAS L-V SIN FESTIVOS | E39: SIN ARMA | F39: Serv. Vig. 12 H Diurno con canino Aero. Neiva | G39: Del 1 al 30 de Abril 2026 | H39: 30 | I39: 8 | J39: =((((9.77*1750905)+1500)*0.4759)/13*12)/30*20 -> 5010228.9 | K39: =+J39*0.08 -> 400818.31 | L39: =(J39+K39)/30*H39 -> 5411047.2 | M39: =+L39*I39 -> 43288378 | N39: =ROUND(M39*10%,0) -> 4328838 | O39: =ROUND(N39*19%,0) -> 822479 | P39: =+ROUND(M39+O39,0) -> 44110857
A40: NIVEL CENTRAL BOGOTA | B40: BOGOTA DC | C40: ASUNTOS JURIDICOS / AV 28 39 31 | D40: 24 HORAS L-D | E40: CON ARMA | F40: Serv. Vig. 12 H Diurno sin arma Aero. El Dorado | G40: Del 1 al 30 de Abril 2026 | H40: 30 | I40: 1 | J40: =(9.77*1750905)+1500 -> 17107842 | K40: =+J40*10% -> 1710784.2 | L40: =(J40+K40)/30*H40 -> 18818626 | M40: =+L40*I40 -> 18818626 | N40: =ROUND(M40*10%,0) -> 1881863 | O40: =ROUND(N40*19%,0) -> 357554 | P40: =+ROUND(M40+O40,0) -> 19176180
A41: NIVEL CENTRAL BOGOTA | B41: BOGOTA DC | C41: ASUNTOS JURIDICOS / AV 28 39 31 | D41: 12 HORAS L-V SIN FESTIVOS | E41: SIN ARMA | F41: Serv. Vig. 12 H Diurno con canino Aero. Neiva | G41: Del 1 al 30 de Abril 2026 | H41: 30 | I41: 1 | J41: =((((9.77*1750905)+1500)*0.4759)/13*12)/30*20 -> 5010228.9 | K41: =+J41*0.08 -> 400818.31 | L41: =(J41+K41)/30*H41 -> 5411047.2 | M41: =+L41*I41 -> 5411047.2 | N41: =ROUND(M41*10%,0) -> 541105 | O41: =ROUND(N41*19%,0) -> 102810 | P41: =+ROUND(M41+O41,0) -> 5513857
A42: NIVEL CENTRAL BOGOTA | B42: BOGOTA DC | C42: ANALISIS AMBIENTAL / CRA 18A 39A 39 | D42: 24 HORAS L-D | E42: CON ARMA | F42: Serv. Vig. 12 H Diurno sin arma Aero. El Dorado | G42: Del 1 al 30 de Abril 2026 | H42: 30 | I42: 1 | J42: =(9.77*1750905)+1500 -> 17107842 | K42: =+J42*10% -> 1710784.2 | L42: =(J42+K42)/30*H42 -> 18818626 | M42: =+L42*I42 -> 18818626 | N42: =ROUND(M42*10%,0) -> 1881863 | O42: =ROUND(N42*19%,0) -> 357554 | P42: =+ROUND(M42+O42,0) -> 19176180
A43: NIVEL CENTRAL BOGOTA | B43: BOGOTA DC | C43: AQUIMINDIA / KM 4 VIA SUBA COTA | D43: 24 HORAS L-D | E43: CON ARMA | F43: Serv. Vig. 12 H Diurno sin arma Aero. El Dorado | G43: Del 1 al 30 de Abril 2026 | H43: 30 | I43: 9 | J43: =(9.77*1750905)+1500 -> 17107842 | K43: =+J43*10% -> 1710784.2 | L43: =(J43+K43)/30*H43 -> 18818626 | M43: =+L43*I43 -> 1.6936763e+08 | N43: =ROUND(M43*10%,0) -> 16936763 | O43: =ROUND(N43*19%,0) -> 3217985 | P43: =+ROUND(M43+O43,0) -> 172585619
A44: NIVEL CENTRAL BOGOTA | B44: BOGOTA DC | C44: EDIFICIO WBC / CRA 86 51 68 PISO 5 Y 7 | D44: 24 HORAS L-D | E44: CON ARMA | F44: Serv. Vig. 12 H Diurno sin arma Aero. El Dorado | G44: Del 1 al 30 de Abril 2026 | H44: 30 | I44: 1 | J44: =(9.77*1750905)+1500 -> 17107842 | K44: =+J44*10% -> 1710784.2 | L44: =(J44+K44)/30*H44 -> 18818626 | M44: =+L44*I44 -> 18818626 | N44: =ROUND(M44*10%,0) -> 1881863 | O44: =ROUND(N44*19%,0) -> 357554 | P44: =+ROUND(M44+O44,0) -> 19176180
A45: NIVEL CENTRAL BOGOTA | B45: BOGOTA DC | C45: EDIFICIO WBC / CRA 86 51 68 PISO 5 Y 7 | D45: 24 HORAS L-D | E45: SIN ARMA | F45: Serv. Vig. 24 H Diurno sin arma Aero. San Vicente del Caguan | G45: Del 1 al 30 de Abril 2026 | H45: 30 | I45: 1 | J45: =(9.77*1750905)+1500 -> 17107842 | K45: =+J45*0.08 -> 1368627.3 | L45: =(J45+K45)/30*H45 -> 18476469 | M45: =+L45*I45 -> 18476469 | N45: =ROUND(M45*10%,0) -> 1847647 | O45: =ROUND(N45*19%,0) -> 351053 | P45: =+ROUND(M45+O45,0) -> 18827522
A46: NIVEL CENTRAL BOGOTA | B46: BOGOTA DC | C46: EDIFICIO WBC / CRA 86 51 68 PISO 5 Y 7 | D46: 12 HORAS L-V SIN FESTIVOS | E46: SIN ARMA | F46: Serv. Vig. 12 H Diurno con canino Aero. Neiva | G46: Del 1 al 30 de Abril 2026 | H46: 30 | I46: 1 | J46: =((((9.77*1750905)+1500)*0.4759)/13*12)/30*20 -> 5010228.9 | K46: =+J46*0.08 -> 400818.31 | L46: =(J46+K46)/30*H46 -> 5411047.2 | M46: =+L46*I46 -> 5411047.2 | N46: =ROUND(M46*10%,0) -> 541105 | O46: =ROUND(N46*19%,0) -> 102810 | P46: =+ROUND(M46+O46,0) -> 5513857
A47: NIVEL CENTRAL BOGOTA | B47: BOGOTA DC | C47: EDIFICIO VILLEGAS / CRA 13 73 50 | D47: 24 HORAS L-D | E47: CON ARMA | F47: Serv. Vig. 12 H Diurno sin arma Aero. El Dorado | G47: Del 1 al 30 de Abril 2026 | H47: 30 | I47: 1 | J47: =(9.77*1750905)+1500 -> 17107842 | K47: =+J47*10% -> 1710784.2 | L47: =(J47+K47)/30*H47 -> 18818626 | M47: =+L47*I47 -> 18818626 | N47: =ROUND(M47*10%,0) -> 1881863 | O47: =ROUND(N47*19%,0) -> 357554 | P47: =+ROUND(M47+O47,0) -> 19176180
A48: NIVEL CENTRAL BOGOTA | B48: BOGOTA DC | C48: EDIFICIO VILLEGAS / CRA 13 73 50 | D48: 12 HORAS L-V SIN FESTIVOS | E48: SIN ARMA | F48: Serv. Vig. 12 H Diurno con canino Aero. Neiva | G48: Del 1 al 30 de Abril 2026 | H48: 30 | I48: 1 | J48: =((((9.77*1750905)+1500)*0.4759)/13*12)/30*20 -> 5010228.9 | K48: =+J48*0.08 -> 400818.31 | L48: =(J48+K48)/30*H48 -> 5411047.2 | M48: =+L48*I48 -> 5411047.2 | N48: =ROUND(M48*10%,0) -> 541105 | O48: =ROUND(N48*19%,0) -> 102810 | P48: =+ROUND(M48+O48,0) -> 5513857
A49: NIVEL CENTRAL BOGOTA | B49: BOGOTA DC | C49: CASA SOLEDAD / CALLE 46 27 52 | D49: 24 HORAS L-D | E49: CON ARMA | F49: Serv. Vig. 12 H Diurno sin arma Aero. El Dorado | G49: Del 1 al 30 de Abril 2026 | H49: 30 | I49: 1 | J49: =(9.77*1750905)+1500 -> 17107842 | K49: =+J49*10% -> 1710784.2 | L49: =(J49+K49)/30*H49 -> 18818626 | M49: =+L49*I49 -> 18818626 | N49: =ROUND(M49*10%,0) -> 1881863 | O49: =ROUND(N49*19%,0) -> 357554 | P49: =+ROUND(M49+O49,0) -> 19176180
A50: NIVEL CENTRAL BOGOTA | B50: BOGOTA DC | C50: EDIF. CAPITAL TOWER / AV LA ESPERANZA 51 40 PISOS 6 - 8 Y 10 | D50: 24 HORAS L-D | E50: CON ARMA | F50: Serv. Vig. 12 H Diurno sin arma Aero. El Dorado | G50: Del 1 al 30 de Abril 2026 | H50: 30 | I50: 3 | J50: =(9.77*1750905)+1500 -> 17107842 | K50: =+J50*10% -> 1710784.2 | L50: =(J50+K50)/30*H50 -> 18818626 | M50: =+L50*I50 -> 56455878 | N50: =ROUND(M50*10%,0) -> 5645588 | O50: =ROUND(N50*19%,0) -> 1072662 | P50: =+ROUND(M50+O50,0) -> 57528540
A51: NIVEL CENTRAL BOGOTA | B51: BOGOTA DC | C51: EDIF. INURBE MUSEO / CRA 13 18 51 | D51: 24 HORAS L-D | E51: CON ARMA | F51: Serv. Vig. 12 H Diurno sin arma Aero. El Dorado | G51: Del 1 al 30 de Abril 2026 | H51: 30 | I51: 3 | J51: =(9.77*1750905)+1500 -> 17107842 | K51: =+J51*10% -> 1710784.2 | L51: =(J51+K51)/30*H51 -> 18818626 | M51: =+L51*I51 -> 56455878 | N51: =ROUND(M51*10%,0) -> 5645588 | O51: =ROUND(N51*19%,0) -> 1072662 | P51: =+ROUND(M51+O51,0) -> 57528540
A52: NIVEL CENTRAL BOGOTA | B52: BOGOTA DC | C52: EDIF. INURBE MUSEO / CRA 13 18 51 | D52: 12 HORAS L-V SIN FESTIVOS | E52: SIN ARMA | F52: Serv. Vig. 12 H Diurno con canino Aero. Neiva | G52: Del 1 al 30 de Abril 2026 | H52: 30 | I52: 2 | J52: =((((9.77*1750905)+1500)*0.4759)/13*12)/30*20 -> 5010228.9 | K52: =+J52*0.08 -> 400818.31 | L52: =(J52+K52)/30*H52 -> 5411047.2 | M52: =+L52*I52 -> 10822094 | N52: =ROUND(M52*10%,0) -> 1082209 | O52: =ROUND(N52*19%,0) -> 205620 | P52: =+ROUND(M52+O52,0) -> 11027714
A53: NIVEL CENTRAL BOGOTA | B53: BOGOTA DC | C53: ALMACEN GENERAL / CRA 33 15 39 | D53: 24 HORAS L-D | E53: CON ARMA | F53: Serv. Vig. 12 H Diurno sin arma Aero. El Dorado | G53: Del 1 al 30 de Abril 2026 | H53: 30 | I53: 1 | J53: =(9.77*1750905)+1500 -> 17107842 | K53: =+J53*10% -> 1710784.2 | L53: =(J53+K53)/30*H53 -> 18818626 | M53: =+L53*I53+5 -> 18818631 | N53: =ROUND(M53*10%,0)-8 -> 1881855 | O53: =ROUND(N53*19%,0)+2 -> 357554 | P53: =+ROUND(M53+O53,0)-5 -> 19176180
A54: SUMATORIA - TOTALES | I54: =SUM(I3:I53) -> 174 | J54: =SUM(J3:J53) -> 6.8294631e+08 | K54: =SUM(K3:K53) -> 64900410 | L54: =SUM(L3:L53) -> 7.4784672e+08 | M54: =SUM(M3:M53) -> 2.4075558e+09 | N54: =SUM(N3:N53) -> 240755584 | O54: =SUM(O3:O53)-8 -> 45743561 | P54: =SUM(P3:P53) -> 2453299405
K56: RESUMEN FACTURA
K57: SUBTOTAL SERVICIOS | M57: =M54 -> 2.4075558e+09
K58: IVA | M58: =O54 -> 45743561
K59: TOTAL | M59: =P54 -> 2453299405
K61: ANS APLICADAS EN EL MES
K62: SUBTOTAL SERVICIOS | M62: 0
K63: IVA | M63: =+M62*1.9/100 -> 0
K64: TOTAL | M64: =+M62+M63 -> 0
K66: TOTAL A FACTURAR EN EL MES | M66: =+M59-M64 -> 2453299405
A68: CUADRO DETALLADO SERVICIOS DE VIGILANCIA PRIVADA - FONDO ESPECIAL PARA LA ADMINISTRACION DE BIENES DE LA FISCALÍA GENERAL DE LA NACIÓN
A69: DEPARTAMENTO | B69: CIUDAD/MUNICIPIO | C69: NOMBRE DEL PUESTO | D69: DESCRIPCIÓN DEL SERVICIO | E69: ELEMENTOS DEL SERVICIO | G69: PERIODO FACTURADO | H69: No. DIAS | I69: No. SERVICIOS | J69: VALOR MENSUAL UNITARIO | K69: AYS(11-%10%-8%) MENSUAL UNITARIO | L69: VR UNITARIO DEL SERVICIO | M69: SUB TOTAL ANTES DE AIU (M*I) | N69: AIU (10%) | O69: % DE IVA (19%) | P69: VALOR TOTAL
A70: CUNDINAMARCA | B70: TENJO | C70: VEREDA JACALITO | D70: 24 HORAS L-D | E70: CON ARMA | G70: Del 1 al 30 de Abril 2026 | H70: 30 | I70: 5 | J70: =9.77*1750905+1500 -> 17107842 | K70: =+J70*0.1 -> 1710784.2 | L70: =(J70+K70)/30*H70 -> 18818626 | M70: =L70*I70 -> 94093130 | N70: =ROUND(M70*10%,0) -> 9409313 | O70: =+N70*19% -> 1787769.5 | P70: =+ROUND(M70+O70,0) -> 95880900
A71: CUNDINAMARCA | B71: TENJO | C71: VEREDA JACALITO | D71: 24 HORAS L-D | E71: SIN ARMA | G71: Del 1 al 30 de Abril 2026 | H71: 30 | I71: 1 | J71: =9.77*1750905+1500 -> 17107842 | K71: =+J71*0.08 -> 1368627.3 | L71: =(J71+K71)/30*H71 -> 18476469 | M71: =L71*I71 -> 18476469 | N71: =+M71*10% -> 1847646.9 | O71: =+N71*19% -> 351052.91 | P71: =+ROUND(M71+O71,0) -> 18827522
A72: CUNDINAMARCA | B72: TENJO | C72: VEREDA JACALITO | D72: 12 HORAS L-V SIN FESTIVOS | E72: SIN ARMA | G72: Del 1 al 30 de Abril 2026 | H72: 30 | I72: 1 | J72: =((((9.77*1750905)+1500)*0.4759)/13*12)/30*20 -> 5010228.9 | K72: =+J72*0.08 -> 400818.31 | L72: =(J72+K72)/30*H72 -> 5411047.2 | M72: =L72*I72 -> 5411047.2 | N72: =+M72*10% -> 541104.72 | O72: =+N72*19% -> 102809.9 | P72: =+ROUND(M72+O72,0) -> 5513857
A73: SUMATORIA - TOTALES | I73: =I70+I71+I72 -> 7 | J73: =J70+J71+J72 -> 39225913 | K73: =K70+K71+K72 -> 3480229.8 | L73: =L70+L71+L72 -> 42706142 | M73: =M70+M71+M72 -> 1.1798065e+08 | N73: =N70+N71+N72 -> 11798065 | O73: =O70+O71+O72 -> 2241632.3 | P73: =P70+P71+P72 -> 120222279
K75: Factura de Venta No BUNK 8
K76: SUBTOTAL SERVICIOS | M76: =M73 -> 1.1798065e+08
K77: IVA | M77: =O73 -> 2241632.3
K78: TOTAL A PAGAR | M78: =P73 -> 120222279

Sheet TOTAL FACTURA JULIO
A1: CUADRO DETALLADO SERVICIOS DE VIGILANCIA PRIVADA - FISCALIA GENERAL DE LA NACION
A2: DEPARTAMENTO | B2: CIUDAD/MUNICIPIO | C2: NOMBRE DEL PUESTO | D2: DESCRIPCIÓN DEL SERVICIO | E2: ELEMENTOS DEL SERVICIO | G2: PERIODO FACTURADO | H2: No. DIAS | I2: No. SERVICIOS | J2: SUB TOTAL ANTES DE AIU (M*I) | K2: AIU (10%) | L2: % DE IVA (19%) | M2: VALOR TOTAL
A3: CUNDINAMARCA | B3: BOGOTA DC | C3: CTI SANTUARIO / CALLE 18A 69B 15 | D3: 24 HORAS L-D | E3: CON ARMA | F3: Serv. Vig. 12 H Diurno sin arma Aero. El Dorado | G3: Del 01 al 30 de Agosto 2025 | H3: 30 | I3: 3 | J3: =+#REF!+'CUADRO SERVICIOS'!M3 -> #REF! | K3: =ROUND(J3*10%,0) -> #REF! | L3: =ROUND(K3*19%,0) -> #REF! | M3: =+ROUND(J3+L3,0) -> #REF!
A4: CUNDINAMARCA | B4: BOGOTA DC | C4: CTI SANTUARIO / CALLE 18A 69B 15 | D4: 24 HORAS L-D | E4: SIN ARMA | F4: Serv. Vig. 24 H Diurno con arma Aero. El Dorado | G4: Del 01 al 30 de Agosto 2025 | H4: 30 | I4: 1 | J4: =+#REF!+'CUADRO SERVICIOS'!M4 -> #REF! | K4: =ROUND(J4*10%,0) -> #REF! | L4: =ROUND(K4*19%,0) -> #REF! | M4: =+ROUND(J4+L4,0) -> #REF!
A5: CUNDINAMARCA | B5: BOGOTA DC | C5: CTI SANTUARIO / CALLE 18A 69B 15 | D5: 12 HORAS L-V CON FESTIVOS | E5: SIN ARMA | F5: Serv. Vig. 12 H Diurno con canino Aero. Neiva | G5: Del 01 al 30 de Agosto 2025 | H5: 30 | I5: 1 | J5: =+#REF!+'CUADRO SERVICIOS'!M5 -> #REF! | K5: =ROUND(J5*10%,0) -> #REF! | L5: =ROUND(K5*19%,0) -> #REF! | M5: =+ROUND(J5+L5,0) -> #REF!
A6: CUNDINAMARCA | B6: BOGOTA DC | C6: SEDE URI USAQUEN / CARRERA 29 18A 67 | D6: 24 HORAS L-D | E6: CON ARMA | F6: Serv. Vig. 12 H Diurno sin arma Aero. El Dorado | G6: Del 01 al 30 de Agosto 2025 | H6: 30 | I6: 3 | J6: =+#REF!+'CUADRO SERVICIOS'!M6 -> #REF! | K6: =ROUND(J6*10%,0) -> #REF! | L6: =ROUND(K6*19%,0) -> #REF! | M6: =+ROUND(J6+L6,0) -> #REF!
A7: CUNDINAMARCA | B7: BOGOTA DC | C7: SEDE URI USAQUEN / CARRERA 29 18A 67 | D7: 12 HORAS L-V CON FESTIVOS | E7: SIN ARMA | F7: Serv. Vig. 12 H Diurno con canino Aero. Neiva | G7: Del 01 al 30 de Agosto 2025 | H7: 30 | I7: 2 | J7: =+#REF!+'CUADRO SERVICIOS'!M7 -> #REF! | K7: =ROUND(J7*10%,0) -> #REF! | L7: =ROUND(K7*19%,0) -> #REF! | M7: =+ROUND(J7+L7,0) -> #REF!
A8: CUNDINAMARCA | B8: BOGOTA DC | C8: SEDE MANUEL GAONA / CALLE 18 33 18 | D8: 24 HORAS L-D | E8: CON ARMA | F8: Serv. Vig. 12 H Diurno sin arma Aero. El Dorado | G8: Del 01 al 30 de Agosto 2025 | H8: 30 | I8: 3 | J8: =+#REF!+'CUADRO SERVICIOS'!M8 -> #REF! | K8: =ROUND(J8*10%,0) -> #REF! | L8: =ROUND(K8*19%,0) -> #REF! | M8: =+ROUND(J8+L8,0) -> #REF!
A9: CUNDINAMARCA | B9: BOGOTA DC | C9: SEDE MANUEL GAONA / CALLE 18 33 18 | D9: 12 HORAS L-V CON FESTIVOS | E9: SIN ARMA | F9: Serv. Vig. 12 H Diurno con canino Aero. Neiva | G9: Del 01 al 30 de Agosto 2025 | H9: 30 | I9: 4 | J9: =+#REF!+'CUADRO SERVICIOS'!M9 -> #REF! | K9: =ROUND(J9*10%,0) -> #REF! | L9: =ROUND(K9*19%,0) -> #REF! | M9: =+ROUND(J9+L9,0) -> #REF!
A10: CUNDINAMARCA | B10: BOGOTA DC | C10: SEDE ADMINISTRATIVA / CALLE 26 69 76 TORRE 4 PISO 16 | D10: 24 HORAS L-D | E10: CON ARMA | F10: Serv. Vig. 12 H Diurno sin arma Aero. El Dorado | G10: Del 01 al 30 de Agosto 2025 | H10: 30 | I10: 1 | J10: =+#REF!+'CUADRO SERVICIOS'!M10 -> #REF! | K10: =ROUND(J10*10%,0) -> #REF! | L10: =ROUND(K10*19%,0) -> #REF! | M10: =+ROUND(J10+L10,0) -> #REF!
A11: CUNDINAMARCA | B11: BOGOTA DC | C11: SEDE TRIBUNALES / CALLE 12B 7 60 | D11: 24 HORAS L-D | E11: CON ARMA | F11: Serv. Vig. 12 H Diurno sin arma Aero. El Dorado | G11: Del 01 al 30 de Agosto 2025 | H11: 30 | I11: 1 | J11: =+#REF!+'CUADRO SERVICIOS'!M11 -> #REF! | K11: =ROUND(J11*10%,0) -> #REF! | L11: =ROUND(K11*19%,0) -> #REF! | M11: =+ROUND(J11+L11,0) -> #REF!
A12: CUNDINAMARCA | B12: BOGOTA DC | C12: SEDE TRIBUNALES / CALLE 12B 7 60 | D12: 12 HORAS L-V CON FESTIVOS | E12: SIN ARMA | F12: Serv. Vig. 12 H Diurno con canino Aero. Neiva | G12: Del 01 al 30 de Agosto 2025 | H12: 30 | I12: 1 | J12: =+#REF!+'CUADRO SERVICIOS'!M12 -> #REF! | K12: =ROUND(J12*10%,0) -> #REF! | L12: =ROUND(K12*19%,0) -> #REF! | M12: =+ROUND(J12+L12,0) -> #REF!
A13: CUNDINAMARCA | B13: BOGOTA DC | C13: MIDPOINT / CALLE 19 33 02 | D13: 24 HORAS L-D | E13: CON ARMA | F13: Serv. Vig. 12 H Diurno sin arma Aero. El Dorado | G13: Del 01 al 30 de Agosto 2025 | H13: 30 | I13: 3 | J13: =+#REF!+'CUADRO SERVICIOS'!M13 -> #REF! | K13: =ROUND(J13*10%,0) -> #REF! | L13: =ROUND(K13*19%,0) -> #REF! | M13: =+ROUND(J13+L13,0) -> #REF!
A14: CUNDINAMARCA | B14: BOGOTA DC | C14: MIDPOINT / CALLE 19 33 02 | D14: 12 HORAS L-V CON FESTIVOS | E14: SIN ARMA | F14: Serv. Vig. 12 H Diurno con canino Aero. Neiva | G14: Del 01 al 30 de Agosto 2025 | H14: 30 | I14: 4 | J14: =+#REF!+'CUADRO SERVICIOS'!M14 -> #REF! | K14: =ROUND(J14*10%,0) -> #REF! | L14: =ROUND(K14*19%,0) -> #REF! | M14: =+ROUND(J14+L14,0) -> #REF!
... A53: NIVEL CENTRAL BOGOTA | B53: BOGOTA DC | C53: ALMACEN GENERAL / CRA 33 15 39 | D53: 24 HORAS L-D | E53: CON ARMA | F53: Serv. Vig. 12 H Diurno sin arma Aero. El Dorado | G53: Del 01 al 30 de Agosto 2025 | H53: 30 | I53: 1 | J53: =+#REF!+'CUADRO SERVICIOS'!M53 -> #REF! | K53: =ROUND(J53*10%,0) -> #REF! | L53: =ROUND(K53*19%,0) -> #REF! | M53: =+ROUND(J53+L53,0) -> #REF!
A54: SUMATORIA - TOTALES | I54: =SUM(I3:I53) -> 174 | J54: =SUM(J3:J53) -> #REF! | K54: =SUM(K3:K53) -> #REF! | L54: =SUM(L3:L53) -> #REF! | M54: =SUM(M3:M53) -> #REF!
J56: RESUMEN FACTURA
J57: SUBTOTAL SERVICIOS | L57: =+M54/1.019 -> #REF!
J58: IVA | L58: =+L57*0.019 -> #REF!
J59: TOTAL | L59: =+L57+L58 -> #REF!
J61: NOTA CREDITO - ANS
J62: SUBTOTAL SERVICIOS | L62: =1423500/1.019 -> 1396957.8
J63: IVA | L63: =L62*0.019 -> 26542.198
J64: TOTAL | L64: =L62+L63 -> 1423500
J66: TOTAL A PAGAR NOVIEMBRE 2024 | L66: =L59-L64 -> #REF!
A68: CUADRO DETALLADO SERVICIOS DE VIGILANCIA PRIVADA - FONDO ESPECIAL PARA LA ADMINISTRACION DE BIENES DE LA FISCALÍA GENERAL DE LA NACIÓN
A69: DEPARTAMENTO | B69: CIUDAD/MUNICIPIO | C69: NOMBRE DEL PUESTO | D69: DESCRIPCIÓN DEL SERVICIO | E69: ELEMENTOS DEL SERVICIO | G69: PERIODO FACTURADO | H69: No. DIAS | I69: No. SERVICIOS | J69: SUB TOTAL ANTES DE AIU (M*I) | K69: AIU (10%) | L69: % DE IVA (19%) | M69: VALOR TOTAL
A70: CUNDINAMARCA | B70: TENJO | C70: VEREDA JACALITO | D70: 24 HORAS L-D | E70: CON ARMA | G70: Del 01 al 30 de Agosto 2025 | H70: 16 | I70: 5 | J70: =+#REF!+'CUADRO SERVICIOS'!M70 -> #REF! | K70: =ROUND(J70*10%,0) -> #REF! | L70: =+K70*19% -> #REF! | M70: =+ROUND(J70+L70,0) -> #REF!
A71: CUNDINAMARCA | B71: TENJO | C71: VEREDA JACALITO | D71: 24 HORAS L-D | E71: SIN ARMA | G71: Del 01 al 30 de Agosto 2025 | H71: 16 | I71: 1 | J71: =+#REF!+'CUADRO SERVICIOS'!M71 -> #REF! | K71: =+J71*10% -> #REF! | L71: =+K71*19% -> #REF! | M71: =+ROUND(J71+L71,0) -> #REF!
A72: CUNDINAMARCA | B72: TENJO | C72: VEREDA JACALITO | D72: 12 HORAS L-V SIN FESTIVOS | E72: SIN ARMA | G72: Del 01 al 30 de Agosto 2025 | H72: 16 | I72: 1 | J72: =+#REF!+'CUADRO SERVICIOS'!M72 -> #REF! | K72: =+J72*10% -> #REF! | L72: =+K72*19% -> #REF! | M72: =+ROUND(J72+L72,0) -> #REF!
A73: SUMATORIA - TOTALES | I73: =I70+I71+I72 -> 7 | J73: =J70+J71+J72 -> #REF! | K73: =K70+K71+K72 -> #REF! | L73: =L70+L71+L72 -> #REF! | M73: =M70+M71+M72 -> #REF!
J76: =J73 -> #REF!
J77: =L73 -> #REF!
J78: =M73 -> #REF!

Sheet Copia de AGOSTO 2024
A1: DEPARTAMENTO | B1: CIUDAD/MUNICIPIO | C1: NOMBRE DEL PUESTO | D1: DESCRIPCIÓN DEL SERVICIO | E1: ELEMENTOS DEL SERVICIO | G1: No. DIAS | H1: No. SERVICIOS | I1: SUB TOTAL ANTES DE AIU (I+J+K)*H | J1: AIU (10%) | K1: % DE IVA (19%) | L1: VALOR TOTAL
A2: CUNDINAMARCA | B2: CAJICA | C2: SECCIONAL DG 3 SUR No 6 38 | D2: 12 HORAS L-V SIN FESTIVOS | E2: SIN ARMA | F2: Serv. Vig. 12 H Diurno sin arma Aero. El Dorado | G2: 30 | H2: 1 | I2: 3831330 | J2: 383133 | K2: 72795.27 | L2: 3904125
A3: CUNDINAMARCA | B3: CAQUEZA | C3: SECCIONAL CALLE 4A 3 53/57/59 | D3: 24 HORAS L-D | E3: CON ARMA | F3: Serv. Vig. 24 H Diurno con arma Aero. El Dorado | G3: 30 | H3: 1 | I3: 13071850 | J3: 1307185 | K3: 248365.15 | L3: 13320215
A4: CUNDINAMARCA | B4: CAQUEZA | C4: SECCIONAL CALLE 4A 3 68 | D4: 24 HORAS L-D | E4: CON ARMA | F4: Serv. Vig. 24 H Diurno sin arma Aero. El Dorado | G4: 30 | H4: 1 | I4: 13071850 | J4: 1307185 | K4: 248365.15 | L4: 13320215
A5: CUNDINAMARCA | B5: CAQUEZA | C5: FINCA CANINOS | D5: 24 HORAS L-D | E5: CON ARMA | F5: Serv. Vig. 24 H Diurno sin arma Aero. El Dorado | G5: 30 | H5: 1 | I5: 13071850 | J5: 1307185 | K5: 248365.15 | L5: 13320215
A6: CUNDINAMARCA | B6: CHIA | C6: SECCIONAL CALLE 12 1C 52 BRR 20 DE JULIO | D6: 24 HORAS L-D | E6: CON ARMA | F6: Serv. Vig. 24 H Diurno sin arma Aero. El Dorado | G6: 30 | H6: 1 | I6: 13071850 | J6: 1307185 | K6: 248365.15 | L6: 13320215
A7: CUNDINAMARCA | B7: CHOACHI | C7: SECCIONAL CARRERA 4 4 21 PISO 2 | D7: 12 HORAS L-V SIN FESTIVOS | E7: SIN ARMA | F7: Serv. Vig. 12 H Diurno con canino Aero. Guaymaral | G7: 30 | H7: 1 | I7: 3831330 | J7: 383133 | K7: 72795.27 | L7: 3904125
A8: CUNDINAMARCA | B8: CHOCONTA | C8: SECCIONAL CALLE 3 4/35 | D8: 24 HORAS L-D | E8: CON ARMA | F8: Serv. Vig. 12 H Diurno sin arma Aero. Flandes | G8: 30 | H8: 1 | I8: 13071850 | J8: 1307185 | K8: 248365.15 | L8: 13320215
A9: CUNDINAMARCA | B9: FACATATIVA | C9: SECCIONAL CALLE 13 8B 20 BRR COPIGUE | D9: 24 HORAS L-D | E9: CON ARMA | F9: Serv. Vig. 24 H Diurno con arma Aero. Flandes | G9: 30 | H9: 1 | I9: 13071850 | J9: 1307185 | K9: 248365.15 | L9: 13320215
A10: CUNDINAMARCA | B10: FACATATIVA | C10: SECCIONAL CTI CALLE 13A 6 57 | D10: 24 HORAS L-D | E10: CON ARMA | F10: Serv. Vig. 24 H Diurno con arma Aero. Flandes | G10: 30 | H10: 1 | I10: 13071850 | J10: 1307185 | K10: 248365.15 | L10: 13320215
A11: CUNDINAMARCA | B11: FLANDES | C11: SECCIONAL CALLE 10 4 10 LA CAPILLA | D11: 24 HORAS L-D | E11: CON ARMA | F11: Serv. Vig. 24 H Diurno con arma Aero. Flandes | G11: 30 | H11: 1 | I11: 13071850 | J11: 1307185 | K11: 248365.15 | L11: 13320215
A12: CUNDINAMARCA | B12: FUNZA | C12: FISCALIA INFANCIA Y ADOLESCENCIA | D12: 24 HORAS L-D | E12: CON ARMA | F12: Serv. Vig. 12 H Diurno con canino Aero. Florencia | G12: 30 | H12: 1 | I12: 13071850 | J12: 1307185 | K12: 248365.15 | L12: 13320215
A13: CUNDINAMARCA | B13: FUNZA | C13: FISCALIA INFANCIA Y ADOLESCENCIA | D13: 12 HORAS L-V SIN FESTIVOS | E13: CON ARMA | F13: Serv. Vig. 24 H Diurno con arma Aero. Ibague | G13: 30 | H13: 1 | I13: 3902281 | J13: 390228.1 | K13: 74143.339 | L13: 3976424
... A36: BOGOTA DC | B36: BOGOTA DC | C36: SECCIONAL MONTEVIDEO | D36: 24 HORAS L-D | E36: CON ARMA | F36: Serv. Vig. 24 H Diurno con arma Aero. Villa Garzon | G36: 30 | H36: 3 | I36: 39215550 | J36: 3921555 | K36: 745095.45 | L36: 39960645
A37: BOGOTA DC | B37: BOGOTA DC | C37: SECCIONAL MONTEVIDEO | D37: 12 HORAS L-V SIN FESTIVOS | E37: SIN ARMA | G37: 30 | H37: 3 | I37: 11493990 | J37: 1149399 | K37: 218385.81 | L37: 11712376
A38: AMAZONAS | B38: LETICIA | C38: SECCIONAL CRA 8 11 80 BRR JOSE MARIA HERNANDEZ | D38: 24 HORAS L-D | E38: CON ARMA | F38: Serv. Vig. 24 H Diurno con arma Estacion Flandes | G38: 30 | H38: 1 | I38: 13071850 | J38: 1307185 | K38: 0 | L38: 13071850
A39: AMAZONAS | B39: LETICIA | C39: PARQUEADERO FISCALIA | D39: 24 HORAS L-D | E39: CON ARMA | F39: Serv. Vig. 24 H Diurno con arma Estacion Flandes | G39: 30 | H39: 1 | I39: 13071850 | J39: 1307185 | K39: 0 | L39: 13071850
A40: AMAZONAS | B40: LETICIA | C40: FISCALIA C.A.V | D40: 24 HORAS L-D | E40: CON ARMA | F40: Serv. Vig. 24 H Diurno con arma Estacion Flandes | G40: 30 | H40: 1 | I40: 13071850 | J40: 1307185 | K40: 0 | L40: 13071850
A41: BOYACA | B41: CHIQUINQUIRA | C41: SECCIONAL Y POLICIA JUDICIAL CRA 9 14 90 | D41: 24 HORAS L-D | E41: CON ARMA | F41: Serv. Vig. 12 H Diurno con canino - NEAA y CGAC | G41: 30 | H41: 1 | I41: 13071850 | J41: 1307185 | K41: 248365.15 | L41: 13320215
A42: BOYACA | B42: CHIQUINQUIRA | C42: SECCIONAL Y POLICIA JUDICIAL CRA 9 14 86 | D42: 12 HORAS L-V SIN FESTIVOS | E42: CON ARMA | F42: Serv. Vig. 12 H Diurno L-V sin arma - El Dorado | G42: 30 | H42: 1 | I42: 3902281 | J42: 390228.1 | K42: 74143.339 | L42: 3976424
A43: BOYACA | B43: TUNJA | C43: SECCIONAL SAU CALLE 26 9 10 | D43: 12 HORAS L-V SIN FESTIVOS | E43: CON ARMA | F43: Serv. Vig. 24 H Diurno sin arma - Flandes | G43: 30 | H43: 1 | I43: 3902281 | J43: 390228.1 | K43: 74143.339 | L43: 3976424
A44: BOYACA | B44: DUITAMA | C44: SECCIONAL Y LOCAL CALLE 17 16 67 | D44: 12 HORAS L-V SIN FESTIVOS | E44: SIN ARMA | F44: Serv. Vig. 24 H Diurno con arma Aero. Dorado | G44: 30 | H44: 1 | I44: 3831330 | J44: 383133 | K44: 72795.27 | L44: 3904125
A45: BOYACA | B45: DUITAMA | C45: SECCIOANL Y POLICIA JUDICIAL CRA 16 17 53/55 | D45: 12 HORAS L-V SIN FESTIVOS | E45: SIN ARMA | F45: Serv. Vig. 24 H Diurno con arma Aero. Dorado | G45: 30 | H45: 1 | I45: 3831330 | J45: 383133 | K45: 72795.27 | L45: 3904125
A46: BOYACA | B46: EL COCUY | C46: UNIDAD LOCAL Y SECCIONAL CRA 4A 6 71/75 | D46: 12 HORAS L-V SIN FESTIVOS | E46: CON ARMA | F46: Serv. Vig. 24 H Diurno sin arma - Guaymaral | G46: 30 | H46: 1 | I46: 3902281 | J46: 390228.1 | K46: 74143.339 | L46: 3976424
A47: BOYACA | B47: GUATEQUE | C47: UNIDAD LOCAL Y SECCIONAL CRA 8 6 61 | D47: 12 HORAS L-V SIN FESTIVOS | E47: SIN ARMA | G47: 30 | H47: 1 | I47: 3831330 | J47: 383133 | K47: 72795.27 | L47: 3904125
A48: BOYACA | B48: LABRANZA GRANDE | C48: UNIDAD LOCAL Y SECCIONAL CALLE 9 10 58 | D48: 12 HORAS L-V SIN FESTIVOS | E48: CON ARMA | G48: 30 | H48: 1 | I48: 3902281 | J48: 390228.1 | K48: 74143.339 | L48: 3976424
A49: BOYACA | B49: MIRAFLORES | C49: SECCIOANL CRA 8 4 11 | D49: 12 HORAS L-V SIN FESTIVOS | E49: CON ARMA | G49: 30 | H49: 1 | I49: 3902281 | J49: 390228.1 | K49: 74143.339 | L49: 3976424
A50: BOYACA | B50: MUZO | C50: SECCIONAL CALLE 6 6 07 | D50: 12 HORAS L-V SIN FESTIVOS | E50: CON ARMA | G50: 30 | H50: 1 | I50: 3902281 | J50: 390228.1 | K50: 74143.339 | L50: 3976424
A51: BOYACA | B51: PAIPA | C51: SECCIONAL CRA 19 24 42/44/46 | D51: 12 HORAS L-V SIN FESTIVOS | E51: CON ARMA | G51: 30 | H51: 1 | I51: 3902281 | J51: 390228.1 | K51: 74143.339 | L51: 3976424
A52: BOYACA | B52: PAJARITO | C52: UNIDAD LOCAL CRA 2 4 23 | D52: 12 HORAS L-V SIN FESTIVOS | E52: CON ARMA | G52: 30 | H52: 1 | I52: 3902281 | J52: 390228.1 | K52: 74143.339 | L52: 3976424
A53: BOYACA | B53: RAMIRIQUI | C53: SECCIONAL Y POLICIA JUDICIAL CRA 6 6 58 | D53: 12 HORAS L-V SIN FESTIVOS | E53: SIN ARMA | G53: 30 | H53: 1 | I53: 3831330 | J53: 383133 | K53: 72795.27 | L53: 3904125
A54: BOYACA | B54: SAMACA | C54: UNIDAD LOCAL CRA 6 4 53 PISO 2 | D54: 12 HORAS L-V SIN FESTIVOS | E54: CON ARMA | G54: 30 | H54: 1 | I54: 3902281 | J54: 390228.1 | K54: 74143.339 | L54: 3976424
A55: BOYACA | B55: DUITAMA | C55: URI SAU CRA 16 18 26/36 | D55: 24 HORAS L-D | E55: CON ARMA | G55: 30 | H55: 1 | I55: 13071850 | J55: 1307185 | K55: 248365.15 | L55: 13320215
A56: BOYACA | B56: SANTA ROSA VTBO | C56: FISCALIA ESPECIALIZADA Y POLICIA JUDICIAL | D56: 12 HORAS L-V SIN FESTIVOS | E56: CON ARMA | G56: 30 | H56: 1 | I56: 3902281 | J56: 390228.1 | K56: 74143.339 | L56: 3976424
A57: BOYACA | B57: SOATA | C57: UNIDAD LOCAL CALLE 9 2 57 | D57: 12 HORAS L-V SIN FESTIVOS | E57: SIN ARMA | G57: 30 | H57: 1 | I57: 3831330 | J57: 383133 | K57: 72795.27 | L57: 3904125
A58: BOYACA | B58: SOACHA | C58: UNIDAD LOCAL Y CTI CALLE 10 4 07 | D58: 12 HORAS L-V SIN FESTIVOS | E58: SIN ARMA | G58: 30 | H58: 1 | I58: 3831330 | J58: 383133 | K58: 72795.27 | L58: 3904125
... A73: BOYACA | B73: GARAGOA | C73: SECCIONAL Y LOCAL CALLE 6 16 34 | D73: 12 HORAS L-V SIN FESTIVOS | E73: CON ARMA | G73: 0 | H73: 0 | I73: 0 | J73: 0 | K73: 0 | L73: 0
A74: TOTALES | H74: =SUM(H2:H73) -> 76 | I74: =SUM(I2:I73) -> 624904065 | J74: =SUM(J2:J73) -> 62490407 | K74: =SUM(K2:K73) -> 11128082 | L74: =SUM(L2:L73) -> 636032131
A76: BOYACA F.E.A.B | B76: SAMACA | C76: PATIO UNICO INCAUTADOS | D76: 24 HORAS L-D | E76: CON ARMA | G76: 30 | H76: 2 | I76: 26143700 | J76: 2614370 | K76: 496730.3 | L76: 26640430
A77: TOTALES | H77: =H76 -> 2 | I77: =I76 -> 26143700 | J77: =J76 -> 2614370 | K77: =K76 -> 496730.3 | L77: =L76 -> 26640430

Sheet Tabla dinámica 1
A1: CIUDAD/MUNICIPIO
A2: BOGOTA DC
A3: CAJICA
A4: CAQUEZA
A5: CHIA
A6: CHIQUINQUIRA
A7: CHOACHI
A8: CHOCONTA
A9: DUITAMA
A10: EL COCUY
A11: FACATATIVA
A12: FLANDES
... A45: Total general

Sheet Hoja 2
B1: CIUDAD/MUNICIPIO | C1: SUBTOTAL | D1: AIU | E1: IVA | F1: VR TOTAL
A2: Servicios de Vigilancia Privada - BOGOTA DC | B2: BOGOTA DC | C2: 50709540 | D2: 5070954 | E2: 963481.26 | F2: 51673021
A3: Servicios de Vigilancia Privada - CAJICA | B3: CAJICA | C3: 3831330 | D3: 383133 | E3: 72795.27 | F3: 3904125
A4: Servicios de Vigilancia Privada - CAQUEZA | B4: CAQUEZA | C4: 39215550 | D4: 3921555 | E4: 745095.45 | F4: 39960645
A5: Servicios de Vigilancia Privada - CHIA | B5: CHIA | C5: 13071850 | D5: 1307185 | E5: 248365.15 | F5: 13320215
A6: Servicios de Vigilancia Privada - CHIQUINQUIRA | B6: CHIQUINQUIRA | C6: 16974131 | D6: 1697413.1 | E6: 322508.49 | F6: 17296639
A7: Servicios de Vigilancia Privada - CHOACHI | B7: CHOACHI | C7: 3831330 | D7: 383133 | E7: 72795.27 | F7: 3904125
A8: Servicios de Vigilancia Privada - CHOCONTA | B8: CHOCONTA | C8: 13071850 | D8: 1307185 | E8: 248365.15 | F8: 13320215
A9: Servicios de Vigilancia Privada - DUITAMA | B9: DUITAMA | C9: 20734510 | D9: 2073451 | E9: 393955.69 | F9: 21128465
A10: Servicios de Vigilancia Privada - EL COCUY | B10: EL COCUY | C10: 3902281 | D10: 390228.1 | E10: 74143.339 | F10: 3976424
A11: Servicios de Vigilancia Privada - FACATATIVA | B11: FACATATIVA | C11: 26143700 | D11: 2614370 | E11: 496730.3 | F11: 26640430
A12: Servicios de Vigilancia Privada - FLANDES | B12: FLANDES | C12: 13071850 | D12: 1307185 | E12: 248365.15 | F12: 13320215
A13: Servicios de Vigilancia Privada - FUNZA | B13: FUNZA | C13: 16974131 | D13: 1697413.1 | E13: 322508.49 | F13: 17296639
... A45: Servicios de Vigilancia Privada - Suma total | B45: Suma total | C45: 624904065 | D45: 62490407 | E45: 11128082 | F45: 636032131

Sheet Copia de NOVIEMBRE 2023
G2: FORMATO
G3: FORMATO 7 PROPUESTA ECONOMICA | R3: Fecha de aprobación: 08/07/2022
G4: Clave: APOY-9.0-12-014 | N4: Version: 4
G7: OBJETO: CONTRATAR LA PRESTACION DE SERVICIOS DE VIGILANCIA Y SEGURIDAD PARA LAS INSTALACIONES Y AEROPUERTOS ADMINISTRADOS POR LA AERONAUTICA CIVIL POR LOTES (VF).
D8: DEPARTAMENTO | E8: CIUDAD | F8: NOMBRE DEL PUESTO | G8: DESCRIPCIÓN DEL SERVICIO | H8: ELEMENTOS DEL SERVICIO | J8: No. DIAS | K8: No. SERVICIOS | L8: VALOR MENSUAL UNITARIO | M8: VALOR PRIMA SEGURO DE VIDA POR SERVICIO MENSUAL UNITARIO | N8: AYS(11-%10%-8%) MENSUAL UNITARIO | O8: SUB TOTAL ANTES DE AIU (K+L+M)*J | Q8: AIU (10%) | R8: % DE IVA (19%) | S8: VALOR TOTALVIGENCIA 2023 (1 al 31 de agosto 2023)
B9: SEGURIDAD REGULADA | C9: AEROPUERTOS | D9: CUNDINAMARCA | E9: BOGOTA | F9: EL DORADO (BOGOTA) | G9: PUESTO 12 HORAS (DIURNO) | H9: SERVICIO SIN ARMA | I9: Serv. Vig. 12 H Diurno sin arma Aero. El Dorado | J9: 30 | K9: 5 | L9: =9.06*1160000*55.97%/15*12+2 -> 4705780.5 | M9: =+X$9*55.97%/15*12 -> 145.51752 | N9: =+(L9+M9)*8% -> 376474.08 | O9: =(((ROUND(N9+M9+L9,0)*K9))/30)*J9 -> 25412000 | P9: =+O9/K9 -> 5082400 | Q9: =+O9*10% -> 2541200 | R9: =+Q9*19% -> 482828 | S9: =+ROUND(O9+R9,0) -> 25894828 | T9: =S9 -> 25894828 | X9: =108.33*3 -> 324.99 | Z9: 21688707 | AA9: =+Z9-S9 -> -4206121 | AI9: =+S9 -> 25894828
D10: CUNDINAMARCA | G10: PUESTO 24 HORAS | H10: SERVICIO ARMADO | I10: Serv. Vig. 24 H Diurno con arma Aero. El Dorado | J10: 30 | K10: 1 | L10: =9.06*1160000+2 -> 10509602 | M10: =+X$9 -> 324.99 | N10: =+(L10+M10)*10% -> 1050992.7 | O10: =(((ROUND(N10+M10+L10,0)*K10))/30)*J10 -> 11560920 | P10: =+O10/K10 -> 11560920 | Q10: =+O10*10% -> 1156092 | R10: =+Q10*19% -> 219657.48 | S10: =+ROUND(O10+R10,0) -> 11780577 | T10: =T9+S10 -> 37675405 | Z10: 48440488 | AA10: =+Z10-S10 -> 36659911 | AI10: =+AI9+S10 -> 37675405
D11: CUNDINAMARCA | G11: PUESTO 24 HORAS | H11: SERVICIO SIN ARMA | I11: Serv. Vig. 24 H Diurno sin arma Aero. El Dorado | J11: 30 | K11: 6 | L11: =9.06*1160000+2 -> 10509602 | M11: =+X$9 -> 324.99 | N11: =+(L11+M11)*8% -> 840794.16 | O11: =(((ROUND(N11+M11+L11,0)*K11))/30)*J11 -> 68104326 | P11: =+O11/K11 -> 11350721 | Q11: =+O11*10% -> 6810432.6 | R11: =+Q11*19% -> 1293982.2 | S11: =+ROUND(O11+R11,0) -> 69398308 | T11: =T10+S11 -> 107073713 | Z11: 9867506.9 | AA11: =+Z11-S11 -> -59530801 | AI11: =++S11++AI10 -> 107073713
D12: CUNDINAMARCA | G12: PUESTO 24 HORAS (CGAC) | H12: SERVICIO SIN ARMA | I12: Serv. Vig. 24 H Diurno sin arma Aero. El Dorado CGAC | J12: 30 | K12: 9 | L12: =9.06*1160000+2 -> 10509602 | M12: =+X$9 -> 324.99 | N12: =+(L12+M12)*8% -> 840794.16 | O12: =(((ROUND(N12+M12+L12,0)*K12))/30)*J12 -> 102156489 | P12: =+O12/K12 -> 11350721 | Q12: =+O12*10% -> 10215649 | R12: =+Q12*19% -> 1940973.3 | S12: =+ROUND(O12+R12,0) -> 104097462 | T12: =T11+S12 -> 211171175 | Z12: 9688097.7 | AA12: =+Z12-S12 -> -94409364 | AI12: =++S12++AI11 -> 211171175 | AJ12: =S9+S10+S11+S12+S43+S44+S45+S46+S47+S48+S49+S50+S51+S52+S53+S55+S56+S57+S58+S59+S60+S61+#REF!+S84+S63+S64+S65+S66+S67 -> #REF!
D13: CUNDINAMARCA | E13: GUAYMARAL | F13: GUAYMARAL | G13: PUESTO 24 HORAS | H13: SERVICIO ARMADO | I13: Serv. Vig. 24 H Diurno con arma Aero. Guaymaral | J13: 30 | K13: 3 | L13: =9.06*1160000+2 -> 10509602 | M13: =+X$9 -> 324.99 | N13: =+(L13+M13)*10% -> 1050992.7 | O13: =(((ROUND(N13+M13+L13,0)*K13))/30)*J13 -> 34682760 | P13: =+O13/K13 -> 11560920 | Q13: =+O13*10% -> 3468276 | R13: =+Q13*19% -> 658972.44 | S13: =+ROUND(O13+R13,0) -> 35341732 | T13: =T12+S13 -> 246512907 | Z13: 38752391 | AA13: =+Z13-S13 -> 3410658.7 | AI13: =++S13++AI12 -> 246512907
G14: PUESTO 12 HORAS (DIURNO) | H14: SERVICIO CON CANINO | I14: Serv. Vig. 12 H Diurno con canino Aero. Guaymaral | J14: 30 | K14: 1 | L14: =9.06*1160000*55.97%/15*12+2 -> 4705780.5 | M14: =+X$9*55.97%/15*12 -> 145.51752 | N14: =+(L14+M14)*11% -> 517651.86 | O14: =(((ROUND(N14+M14+L14,0)*K14))/30)*J14 -> 5223578 | P14: =+O14/K14 -> 5223578 | Q14: =+O14*10% -> 522357.8 | R14: =+Q14*19% -> 99247.982 | S14: =+ROUND(O14+R14,0) -> 5322826 | T14: =T13+S14 -> 251835733 | Z14: 48440488 | AA14: =+Z14-S14 -> 43117662 | AI14: =++S14++AI13 -> 251835733 | AK14: =S13+S14+S80 -> 45843524
D15: TOLIMA | E15: FLANDES | F15: FLANDES | G15: PUESTO 12 HORAS (DIURNO) | H15: SERVICIO SIN ARMA | I15: Serv. Vig. 12 H Diurno sin arma Aero. Flandes | J15: 30 | K15: 1 | L15: =9.06*1160000*55.97%/15*12+2 -> 4705780.5 | M15: =+X$9*55.97%/15*12 -> 145.51752 | N15: =+(L15+M15)*8% -> 376474.08 | O15: =(((ROUND(N15+M15+L15,0)*K15))/30)*J15 -> 5082400 | P15: =+O15/K15 -> 5082400 | Q15: =+O15*10% -> 508240 | R15: =+Q15*19% -> 96565.6 | S15: =+ROUND(O15+R15,0) -> 5178966 | T15: =T14+S15 -> 257014699 | Z15: 29602521 | AA15: =+Z15-S15 -> 24423555 | AI15: =++S15++AI14 -> 257014699
D16: TOLIMA | G16: PUESTO 24 HORAS | H16: SERVICIO ARMADO | I16: Serv. Vig. 24 H Diurno con arma Aero. Flandes | J16: 30 | K16: 3 | L16: =9.06*1160000+2 -> 10509602 | M16: =+X$9 -> 324.99 | N16: =+(L16+M16)*10% -> 1050992.7 | O16: =(((ROUND(N16+M16+L16,0)*K16))/30)*J16 -> 34682760 | P16: =+O16/K16 -> 11560920 | Q16: =+O16*10% -> 3468276 | R16: =+Q16*19% -> 658972.44 | S16: =+ROUND(O16+R16,0) -> 35341732 | T16: =T15+S16 -> 292356431 | Z16: 4540767.9 | AA16: =+Z16-S16 -> -30800964 | AI16: =++S16++AI15 -> 292356431
D17: CAQUETA | E17: FLORENCIA | F17: GUSTAVO ARTUNDUAGA PAREDES (FLORENCIA) | G17: PUESTO 24 HORAS | H17: SERVICIO ARMADO | I17: Serv. Vig. 24 H Diurno con arma Aero. Florencia | J17: 30 | K17: 9 | L17: =9.06*1160000+2 -> 10509602 | M17: =+X$9 -> 324.99 | N17: =+(L17+M17)*10% -> 1050992.7 | O17: =(((ROUND(N17+M17+L17,0)*K17))/30)*J17 -> 104048280 | P17: =+O17/K17 -> 11560920 | Q17: =+O17*10% -> 10404828 | R17: =+Q17*19% -> 1976917.3 | S17: =+ROUND(O17+R17,0) -> 106025197 | T17: =T16+S17 -> 398381628 | Z17: 4337741.4 | AA17: =+Z17-S17 -> -1.0168746e+08 | AI17: =++S17++AI16 -> 398381628
D18: CAQUETA | G18: PUESTO 16 HORAS (DIURNO) | H18: SERVICIO SIN ARMA | I18: Serv. Vig. 16 H Diurno sin arma Aero. Florencia | J18: 30 | K18: 5 | L18: =(9.06*1160000*55.97%)+(9.06*1160000*44.03%/9*1)+2 -> 6396378.1 | M18: =+(X$9*55.97%)+(X9*44.03%/9*1) -> 197.79614 | N18: =+(L18+M18)*8% -> 511726.07 | O18: =(((ROUND(N18+M18+L18,0)*K18))/30)*J18 -> 34541510 | P18: =+O18/K18 -> 6908302 | Q18: =+O18*10% -> 3454151 | R18: =+Q18*19% -> 656288.69 | S18: =+ROUND(O18+R18,0) -> 35197799 | T18: =T17+S18 -> 433579427 | Z18: 29602521 | AA18: =+Z18-S18 -> -5595278.3 | AI18: =++S18++AI17 -> 433579427
D19: CAQUETA | G19: PUESTO 12 HORAS (DIURNO CON CANINO) | H19: SERVICIO CON CANINO | I19: Serv. Vig. 12 H Diurno con canino Aero. Florencia | J19: 30 | K19: 1 | L19: =9.06*1160000*55.97%/15*12+2 -> 4705780.5 | M19: =+X$9*55.97%/15*12 -> 145.51752 | N19: =+(L19+M19)*11% -> 517651.86 | O19: =(((ROUND(N19+M19+L19,0)*K19))/30)*J19 -> 5223578 | P19: =+O19/K19 -> 5223578 | Q19: =+O19*10% -> 522357.8 | R19: =+Q19*19% -> 99247.982 | S19: =+ROUND(O19+R19,0) -> 5322826 | T19: =T18+S19 -> 438902253 | Z19: 88807562 | AA19: =+Z19-S19 -> 83484736 | AI19: =++S19++AI18 -> 438902253 | AO19: =AJ12+AK14+AL21+AM24 -> #REF!
D20: TOLIMA | E20: IBAGUE | F20: PERALES (IBAGUE) | G20: PUESTO 24 HORAS | H20: SERVICIO ARMADO | I20: Serv. Vig. 24 H Diurno con arma Aero. Ibague | J20: 30 | K20: 11 | L20: =9.06*1160000+2 -> 10509602 | M20: =+X$9 -> 324.99 | N20: =+(L20+M20)*10% -> 1050992.7 | O20: =(((ROUND(N20+M20+L20,0)*K20))/30)*J20 -> 127170120 | P20: =+O20/K20 -> 11560920 | Q20: =+O20*10% -> 12717012 | R20: =+Q20*19% -> 2416232.3 | S20: =+ROUND(O20+R20,0) -> 129586352 | T20: =T19+S20 -> 568488605 | Z20: 29483347 | AA20: =+Z20-S20 -> -1.00103e+08 | AI20: =++S20++AI19 -> 568488605
D21: TOLIMA | G21: PUESTO 16 HORAS (DIURNO) | H21: SERVICIO SIN ARMA | I21: Serv. Vig. 16 H Diurno sin arma Aero. Ibague | J21: 30 | K21: 5 | L21: =(9.06*1160000*55.97%)+(9.06*1160000*44.03%/9*1)+2 -> 6396378.1 | M21: =+(X$9*55.97%)+(X9*44.03%/9*1) -> 197.79614 | N21: =+(L21+M21)*8% -> 511726.07 | O21: =(((ROUND(N21+M21+L21,0)*K21))/30)*J21 -> 34541510 | P21: =+O21/K21 -> 6908302 | Q21: =+O21*10% -> 3454151 | R21: =+Q21*19% -> 656288.69 | S21: =+ROUND(O21+R21,0) -> 35197799 | T21: =T20+S21 -> 603686404 | Z21: 4458234.2 | AA21: =+Z21-S21 -> -30739565 | AI21: =++S21++AI20 -> 603686404 | AL21: =S15+S16+S17+S18+S19+S20+S21+S26+S27+S28+S29+S30+S31+S32+S33+S34+S35+S36+S37+S38+S39+S40+S41+S42+S62+S68+S69+S70+S71+S74+S75+S76+S77+S78+S79+S81+S83 -> 1033549672
D22: AMAZONAS | E22: LETICIA | F22: ALFREDO VASQUEZ COBO (LETICIA) | G22: PUESTO 24 HORAS | H22: SERVICIO ARMADO | I22: Serv. Vig. 24 H Diurno con arma Aero. Leticia | J22: 30 | K22: 14 | L22: =9.06*1160000+2 -> 10509602 | M22: =+X$9 -> 324.99 | N22: =+(L22+M22)*10% -> 1050992.7 | O22: =(((ROUND(N22+M22+L22,0)*K22))/30)*J22 -> 161852880 | P22: =+O22/K22 -> 11560920 | Q22: 0 | R22: 0 | S22: =+ROUND(O22+R22,0) -> 161852880 | T22: =T21+S22 -> 765539284 | Z22: 1.0854258e+08 | AA22: =+Z22-S22 -> -53310304 | AI22: =++S22++AI21 -> 765539284
D23: AMAZONAS | G23: PUESTO 12 HORAS (DIURNO) | H23: SERVICIO SIN ARMA | I23: Serv. Vig. 12 H Diurno sin arma Aero. Leticia | J23: 30 | K23: 5 | L23: =9.06*1160000*55.97%/15*12+2 -> 4705780.5 | M23: =+X$9*55.97%/15*12 -> 145.51752 | N23: =+(L23+M23)*8% -> 376474.08 | O23: =(((ROUND(N23+M23+L23,0)*K23))/30)*J23 -> 25412000 | P23: =+O23/K23 -> 5082400 | Q23: 0 | R23: 0 | S23: =+ROUND(O23+R23,0) -> 25412000 | T23: =T22+S23 -> 790951284 | Z23: 29483347 | AA23: =+Z23-S23 -> 4071347.4 | AI23: =++S23++AI22 -> 790951284
D24: AMAZONAS | G24: PUESTO 12 HORAS (DIURNO) | H24: SERVICIO CON CANINO | I24: Serv. Vig. 12 H Diurno con canino Aero. Leticia | J24: 30 | K24: 1 | L24: =9.06*1160000*55.97%/15*12+2 -> 4705780.5 | M24: =+X$9*55.97%/15*12 -> 145.51752 | N24: =+(L24+M24)*11% -> 517651.86 | O24: =(((ROUND(N24+M24+L24,0)*K24))/30)*J24 -> 5223578 | P24: =+O24/K24 -> 5223578 | Q24: 0 | R24: 0 | S24: =+ROUND(O24+R24,0) -> 5223578 | T24: =T23+S24 -> 796174862 | Z24: 1.4460395e+08 | AA24: =+Z24-S24 -> 1.3938037e+08 | AI24: =++S24++AI23 -> 796174862 | AM24: =S22+S23+S24+S25+S72+S73 -> 250700063
D25: AMAZONAS | G25: PUESTO 24 HORAS | H25: SERVICIO SIN ARMA | I25: Serv. Vig. 24 H Diurno sin arma Aero. Leticia | J25: 30 | K25: 2 | L25: =9.06*1160000+2 -> 10509602 | M25: =+X$9 -> 324.99 | N25: =+(L25+M25)*8% -> 840794.16 | O25: =(((ROUND(N25+M25+L25,0)*K25))/30)*J25 -> 22701442 | P25: =+O25/K25 -> 11350721 | Q25: 0 | R25: 0 | S25: =+ROUND(O25+R25,0) -> 22701442 | T25: =T24+S25 -> 818876304 | Z25: 21284305 | AA25: =+Z25-S25 -> -1417136.8 | AI25: =++S25++AI24 -> 818876304
D26: HUILA | E26: NEIVA | F26: BENITO SALAS (NEIVA) | G26: PUESTO 24 HORAS | H26: SERVICIO ARMADO | I26: Serv. Vig. 24 H Diurno con arma Aero. Neiva | J26: 30 | K26: 13 | L26: =9.06*1160000+2 -> 10509602 | M26: =+X$9 -> 324.99 | N26: =+(L26+M26)*10% -> 1050992.7 | O26: =(((ROUND(N26+M26+L26,0)*K26))/30)*J26 -> 150291960 | P26: =+O26/K26 -> 11560920 | Q26: =+O26*10% -> 15029196 | R26: =+Q26*19% -> 2855547.2 | S26: =+ROUND(O26+R26,0) -> 153147507 | T26: =T25+S26 -> 972023811 | Z26: 4375107.2 | AA26: =+Z26-S26 -> -1.487724e+08 | AI26: =++S26++AI25 -> 972023811
D27: HUILA | G27: PUESTO 16 HORAS (DIURNO) | H27: SERVICIO SIN ARMA | I27: Serv. Vig. 16 H Diurno sin arma Aero. Neiva | J27: 30 | K27: 7 | L27: =(9.06*1160000*55.97%)+(9.06*1160000*44.03%/9*1)+2 -> 6396378.1 | M27: =+(X$9*55.97%)+(X9*44.03%/9) -> 197.79614 | N27: =+(L27+M27)*8% -> 511726.07 | O27: =(((ROUND(N27+M27+L27,0)*K27))/30)*J27 -> 48358114 | P27: =+O27/K27 -> 6908302 | Q27: =+O27*10% -> 4835811.4 | R27: =+Q27*19% -> 918804.17 | S27: =+ROUND(O27+R27,0) -> 49276918 | T27: =T26+S27 -> 1021300729 | Z27: 19367040 | AA27: =+Z27-S27 -> -29909878 | AI27: =++S27++AI26 -> 1021300729
D28: HUILA | G28: PUESTO 12 HORAS (DIURNO) | H28: SERVICIO CON CANINO | I28: Serv. Vig. 12 H Diurno con canino Aero. Neiva | J28: 30 | K28: 1 | L28: =9.06*1160000*55.97%/15*12+2 -> 4705780.5 | M28: =+X$9*55.97%/15*12 -> 145.51752 | N28: =+(L28+M28)*11% -> 517651.86 | O28: =(((ROUND(N28+M28+L28,0)*K28))/30)*J28 -> 5223578 | P28: =+O28/K28 -> 5223578 | Q28: =+O28*10% -> 522357.8 | R28: =+Q28*19% -> 99247.982 | S28: =+ROUND(O28+R28,0) -> 5322826 | T28: =T27+S28 -> 1026623555 | Z28: 1.2827759e+08 | AA28: =+Z28-S28 -> 1.2295476e+08 | AI28: =++S28++AI27 -> 1026623555
D29: HUILA | E29: PITALITO | F29: CONTADOR (PITALITO) | G29: PUESTO 24 HORAS | H29: SERVICIO ARMADO | I29: Serv. Vig. 24 H Diurno con arma Aero. Pitalito | J29: 30 | K29: 3 | L29: =9.06*1160000+2 -> 10509602 | M29: =+X$9 -> 324.99 | N29: =+(L29+M29)*10% -> 1050992.7 | O29: =(((ROUND(N29+M29+L29,0)*K29))/30)*J29 -> 34682760 | P29: =+O29/K29 -> 11560920 | Q29: =+O29*10% -> 3468276 | R29: =+Q29*19% -> 658972.44 | S29: =+ROUND(O29+R29,0) -> 35341732 | T29: =T28+S29 -> 1061965287 | Z29: 41276686 | AA29: =+Z29-S29 -> 5934954.4 | AI29: =++S29++AI28 -> 1061965287
D30: HUILA | G30: PUESTO 12 HORAS (DIURNO) | H30: SERVICIO SIN ARMA | I30: Serv. Vig. 12 H Diurno sin arma Aero. Pitalito | J30: 30 | K30: 5 | L30: =9.06*1160000*55.97%/15*12+2 -> 4705780.5 | M30: =+(X$9*55.97%/15*12) -> 145.51752 | N30: =+(L30+M30)*8% -> 376474.08 | O30: =(((ROUND(N30+M30+L30,0)*K30))/30)*J30 -> 25412000 | P30: =+O30/K30 -> 5082400 | Q30: =+O30*10% -> 2541200 | R30: =+Q30*19% -> 482828 | S30: =+ROUND(O30+R30,0) -> 25894828 | T30: =T29+S30 -> 1087860115 | Z30: 4458234.2 | AA30: =+Z30-S30 -> -21436594 | AI30: =++S30++AI29 -> 1087860115
D31: TOLIMA | E31: MARIQUITA | F31: JOSÉ CELESTINO MUTIS (MARIQUITA) | G31: PUESTO 24 HORAS | H31: SERVICIO SIN ARMA | I31: Serv. Vig. 24 H Diurno sin arma Aero. Mariquita | J31: 30 | K31: 3 | L31: =9.06*1160000+2 -> 10509602 | M31: =+X$9 -> 324.99 | N31: =+(L31+M31)*8% -> 840794.16 | O31: =(((ROUND(N31+M31+L31,0)*K31))/30)*J31 -> 34052163 | P31: =+O31/K31 -> 11350721 | Q31: =+O31*10% -> 3405216.3 | R31: =+Q31*19% -> 646991.1 | S31: =+ROUND(O31+R31,0) -> 34699154 | T31: =T30+S31 -> 1122559269 | Z31: 29602521 | AA31: =+Z31-S31 -> -5096633.3 | AI31: =++S31++AI30 -> 1122559269
D32: PUTUMAYO | E32: PUERTOASIS | F32: TRES DE MAYO (PUERTO ASIS) | G32: PUESTO 12 HORAS (DIURNO) | H32: SERVICIO SIN ARMA | I32: Serv. Vig. 12 H Diurno sin arma Aero. Puerto Asis | J32: 30 | K32: 6 | L32: =9.06*1160000*55.97%/15*12+2 -> 4705780.5 | M32: =+X$9*55.97%/15*12 -> 145.51752 | N32: =+(L32+M32)*8% -> 376474.08 | O32: =(((ROUND(N32+M32+L32,0)*K32))/30)*J32 -> 30494400 | P32: =+O32/K32 -> 5082400 | Q32: =+O32*10% -> 3049440 | R32: =+Q32*19% -> 579393.6 | S32: =+ROUND(O32+R32,0) -> 31073794 | T32: =T31+S32 -> 1153633063 | Z32: 17350966 | AA32: =+Z32-S32 -> -13722828 | AI32: =++S32++AI31 -> 1153633063
D33: PUTUMAYO | G33: PUESTO 24 HORAS | H33: SERVICIO SIN ARMA | I33: Serv. Vig. 24 H Diurno sin arma Aero. Puerto Asis | J33: 30 | K33: =8-1-1 -> 6 | L33: =9.06*1160000+2 -> 10509602 | M33: =+X$9 -> 324.99 | N33: =+(L33+M33)*8% -> 840794.16 | O33: =(((ROUND(N33+M33+L33,0)*K33))/30)*J33 -> 68104326 | P33: =+O33/K33 -> 11350721 | Q33: =+O33*10% -> 6810432.6 | R33: =+Q33*19% -> 1293982.2 | S33: =+ROUND(O33+R33,0) -> 69398308 | T33: =T32+S33 -> 1223031371 | Z33: 4337741.4 | AA33: =+Z33-S33 -> -65060567 | AI33: =++S33++AI32 -> 1223031371
D34: PUTUMAYO | G34: PUESTO 24 HORAS | H34: SERVICIO SIN ARMA | I34: Serv. Vig. 24 H Diurno sin arma Aero. Puerto Asis | J34: 30 | K34: 1 | L34: =9.06*1160000+2 -> 10509602 | M34: =+X$9 -> 324.99 | N34: =+(L34+M34)*8% -> 840794.16 | O34: =(((ROUND(N34+M34+L34,0)*K34))/30)*J34 -> 11350721 | P34: =+O34/K34 -> 11350721 | Q34: =+O34*10% -> 1135072.1 | R34: =+Q34*19% -> 215663.7 | S34: =+ROUND(O34+R34,0) -> 11566385 | T34: =T33+S34 -> 1234597756 | Z34: 29064293 | AA34: =+Z34-S34 -> 17497908 | AI34: =++S34++AI33 -> 1234597756
D35: CAQUETA | E35: SAN VICENTE DEL CAGUAN | F35: SAN VICENTE DEL CAGUAN | G35: PUESTO 24 HORAS | H35: SERVICIO SIN ARMA | I35: Serv. Vig. 24 H Diurno sin arma Aero. San Vicente del Caguan | J35: 30 | K35: =5-2 -> 3 | L35: =9.06*1160000+2 -> 10509602 | M35: =+X$9 -> 324.99 | N35: =+(L35+M35)*8% -> 840794.16 | O35: =(((ROUND(N35+M35+L35,0)*K35))/30)*J35 -> 34052163 | P35: =+O35/K35 -> 11350721 | Q35: =+O35*10% -> 3405216.3 | R35: =+Q35*19% -> 646991.1 | S35: =+ROUND(O35+R35,0) -> 34699154 | T35: =T34+S35 -> 1269296910 | Z35: 26026448 | AA35: =+Z35-S35 -> -8672705.6 | AI35: =++S35++AI34 -> 1269296910
D36: CAQUETA | G36: PUESTO 12 HORAS (DIURNO) | H36: SERVICIO SIN ARMA | I36: Serv. Vig. 12 H Diurno sin arma Aero. San Vicente del Caguan | J36: 30 | K36: 1 | L36: =9.06*1160000*55.97%/15*12+2 -> 4705780.5 | M36: =+X$9*55.97%/15*12 -> 145.51752 | N36: =+(L36+M36)*8% -> 376474.08 | O36: =(((ROUND(N36+M36+L36,0)*K36))/30)*J36 -> 5082400 | P36: =+O36/K36 -> 5082400 | Q36: =+O36*10% -> 508240 | R36: =+Q36*19% -> 96565.6 | S36: =+ROUND(O36+R36,0) -> 5178966 | T36: =T35+S36 -> 1274475876 | Z36: 58128586 | AA36: =+Z36-S36 -> 52949620 | AI36: =++S36++AI35 -> 1274475876
D37: CAQUETA | G37: PUESTO 12 HORAS (DIURNO) | H37: SERVICIO SIN ARMA | I37: Serv. Vig. 12 H Diurno sin arma Aero. San Vicente del Caguan | J37: 30 | K37: 1 | L37: =9.06*1160000*55.97%/15*12+2 -> 4705780.5 | M37: =+X$9*55.97%/15*12 -> 145.51752 | N37: =+(L37+M37)*8% -> 376474.08 | O37: =(((ROUND(N37+M37+L37,0)*K37))/30)*J37 -> 5082400 | P37: =+O37/K37 -> 5082400 | Q37: =+O37*10% -> 508240 | R37: =+Q37*19% -> 96565.6 | S37: =+ROUND(O37+R37,0) -> 5178966 | T37: =T36+S37 -> 1279654842 | Z37: 9688097.7 | AA37: =+Z37-S37 -> 4509131.7 | AI37: =++S37++AI36 -> 1279654842
D38: BOYACA | E38: PAIPA | F38: JUAN JOSE RONDON | G38: PUESTO 24 HORAS | H38: SERVICIO ARMADO | I38: Serv. Vig. 24 H Diurno con arma Aero. Paipa | J38: 30 | K38: 3 | L38: =9.06*1160000+2 -> 10509602 | M38: =+X$9 -> 324.99 | N38: =+(L38+M38)*10% -> 1050992.7 | O38: =(((ROUND(N38+M38+L38,0)*K38))/30)*J38 -> 34682760 | P38: =+O38/K38 -> 11560920 | Q38: =+O38*10% -> 3468276 | R38: =+Q38*19% -> 658972.44 | S38: =+ROUND(O38+R38,0) -> 35341732 | T38: =T37+S38 -> 1314996574 | Z38: 29064293 | AA38: =+Z38-S38 -> -6277439 | AI38: =++S38++AI37 -> 1314996574
G39: PUESTO 12 HORAS (DIURNO) | H39: SERVICIO SIN ARMA | I39: Serv. Vig. 12 H Diurno sin arma Aero. Paipa | J39: 30 | K39: 4 | L39: =9.06*1160000*55.97%/15*12/30*26+2 -> 4078343.4 | M39: =+X$9*55.97%/15*12/30*26 -> 126.11519 | N39: =+(L39+M39)*8% -> 326277.56 | O39: =(((ROUND(N39+M39+L39,0)*K39))/30)*J39 -> 17618988 | P39: =+O39/K39 -> 4404747 | Q39: =+O39*10% -> 1761898.8 | R39: =+Q39*19% -> 334760.77 | S39: =+ROUND(O39+R39,0) -> 17953749 | T39: =T38+S39 -> 1332950323 | Z39: 4337741.4 | AA39: =+Z39-S39 -> -13616008 | AI39: =++S39++AI38 -> 1332950323
D40: PUTUMAYO | E40: VILLA GARZON | F40: VILLA GARZON | G40: PUESTO 24 HORAS | H40: SERVICIO ARMADO | I40: Serv. Vig. 24 H Diurno con arma Aero. Villa Garzon | J40: 30 | K40: 2 | L40: =9.06*1160000+2 -> 10509602 | M40: =+X$9 -> 324.99 | N40: =+(L40+M40)*10% -> 1050992.7 | O40: =(((ROUND(N40+M40+L40,0)*K40))/30)*J40 -> 23121840 | P40: =+O40/K40 -> 11560920 | Q40: =+O40*10% -> 2312184 | R40: =+Q40*19% -> 439314.96 | S40: =+ROUND(O40+R40,0) -> 23561155 | T40: =T39+S40 -> 1356511478 | Z40: 4337741.4 | AA40: =+Z40-S40 -> -19223414 | AI40: =++S40++AI39 -> 1356511478
D41: PUTUMAYO | G41: PUESTO 12 HORAS (DIURNO) | H41: SERVICIO SIN ARMA | I41: Serv. Vig. 12 H Diurno sin arma Aero. Villa Garzon | J41: 30 | K41: 3 | L41: =9.06*1160000*55.97%/15*12+2 -> 4705780.5 | M41: =+X$9*55.97%/15*12 -> 145.51752 | N41: =+(L41+M41)*8% -> 376474.08 | O41: =(((ROUND(N41+M41+L41,0)*K41))/30)*J41 -> 15247200 | P41: =+O41/K41 -> 5082400 | Q41: =+O41*10% -> 1524720 | R41: =+Q41*19% -> 289696.8 | S41: =+ROUND(O41+R41,0) -> 15536897 | T41: =T40+S41 -> 1372048375 | Z41: 29602521 | AA41: =+Z41-S41 -> 14065624 | AI41: =++S41++AI40 -> 1372048375
D42: BOYACA | E42: TUNJA | F42: GUSTAVO ROJAS PINILLA DE TUNJA | G42: PUESTO 24 HORAS | H42: SERVICIO ARMADO | I42: Serv. Vig. 24 H Diurno con arma Aero. Tunja | J42: 30 | K42: 2 | L42: =9.06*1160000+2 -> 10509602 | M42: =+X$9 -> 324.99 | N42: =+(L42+M42)*10% -> 1050992.7 | O42: =(((ROUND(N42+M42+L42,0)*K42))/30)*J42 -> 23121840 | P42: =+O42/K42 -> 11560920 | Q42: =+O42*10% -> 2312184 | R42: =+Q42*19% -> 439314.96 | S42: =+ROUND(O42+R42,0) -> 23561155 | T42: =T41+S42 -> 1395609530 | Z42: 17350966 | AA42: =+Z42-S42 -> -6210189.4 | AI42: =++S42++AI41 -> 1395609530
C43: ESTACIONES | D43: TOLIMA | E43: FLANDES | F43: RADAR (FLANDES) | G43: PUESTO 24 HORAS | H43: SERVICIO ARMADO | I43: Serv. Vig. 24 H Diurno con arma Estacion Flandes | J43: 30 | K43: 1 | L43: =9.06*1160000+2 -> 10509602 | M43: =+X$9 -> 324.99 | N43: =+(L43+M43)*10% -> 1050992.7 | O43: =(((ROUND(N43+M43+L43,0)*K43))/30)*J43 -> 11560920 | P43: =+O43/K43 -> 11560920 | Q43: =+O43*10% -> 1156092 | R43: =+Q43*19% -> 219657.48 | S43: =+ROUND(O43+R43,0) -> 11780577 | T43: =T42+S43 -> 1407390107 | Z43: 19735014 | AA43: =+Z43-S43 -> 7954436.8 | AI43: =++S43++AI42 -> 1407390107 | AJ43: =S43+S44+S45+S46+S47+S48+S49+S50+S51+S52+S53+S54+S55+S56+S57+S58+S59+S60+S61+#REF!+S63+S64+S65+S66+S67+S84 -> #REF!
D44: TOLIMA | E44: ESPINAL | F44: VOR EL ESPINAL | G44: PUESTO 24 HORAS | H44: SERVICIO ARMADO | I44: Serv. Vig. 24 H Diurno con arma Estacion Espinal | J44: 30 | K44: 1 | L44: =9.06*1160000+2 -> 10509602 | M44: =+X$9 -> 324.99 | N44: =+(L44+M44)*10% -> 1050992.7 | O44: =(((ROUND(N44+M44+L44,0)*K44))/30)*J44 -> 11560920 | P44: =+O44/K44 -> 11560920 | Q44: =+O44*10% -> 1156092 | R44: =+Q44*19% -> 219657.48 | S44: =+ROUND(O44+R44,0) -> 11780577 | T44: =T43+S44 -> 1419170684 | Z44: 13013224 | AA44: =+Z44-S44 -> 1232647.2 | AI44: =++S44++AI43 -> 1419170684
D45: TOLIMA | E45: IBAGUE | F45: PICALEÑA | G45: PUESTO 24 HORAS | H45: SERVICIO ARMADO | I45: Serv. Vig. 24 H Diurno con arma Estacion Ibague | J45: 30 | K45: 1 | L45: =9.06*1160000+2 -> 10509602 | M45: =+X$9 -> 324.99 | N45: =+(L45+M45)*10% -> 1050992.7 | O45: =(((ROUND(N45+M45+L45,0)*K45))/30)*J45 -> 11560920 | P45: =+O45/K45 -> 11560920 | Q45: =+O45*10% -> 1156092 | R45: =+Q45*19% -> 219657.48 | S45: =+ROUND(O45+R45,0) -> 11780577 | T45: =T44+S45 -> 1430951261 | Z45: 19735014 | AA45: =+Z45-S45 -> 7954436.8 | AI45: =++S45++AI44 -> 1430951261
D46: HUILA | E46: NEIVA | F46: VOR TOTUMO NEIVA | G46: PUESTO 24 HORAS | H46: SERVICIO ARMADO | I46: Serv. Vig. 24 H Diurno con arma Estacion Neiva | J46: 30 | K46: 1 | L46: =9.06*1160000+2 -> 10509602 | M46: =+X$9 -> 324.99 | N46: =+(L46+M46)*10% -> 1050992.7 | O46: =(((ROUND(N46+M46+L46,0)*K46))/30)*J46 -> 11560920 | P46: =+O46/K46 -> 11560920 | Q46: =+O46*10% -> 1156092 | R46: =+Q46*19% -> 219657.48 | S46: =+ROUND(O46+R46,0) -> 11780577 | T46: =T45+S46 -> 1442731838 | Z46: 9867506.9 | AA46: =+Z46-S46 -> -1913070.1 | AI46: =++S46++AI45 -> 1442731838
D47: TOLIMA | E47: MARIQUITA | F47: VOR | G47: PUESTO 24 HORAS | H47: SERVICIO ARMADO | I47: Serv. Vig. 24 H Diurno con arma Estacion Mariquita | J47: 30 | K47: 1 | L47: =9.06*1160000+2 -> 10509602 | M47: =+X$9 -> 324.99 | N47: =+(L47+M47)*10% -> 1050992.7 | O47: =(((ROUND(N47+M47+L47,0)*K47))/30)*J47 -> 11560920 | P47: =+O47/K47 -> 11560920 | Q47: =+O47*10% -> 1156092 | R47: =+Q47*19% -> 219657.48 | S47: =+ROUND(O47+R47,0) -> 11780577 | T47: =T46+S47 -> 1454512415 | Z47: 9867506.9 | AA47: =+Z47-S47 -> -1913070.1 | AI47: =++S47++AI46 -> 1454512415
C48: ADMINISTRATIVOS | D48: CUNDINAMARCA | E48: BOGOTA | F48: EL DORADO (BOGOTA) | G48: PUESTO 24 HORAS | H48: SERVICIO SIN ARMA | I48: Serv. Vig. 24 H Diurno sin arma - El Dorado | J48: 30 | K48: 6 | L48: =9.06*1160000+2 -> 10509602 | M48: =+X$9 -> 324.99 | N48: =+(L48+M48)*8% -> 840794.16 | O48: =(((ROUND(N48+M48+L48,0)*K48))/30)*J48 -> 68104326 | P48: =+O48/K48 -> 11350721 | Q48: =+O48*10% -> 6810432.6 | R48: =+Q48*19% -> 1293982.2 | S48: =+ROUND(O48+R48,0) -> 69398308 | T48: =T47+S48 -> 1523910723 | Z48: 9867506.9 | AA48: =+Z48-S48 -> -59530801 | AI48: =++S48++AI47 -> 1523910723
G49: PUESTO 24 HORAS | H49: SERVICIO ARMADO | I49: Serv. Vig. 24 H Diurno con arma - El Dorado | J49: 30 | K49: 5 | L49: =9.06*1160000+2 -> 10509602 | M49: =+X$9 -> 324.99 | N49: =+(L49+M49)*10% -> 1050992.7 | O49: =(((ROUND(N49+M49+L49,0)*K49))/30)*J49 -> 57804600 | P49: =+O49/K49 -> 11560920 | Q49: =+O49*10% -> 5780460 | R49: =+Q49*19% -> 1098287.4 | S49: =+ROUND(O49+R49,0) -> 58902887 | T49: =T48+S49 -> 1582813610 | Z49: 9867506.9 | AA49: =+Z49-S49 -> -49035380 | AI49: =++S49++AI48 -> 1582813610
G50: PUESTO 12 HORAS (DIURNO) | H50: SERVICIO SIN ARMA | I50: Serv. Vig. 12 H Diurno sin arma - El Dorado | J50: 30 | K50: 2 | L50: =9.06*1160000*55.97%/15*12+2 -> 4705780.5 | M50: =+X$9*55.97%/15*12 -> 145.51752 | N50: =+(L50+M50)*8% -> 376474.08 | O50: =(((ROUND(N50+M50+L50,0)*K50))/30)*J50 -> 10164800 | P50: =+O50/K50 -> 5082400 | Q50: =+O50*10% -> 1016480 | R50: =+Q50*19% -> 193131.2 | S50: =+ROUND(O50+R50,0) -> 10357931 | T50: =T49+S50 -> 1593171541 | Z50: 9867506.9 | AA50: =+Z50-S50 -> -490424.1 | AI50: =++S50++AI49 -> 1593171541
G51: PUESTO 12 HORAS (DIURNO) NEAA - CGAC | H51: SERVICIO CON CANINO | I51: Serv. Vig. 12 H Diurno con canino - NEAA y CGAC | J51: 30 | K51: 2 | L51: =9.06*1160000*55.97%/15*12+2 -> 4705780.5 | M51: =+X$9*55.97%/15*12 -> 145.51752 | N51: =+(L51+M51)*11% -> 517651.86 | O51: =(((ROUND(N51+M51+L51,0)*K51))/30)*J51 -> 10447156 | P51: =+O51/K51 -> 5223578 | Q51: =+O51*10% -> 1044715.6 | R51: =+Q51*19% -> 198495.96 | S51: =+ROUND(O51+R51,0) -> 10645652 | T51: =T50+S51 -> 1603817193 | Z51: 58128586 | AA51: =+Z51-S51 -> 47482934 | AI51: =++S51++AI50 -> 1603817193
G52: PUESTO 12 HORAS (DIURNO) lun-Vie sin festivos | H52: SERVICIO SIN ARMA | I52: Serv. Vig. 12 H Diurno L-V sin arma - El Dorado | J52: 20 | K52: 3 | L52: =9.06*1160000*55.97%/15*12/30*20+2 -> 3137187.7 | M52: =+X9*55.97%/15*12/30*20 -> 97.011682 | N52: =+(L52+M52)*8% -> 250982.77 | O52: =(((ROUND(N52+M52+L52,0)*K52))/30)*J52 -> 6776534 | P52: =+O52/K52 -> 2258844.7 | Q52: =+O52*10% -> 677653.4 | R52: =+Q52*19% -> 128754.15 | S52: =+ROUND(O52+R52,0) -> 6905288 | T52: =T51+S52 -> 1610722481 | Z52: 49337534 | AA52: =+Z52-S52 -> 42432246 | AI52: =++S52++AI51 -> 1610722481
D53: TOLIMA | E53: FLANDES | F53: FLANDES | G53: PUESTO 24 HORAS | H53: SERVICIO SIN ARMA | I53: Serv. Vig. 24 H Diurno sin arma - Flandes | J53: 30 | K53: 1 | L53: =9.06*1160000+2 -> 10509602 | M53: =+X$9 -> 324.99 | N53: =+(L53+M53)*8% -> 840794.16 | O53: =(((ROUND(N53+M53+L53,0)*K53))/30)*J53 -> 11350721 | P53: =+O53/K53 -> 11350721 | Q53: =+O53*10% -> 1135072.1 | R53: =+Q53*19% -> 215663.7 | S53: =+ROUND(O53+R53,0) -> 11566385 | T53: =T52+S53 -> 1622288866 | Z53: 8675482.8 | AA53: =+Z53-S53 -> -2890902.2 | AI53: =++S53++AI52 -> 1622288866
G54: PUESTO 24 HORAS | H54: SERVICIO ARMADO | I54: Serv. Vig. 24 H Diurno con arma Aero. Dorado | J54: 30 | K54: 1 | L54: =9.06*1160000+2 -> 10509602 | M54: =+X$9 -> 324.99 | N54: =+(L54+M54)*10% -> 1050992.7 | O54: =(((ROUND(N54+M54+L54,0)*K54))/30)*J54 -> 11560920 | P54: =+O54/K54 -> 11560920 | Q54: =+O54*10% -> 1156092 | R54: =+Q54*19% -> 219657.48 | S54: =+ROUND(O54+R54,0) -> 11780577 | T54: =T53+S54 -> 1634069443 | Z54: 8836089 | AA54: =+Z54-S54 -> -2944488 | AI54: =++S54++AI53 -> 1634069443
D55: CUNDINAMARCA | E55: GUAYMARAL | F55: GUAYMARAL | G55: PUESTO 24 HORAS | H55: SERVICIO ARMADO | I55: Serv. Vig. 24 H Diurno con arma Aero. Dorado | J55: 30 | K55: 3 | L55: =9.06*1160000+2 -> 10509602 | M55: =+X$9 -> 324.99 | N55: =+(L55+M55)*10% -> 1050992.7 | O55: =(((ROUND(N55+M55+L55,0)*K55))/30)*J55 -> 34682760 | P55: =+O55/K55 -> 11560920 | Q55: =+O55*10% -> 3468276 | R55: =+Q55*19% -> 658972.44 | S55: =+ROUND(O55+R55,0) -> 35341732 | T55: =T54+S55 -> 1669411175 | Z55: 8676693.8 | AA55: =+Z55-S55 -> -26665038 | AI55: =++S55++AI54 -> 1669411175
G56: PUESTO 24 HORAS | H56: SERVICIO SIN ARMA | I56: Serv. Vig. 24 H Diurno sin arma - Guaymaral | J56: 30 | K56: 1 | L56: =9.06*1160000+2 -> 10509602 | M56: =+X$9 -> 324.99 | N56: =+(L56+M56)*8% -> 840794.16 | O56: =(((ROUND(N56+M56+L56,0)*K56))/30)*J56 -> 11350721 | P56: =+O56/K56 -> 11350721 | Q56: =+O56*10% -> 1135072.1 | R56: =+Q56*19% -> 215663.7 | S56: =+ROUND(O56+R56,0) -> 11566385 | T56: =T55+S56 -> 1680977560 | Z56: 9867506.9 | AA56: =+Z56-S56 -> -1698878.1 | AI56: =++S56++AI55 -> 1680977560
D57: TOLIMA | E57: IBAGUE | F57: PERALES (IBAGUE) | G57: PUESTO 24 HORAS | H57: SERVICIO SIN ARMA | I57: Serv. Vig. 24 H Diurno sin arma - Ibague | J57: 30 | K57: 1 | L57: =9.06*1160000+2 -> 10509602 | M57: =+X$9 -> 324.99 | N57: =+(L57+M57)*8% -> 840794.16 | O57: =(((ROUND(N57+M57+L57,0)*K57))/30)*J57 -> 11350721 | P57: =+O57/K57 -> 11350721 | Q57: =+O57*10% -> 1135072.1 | R57: =+Q57*19% -> 215663.7 | S57: =+ROUND(O57+R57,0) -> 11566385 | T57: =T56+S57 -> 1692543945 | Z57: 9688097.7 | AA57: =+Z57-S57 -> -1878287.3 | AI57: =++S57++AI56 -> 1692543945
E58: MARIQUITA | F58: MARIQUITA | G58: PUESTO 24 HORAS | H58: SERVICIO SIN ARMA | I58: Serv. Vig. 24 H Diurno sin arma - Mariquita | J58: 30 | K58: 2 | L58: =9.06*1160000+2 -> 10509602 | M58: =+X$9 -> 324.99 | N58: =+(L58+M58)*8% -> 840794.16 | O58: =(((ROUND(N58+M58+L58,0)*K58))/30)*J58 -> 22701442 | P58: =+O58/K58 -> 11350721 | Q58: =+O58*10% -> 2270144.2 | R58: =+Q58*19% -> 431327.4 | S58: =+ROUND(O58+R58,0) -> 23132769 | T58: =T57+S58 -> 1715676714 | Z58: 29602521 | AA58: =+Z58-S58 -> 6469751.7 | AI58: =++S58++AI57 -> 1715676714
D59: BOYACA | E59: PAIPA | F59: PAIPA | G59: PUESTO 24 HORAS | H59: SERVICIO SIN ARMA | I59: Serv. Vig. 24 H Diurno sin arma - Paipa | J59: 30 | K59: 1 | L59: =9.06*1160000+2 -> 10509602 | M59: =+X$9 -> 324.99 | N59: =+(L59+M59)*8% -> 840794.16 | O59: =(((ROUND(N59+M59+L59,0)*K59))/30)*J59 -> 11350721 | P59: =+O59/K59 -> 11350721 | Q59: =+O59*10% -> 1135072.1 | R59: =+Q59*19% -> 215663.7 | S59: =+ROUND(O59+R59,0) -> 11566385 | T59: =T58+S59 -> 1727243099 | Z59: 9688097.7 | AA59: =+Z59-S59 -> -1878287.3 | AI59: =++S59++AI58 -> 1727243099
D60: TOLIMA | E60: CHAPARRAL | F60: NAVAS PARDO (CHAPARRAL) | G60: PUESTO 24 HORAS | H60: SERVICIO SIN ARMA | I60: Serv. Vig. 24 H Diurno sin arma - Chaparral | J60: 30 | K60: 1 | L60: =9.06*1160000+2 -> 10509602 | M60: =+X$9 -> 324.99 | N60: =+(L60+M60)*8% -> 840794.16 | O60: =(((ROUND(N60+M60+L60,0)*K60))/30)*J60 -> 11350721 | P60: =+O60/K60 -> 11350721 | Q60: =+O60*10% -> 1135072.1 | R60: =+Q60*19% -> 215663.7 | S60: =+ROUND(O60+R60,0) -> 11566385 | T60: =T59+S60 -> 1738809484 | Z60: 9688097.7 | AA60: =+Z60-S60 -> -1878287.3 | AI60: =++S60++AI59 -> 1738809484
D61: CAQUETA | E61: SAN VICENTE DEL CAGUAN | F61: SAN VICENTE DEL CAGUAN | G61: PUESTO 24 HORAS | H61: SERVICIO SIN ARMA | I61: Serv. Vig. 24 H Diurno sin arma - San Vicente del Caguan | J61: 30 | K61: 2 | L61: =9.06*1160000+2 -> 10509602 | M61: =+X$9 -> 324.99 | N61: =+(L61+M61)*8% -> 840794.16 | O61: =(((ROUND(N61+M61+L61,0)*K61))/30)*J61 -> 22701442 | P61: =+O61/K61 -> 11350721 | Q61: =+O61*10% -> 2270144.2 | R61: =+Q61*19% -> 431327.4 | S61: =+ROUND(O61+R61,0) -> 23132769 | T61: =T60+S61 -> 1761942253 | Z61: 19376195 | AA61: =+Z61-S61 -> -3756573.6 | AI61: =++S61++AI60 -> 1761942253
B62: NO REGULADA | C62: SUPERVISORES | D62: PUTUMAYO | E62: VILLA GARZON | F62: VILLA GARZON | G62: SUPERVISOR 12 HORAS (DIURNO) | H62: BOTÓN DE PÁNICO | I62: Serv. Supervision 12 H Diurno - Villa Garzon | J62: 30 | K62: 1 | L62: =9.06*1160000*55.97%/15*12+2 -> 4705780.5 | M62: =+X$9*55.97%/15*12 -> 145.51752 | N62: =+(L62+M62)*8% -> 376474.08 | O62: =(((ROUND(N62+M62+L62,0)*K62))/30)*J62 -> 5082400 | P62: =+O62/K62 -> 5082400 | Q62: =+O62*10% -> 508240 | R62: =+Q62*19% -> 96565.6 | S62: =+ROUND(O62+R62,0) -> 5178966 | T62: =T61+S62 -> 1767121219 | Z62: 9688097.7 | AA62: =+Z62-S62 -> 4509131.7 | AC62: =+S62 -> 5178966 | AD62: 4703841.7 | AE62: =+AD62-AC62 -> -475124.32 | AF62: =+AD62*80% -> 3763073.3 | AG62: =+AC62-AF62 -> 1415892.7 | AI62: =++S62++#REF! -> #REF!
D63: CUNDINAMARCA | E63: BOGOTA | F63: EL DORADO (BOGOTA) | G63: SUPERVISOR 24 HORAS | H63: BOTÓN DE PÁNICO | I63: Serv. Supervision 24 H - Aero. El Dorado | J63: 30 | K63: 1 | L63: =9.06*1160000+2+450000 -> 10959602 | M63: =+X$9 -> 324.99 | N63: =+(L63+M63)*8% -> 876794.16 | O63: =(((ROUND(N63+M63+L63,0)*K63))/30)*J63 -> 11836721 | P63: =+O63/K63 -> 11836721 | Q63: =+O63*10% -> 1183672.1 | R63: =+Q63*19% -> 224897.7 | S63: =+ROUND(O63+R63,0) -> 12061619 | T63: =T62+S63 -> 1779182838 | Z63: 19376195 | AA63: =+Z63-S63 -> 7314576.4 | AC63: =+S63 -> 12061619 | AD63: 10636447 | AE63: =+AD63-AC63 -> -1425172 | AF63: =+AD63*80% -> 8509157.6 | AG63: =+AC63-AF63 -> 3552461.4 | AI63: =++S63++AI62 -> #REF!
G64: SUPERVISOR 24 HORAS CGAC | H64: BOTÓN DE PÁNICO | I64: Serv. Supervision 24 H - CGAC | J64: 30 | K64: 1 | L64: =9.06*1160000+2+450000 -> 10959602 | M64: =+X$9 -> 324.99 | N64: =+(L64+M64)*8% -> 876794.16 | O64: =(((ROUND(N64+M64+L64,0)*K64))/30)*J64 -> 11836721 | P64: =+O64/K64 -> 11836721 | Q64: =+O64*10% -> 1183672.1 | R64: =+Q64*19% -> 224897.7 | S64: =+ROUND(O64+R64,0) -> 12061619 | T64: =T63+S64 -> 1791244457 | Z64: 9507456 | AA64: =+Z64-S64 -> -2554163 | AC64: =+S64 -> 12061619 | AD64: 10636447 | AE64: =+AD64-AC64 -> -1425172 | AF64: =+AD64*80% -> 8509157.6 | AG64: =+AC64-AF64 -> 3552461.4 | AI64: =++S64++AI63 -> #REF!
F65: EL DORADO (BOGOTA) | G65: SUPERVISOR 24 HORAS INSTALACIONES ADMINISTRATIVAS | H65: BOTÓN DE PÁNICO | I65: Serv. Supervision 24 H - Instalaciones Admon | J65: 30 | K65: 2 | L65: =9.06*1160000+2+450000 -> 10959602 | M65: =+X$9 -> 324.99 | N65: =+(L65+M65)*8% -> 876794.16 | O65: =(((ROUND(N65+M65+L65,0)*K65))/30)*J65 -> 23673442 | P65: =+O65/K65 -> 11836721 | Q65: =+O65*10% -> 2367344.2 | R65: =+Q65*19% -> 449795.4 | S65: =+ROUND(O65+R65,0) -> 24123237 | T65: =T64+S65 -> 1815367694 | Z65: 4703841.7 | AA65: =+Z65-S65 -> -19419395 | AC65: =+S65 -> 24123237 | AD65: 21272894 | AE65: =+AD65-AC65 -> -2850343 | AF65: =+AD65*80% -> 17018315 | AG65: =+AC65-AF65 -> 7104921.8 | AI65: =++S65++AI64 -> #REF!
F66: EL DORADO (BOGOTA) | G66: SUPERVISOR 24 HORAS CSGC | H66: BOTÓN DE PÁNICO | I66: Serv. Supervision 24 H - CGAC | J66: 30 | K66: 1 | L66: =9.06*1160000+2+450000 -> 10959602 | M66: =+X$9 -> 324.99 | N66: =+(L66+M66)*8% -> 876794.16 | O66: =(((ROUND(N66+M66+L66,0)*K66))/30)*J66 -> 11836721 | P66: =+O66/K66 -> 11836721 | Q66: =+O66*10% -> 1183672.1 | R66: =+Q66*19% -> 224897.7 | S66: =+ROUND(O66+R66,0) -> 12061619 | T66: =T65+S66 -> 1827429313 | Z66: 10636447 | AA66: =+Z66-S66 -> -1425172 | AC66: =+S66 -> 12061619 | AD66: 10636447 | AE66: =+AD66-AC66 -> -1425172 | AF66: =+AD66*80% -> 8509157.6 | AG66: =+AC66-AF66 -> 3552461.4 | AI66: =++S66++AI65 -> #REF!
F67: CENTRO SITUACIONAL CRISIS | G67: OMT24 HORAS CCTV | H67: BOTÓN DE PÁNICO | I67: Serv. OMT 24 H - Centro Situacional Crisis | J67: 30 | K67: 6 | L67: =9.06*1160000 -> 10509600 | M67: =+X$9 -> 324.99 | N67: =+(L67+M67)*8% -> 840794 | O67: =(((ROUND(N67+M67+L67,0)*K67))/30)*J67 -> 68104314 | P67: =+O67/K67 -> 11350719 | Q67: =+O67*10% -> 6810431.4 | R67: =+Q67*19% -> 1293982 | S67: =+ROUND(O67+R67,0) -> 69398296 | T67: =T66+S67 -> 1896827609 | Z67: 10636447 | AA67: =+Z67-S67 -> -58761849 | AC67: =+S67 -> 69398296 | AD67: 1.0636447e+08 | AE67: =+AD67-AC67 -> 36966174 | AF67: =+AD67*80% -> 85091576 | AG67: =+AC67-AF67 -> -15693280 | AI67: =++S67++AI66 -> #REF!
D68: CAQUETA | E68: FLORENCIA | F68: GUSTAVO ARTUNDUAGA PAREDES (FLORENCIA) | G68: SUPERVISOR 24 HORAS | H68: BOTÓN DE PÁNICO | I68: Serv. Supervision 24 H - Florencia | J68: 30 | K68: 1 | L68: =9.06*1160000+2+450000 -> 10959602 | M68: =+X$9 -> 324.99 | N68: =+(L68+M68)*8% -> 876794.16 | O68: =(((ROUND(N68+M68+L68,0)*K68))/30)*J68 -> 11836721 | P68: =+O68/K68 -> 11836721 | Q68: =+O68*10% -> 1183672.1 | R68: =+Q68*19% -> 224897.7 | S68: =+ROUND(O68+R68,0) -> 12061619 | T68: =T67+S68 -> 1908889228 | Z68: 21272894 | AA68: =+Z68-S68 -> 9211275 | AC68: =+S68 -> 12061619 | AD68: 10636447 | AE68: =+AD68-AC68 -> -1425172 | AF68: =+AD68*80% -> 8509157.6 | AG68: =+AC68-AF68 -> 3552461.4 | AI68: =++S68++AI67 -> #REF!
G69: OMT 16 HORAS CCTV DIURNO | H69: BOTÓN DE PÁNICO | I69: Serv. OMT 16 H Diurno - Florencia | J69: 30 | K69: 1 | L69: =(9.06*1160000*55.97%)+(9.06*1160000*44.03%/9*1) -> 6396376.1 | M69: =+(X$9*55.97%)+(X9*44.03%/9*1) -> 197.79614 | N69: =+(L69+M69)*8% -> 511725.91 | O69: =(((ROUND(N69+M69+L69,0)*K69))/30)*J69 -> 6908300 | P69: =+O69/K69 -> 6908300 | Q69: =+O69*10% -> 690830 | R69: =+Q69*19% -> 131257.7 | S69: =+ROUND(O69+R69,0) -> 7039558 | T69: =T68+S69 -> 1915928786 | Z69: 10636447 | AA69: =+Z69-S69 -> 3596889 | AC69: =+S69 -> 7039558 | AD69: 7737445.1 | AE69: =+AD69-AC69 -> 697887.06 | AF69: =+AD69*80% -> 6189956 | AG69: =+AC69-AF69 -> 849601.95 | AI69: =++S69++AI68 -> #REF!
D70: TOLIMA | E70: IBAGUE | F70: PERALES (IBAGUE) | G70: PUESTO 16 HORAS CCTV | H70: BOTÓN DE PÁNICO | I70: Serv. OMT 16 H Diurno - Ibague | J70: 30 | K70: 1 | L70: =(9.06*1160000*55.97%)+(9.06*1160000*44.03%/9*1)+2 -> 6396378.1 | M70: =+(X$9*55.97%)+(X9*44.03%/9*1) -> 197.79614 | N70: =+(L70+M70)*8% -> 511726.07 | O70: =(((ROUND(N70+M70+L70,0)*K70))/30)*J70 -> 6908302 | P70: =+O70/K70 -> 6908302 | Q70: =+O70*10% -> 690830.2 | R70: =+Q70*19% -> 131257.74 | S70: =+ROUND(O70+R70,0) -> 7039560 | T70: =T69+S70 -> 1922968346 | Z70: 1.0636447e+08 | AA70: =+Z70-S70 -> 99324910 | AC70: =+S70 -> 7039560 | AD70: 6230950.2 | AE70: =+AD70-AC70 -> -808609.78 | AF70: =+AD70*80% -> 4984760.2 | AG70: =+AC70-AF70 -> 2054799.8 | AI70: =++S70++AI69 -> #REF!
G71: SUPERVISOR 24 HORAS | H71: BOTÓN DE PÁNICO | I71: Serv. Supervision 24 H - Ibague | J71: 30 | K71: 1 | L71: =9.06*1160000+2+450000 -> 10959602 | M71: =+X$9 -> 324.99 | N71: =+(L71+M71)*8% -> 876794.16 | O71: =(((ROUND(N71+M71+L71,0)*K71))/30)*J71 -> 11836721 | P71: =+O71/K71 -> 11836721 | Q71: =+O71*10% -> 1183672.1 | R71: =+Q71*19% -> 224897.7 | S71: =+ROUND(O71+R71,0) -> 12061619 | T71: =T70+S71 -> 1935029965 | Z71: 10636447 | AA71: =+Z71-S71 -> -1425172 | AC71: =+S71 -> 12061619 | AD71: 10636447 | AE71: =+AD71-AC71 -> -1425172 | AF71: =+AD71*80% -> 8509157.6 | AG71: =+AC71-AF71 -> 3552461.4 | AI71: =++S71++AI70 -> #REF!
D72: AMAZONAS | E72: LETICIA | F72: ALFREDO VASQUEZ COBO (LETICIA) | G72: SUPERVISOR 24 HORAS | H72: BOTÓN DE PÁNICO | I72: Serv. Supervision 24 H - Leticia | J72: 30 | K72: 1 | L72: =9.06*1160000+2+450000 -> 10959602 | M72: =+X$9 -> 324.99 | N72: =+(L72+M72)*8% -> 876794.16 | O72: =(((ROUND(N72+M72+L72,0)*K72))/30)*J72 -> 11836721 | P72: =+O72/K72 -> 11836721 | Q72: 0 | R72: 0 | S72: =+ROUND(O72+R72,0) -> 11836721 | T72: =T71+S72 -> 1946866686 | Z72: 7737445.1 | AA72: =+Z72-S72 -> -4099275.9 | AC72: =+S72 -> 11836721 | AD72: 10438123 | AE72: =+AD72-AC72 -> -1398598.3 | AF72: =+AD72*80% -> 8350498.1 | AG72: =+AC72-AF72 -> 3486222.9 | AI72: =++S72++AI71 -> #REF!
G73: SUPERVISOR 24 CCTV | H73: BOTÓN DE PÁNICO | I73: Serv. Supervision 24 H - CCTV Leticia | J73: 30 | K73: 2 | L73: =9.06*1160000+2+450000 -> 10959602 | M73: =+X$9 -> 324.99 | N73: =+(L73+M73)*8% -> 876794.16 | O73: =(((ROUND(N73+M73+L73,0)*K73))/30)*J73 -> 23673442 | P73: =+O73/K73 -> 11836721 | Q73: 0 | R73: 0 | S73: =+ROUND(O73+R73,0) -> 23673442 | T73: =T72+S73 -> 1970540128 | Z73: 6230950.2 | AA73: =+Z73-S73 -> -17442492 | AC73: =+S73 -> 23673442 | AD73: 20876245 | AE73: =+AD73-AC73 -> -2797196.6 | AF73: =+AD73*80% -> 16700996 | AG73: =+AC73-AF73 -> 6972445.7 | AI73: =++S73++AI72 -> #REF!
D74: HUILA | E74: NEIVA | F74: BENITO SALAS (NEIVA) | G74: OMT 24 HORAS CCTV | H74: BOTÓN DE PÁNICO | I74: Serv. OMT 24 H - Neiva | J74: 30 | K74: 1 | L74: =9.06*1160000+2 -> 10509602 | M74: =+X$9 -> 324.99 | N74: =+(L74+M74)*8% -> 840794.16 | O74: =(((ROUND(N74+M74+L74,0)*K74))/30)*J74 -> 11350721 | P74: =+O74/K74 -> 11350721 | Q74: =+O74*10% -> 1135072.1 | R74: =+Q74*19% -> 215663.7 | S74: =+ROUND(O74+R74,0) -> 11566385 | T74: =T73+S74 -> 1982106513 | Z74: 10636447 | AA74: =+Z74-S74 -> -929937.99 | AC74: =+S74 -> 11566385 | AD74: 10636447 | AE74: =+AD74-AC74 -> -929937.99 | AF74: =+AD74*80% -> 8509157.6 | AG74: =+AC74-AF74 -> 3057227.4 | AI74: =++S74++AI73 -> #REF!
G75: SUPERVISOR 24 HORAS | H75: BOTÓN DE PÁNICO | I75: Serv. Supervision 24 H - Neiva | J75: 30 | K75: 1 | L75: =9.06*1160000+2+450000 -> 10959602 | M75: =+X$9 -> 324.99 | N75: =+(L75+M75)*8% -> 876794.16 | O75: =(((ROUND(N75+M75+L75,0)*K75))/30)*J75 -> 11836721 | P75: =+O75/K75 -> 11836721 | Q75: =+O75*10% -> 1183672.1 | R75: =+Q75*19% -> 224897.7 | S75: =+ROUND(O75+R75,0) -> 12061619 | T75: =T74+S75 -> 1994168132 | Z75: 10438123 | AA75: =+Z75-S75 -> -1623496.3 | AC75: =+S75 -> 12061619 | AD75: 10636447 | AE75: =+AD75-AC75 -> -1425172 | AF75: =+AD75*80% -> 8509157.6 | AG75: =+AC75-AF75 -> 3552461.4 | AI75: =++S75++AI74 -> #REF!
E76: PITALITO | F76: CONTADOR | G76: SUPERVISOR 12 HORAS (DIURNO) | H76: BOTÓN DE PÁNICO | I76: Serv. Supervision 12 H Diurno - Pitalito | J76: 30 | K76: 1 | L76: =9.06*1160000*55.97%/15*12+2 -> 4705780.5 | M76: =+X$9*55.97%/15*12 -> 145.51752 | N76: =+(L76+M76)*8% -> 376474.08 | O76: =(((ROUND(N76+M76+L76,0)*K76))/30)*J76 -> 5082400 | P76: =+O76/K76 -> 5082400 | Q76: =+O76*10% -> 508240 | R76: =+Q76*19% -> 96565.6 | S76: =+ROUND(O76+R76,0) -> 5178966 | T76: =T75+S76 -> 1999347098 | Z76: 20876245 | AA76: =+Z76-S76 -> 15697279 | AC76: =+S76 -> 5178966 | AD76: 5202345.3 | AE76: =+AD76-AC76 -> 23379.323 | AF76: =+AD76*80% -> 4161876.3 | AG76: =+AC76-AF76 -> 1017089.7 | AI76: =++S76++AI75 -> #REF!
D77: PUTUMAYO | E77: PUERTOASIS | F77: TRES DE MAYO (PUERTO ASIS) | G77: OMT 12 HORAS CCTV DIURNAS | H77: BOTÓN DE PÁNICO | I77: Serv. OMT 12 H Diurno - Puerto Asis | J77: 30 | K77: 1 | L77: =9.06*1160000*55.97%/15*12+2 -> 4705780.5 | M77: =+X$9*55.97%/15*12 -> 145.51752 | N77: =+(L77+M77)*8% -> 376474.08 | O77: =(((ROUND(N77+M77+L77,0)*K77))/30)*J77 -> 5082400 | P77: =+O77/K77 -> 5082400 | Q77: =+O77*10% -> 508240 | R77: =+Q77*19% -> 96565.6 | S77: =+ROUND(O77+R77,0) -> 5178966 | T77: =T76+S77 -> 2004526064 | Z77: 10636447 | AA77: =+Z77-S77 -> 5457481 | AC77: =+S77 -> 5178966 | AD77: 4703841.7 | AE77: =+AD77-AC77 -> -475124.32 | AF77: =+AD77*80% -> 3763073.3 | AG77: =+AC77-AF77 -> 1415892.7 | AI77: =++S77++AI76 -> #REF!
G78: SUPERVISOR 24 HORAS | H78: BOTÓN DE PÁNICO | I78: Serv. Supervision 24 H - Puerto Asis | J78: 30 | K78: 1 | L78: =9.06*1160000+2+450000 -> 10959602 | M78: =+X$9 -> 324.99 | N78: =+(L78+M78)*8% -> 876794.16 | O78: =(((ROUND(N78+M78+L78,0)*K78))/30)*J78 -> 11836721 | P78: =+O78/K78 -> 11836721 | Q78: =+O78*10% -> 1183672.1 | R78: =+Q78*19% -> 224897.7 | S78: =+ROUND(O78+R78,0) -> 12061619 | T78: =T77+S78 -> 2016587683 | Z78: 10636447 | AA78: =+Z78-S78 -> -1425172 | AC78: =+S78 -> 12061619 | AD78: 10636447 | AE78: =+AD78-AC78 -> -1425172 | AF78: =+AD78*80% -> 8509157.6 | AG78: =+AC78-AF78 -> 3552461.4 | AI78: =++S78++AI77 -> #REF!
D79: CAQUETA | E79: SAN VICENTE DEL CAGUAN | F79: SAN VICENTE DEL CAGUAN | G79: SUPERVISOR 12 HORAS (DIURNAS) | H79: BOTÓN DE PÁNICO | I79: Serv. Supervision 12 H Diurno - San Vicente del Caguan | J79: 30 | K79: 1 | L79: =9.06*1160000*55.97%/15*12+2 -> 4705780.5 | M79: =+X$9*55.97%/15*12 -> 145.51752 | N79: =+(L79+M79)*8% -> 376474.08 | O79: =(((ROUND(N79+M79+L79,0)*K79))/30)*J79 -> 5082400 | P79: =+O79/K79 -> 5082400 | Q79: =+O79*10% -> 508240 | R79: =+Q79*19% -> 96565.6 | S79: =+ROUND(O79+R79,0) -> 5178966 | T79: =T78+S79 -> 2021766649 | Z79: 5202345.3 | AA79: =+Z79-S79 -> 23379.323 | AC79: =+S79 -> 5178966 | AD79: 4703841.7 | AE79: =+AD79-AC79 -> -475124.32 | AF79: =+AD79*80% -> 3763073.3 | AG79: =+AC79-AF79 -> 1415892.7 | AI79: =++S79++AI78 -> #REF!
D80: CUNDINAMARCA | E80: GUAYMARAL | F80: FLAMINGO SUAREZ CAMACHO | G80: SUPERVISOR 12 HORAS (DIURNAS) | H80: BOTÓN DE PÁNICO | I80: Serv. Supervision 12 H Diurno - Guaymaral | J80: 30 | K80: 1 | L80: =9.06*1160000*55.97%/15*12+2 -> 4705780.5 | M80: =+X$9*55.97%/15*12 -> 145.51752 | N80: =+(L80+M80)*8% -> 376474.08 | O80: =(((ROUND(N80+M80+L80,0)*K80))/30)*J80 -> 5082400 | P80: =+O80/K80 -> 5082400 | Q80: =+O80*10% -> 508240 | R80: =+Q80*19% -> 96565.6 | S80: =+ROUND(O80+R80,0) -> 5178966 | T80: =T79+S80 -> 2026945615 | Z80: 4703841.7 | AA80: =+Z80-S80 -> -475124.32 | AC80: =+S80 -> 5178966 | AD80: 4703841.7 | AE80: =+AD80-AC80 -> -475124.32 | AF80: =+AD80*80% -> 3763073.3 | AG80: =+AC80-AF80 -> 1415892.7 | AI80: =++S80++AI79 -> #REF!
E81: PAIPA | F81: JUAN JOSE RONDON | G81: SUPERVISOR 12 HORAS (DIURNAS) | H81: BOTÓN DE PÁNICO | I81: Serv. Supervision 12 H Diurno - Paipa | J81: 30 | K81: 1 | L81: =9.06*1160000*55.97%/15*12+2 -> 4705780.5 | M81: =+X$9*55.97%/15*12 -> 145.51752 | N81: =+(L81+M81)*8% -> 376474.08 | O81: =(((ROUND(N81+M81+L81,0)*K81))/30)*J81 -> 5082400 | P81: =+O81/K81 -> 5082400 | Q81: =+O81*10% -> 508240 | R81: =+Q81*19% -> 96565.6 | S81: =+ROUND(O81+R81,0) -> 5178966 | T81: =T80+S81 -> 2032124581 | Z81: 10636447 | AA81: =+Z81-S81 -> 5457481 | AC81: =+S81 -> 5178966 | AD81: 4703841.7 | AE81: =+AD81-AC81 -> -475124.32 | AF81: =+AD81*80% -> 3763073.3 | AG81: =+AC81-AF81 -> 1415892.7 | AI81: =++S81++AI80 -> #REF!
D82: TOLIMA | E82: MARIQUITA | F82: JOSÉ CELESTINO MUTIS (MARIQUITA) | G82: SUPERVISOR 12 HORAS (DIURNAS) | H82: BOTÓN DE PÁNICO | I82: Serv. Supervision 12 H Diurno - Mariquita | J82: 30 | K82: 1 | L82: =9.06*1160000*55.97%/15*12+2 -> 4705780.5 | M82: =+X$9*55.97%/15*12 -> 145.51752 | N82: =+(L82+M82)*8% -> 376474.08 | O82: =(((ROUND(N82+M82+L82,0)*K82))/30)*J82 -> 5082400 | P82: =+O82/K82 -> 5082400 | Q82: =+O82*10% -> 508240 | R82: =+Q82*19% -> 96565.6 | S82: =+ROUND(O82+R82,0) -> 5178966 | T82: =T81+S82 -> 2037303547
D83: CUNDINAMARCA | E83: FLANDES | F83: FLANDES | G83: SUPERVISOR 12 HORAS DIURNAS | H83: BOTÓN DE PÁNICO | I83: Serv. Supervision 12 H Diurno - Flandes | J83: 30 | K83: 1 | L83: =9.06*1160000*55.97%/15*12+2 -> 4705780.5 | M83: =+X$9*55.97%/15*12 -> 145.51752 | N83: =+(L83+M83)*8% -> 376474.08 | O83: =(((ROUND(N83+M83+L83,0)*K83))/30)*J83 -> 5082400 | P83: =+O83/K83 -> 5082400 | Q83: =+O83*10% -> 508240 | R83: =+Q83*19% -> 96565.6 | S83: =+ROUND(O83+R83,0) -> 5178966 | T83: =T82+S83 -> 2042482513 | Z83: 4703841.7 | AA83: =+Z83-S83 -> -475124.32 | AC83: =+S83 -> 5178966 | AD83: 4703841.7 | AE83: =+AD83-AC83 -> -475124.32 | AF83: =+AD83*80% -> 3763073.3 | AG83: =+AC83-AF83 -> 1415892.7 | AI83: =++S83++AI81 -> #REF!
C84: SERVICIOS LOGISTICOS | D84: CUNDINAMARCA | E84: BOGOTA | F84: BOGOTA | G84: SERVICIO 24 HORAS | H84: TECNICO MESA DE AYUDA | I84: Serv. Tecnico mesa de ayuda - Bogota | J84: 30 | K84: 1 | L84: =9.06*1160000+2+1500000 -> 12009602 | M84: 0 | N84: =+(L84+M84)*8% -> 960768.16 | O84: =(((ROUND(N84+M84+L84,0)*K84))/30)*J84 -> 12970370 | P84: =+O84/K84 -> 12970370 | Q84: 0 | R84: =+O84*19% -> 2464370.3 | S84: =+ROUND(O84+R84,0) -> 15434740 | T84: =T83+S84 -> 2057917253 | Z84: 4703841.7 | AA84: =+Z84-S84 -> -10730898 | AC84: =+S84 -> 15434740 | AD84: 15132691 | AE84: =+AD84-AC84 -> -302048.77 | AF84: =+AD84*80% -> 12106153 | AG84: =+AC84-AF84 -> 3328587 | AI84: =++S84++AI83 -> #REF!
I85: Serv. Vig. 24 H Diurno sin arma - Leticia | J85: 30 | K85: 1 | L85: =9.06*1160000+2 -> 10509602 | M85: =+X$9 -> 324.99 | N85: =+(L85+M85)*8% -> 840794.16 | O85: =(((ROUND(N85+M85+L85,0)*K85))/30)*J85 -> 11350721 | P85: =+O85/K85 -> 11350721 | Q85: 0 | R85: 0 | S85: =+ROUND(O85+R85,0) -> 11350721 | T85: =T84+S85 -> 2069267974
D86: CAQUETA | E86: FLORENCIA | F86: AEROPUERTO | G86: GARITA DE VIGILANCIA CON BAÑO | I86: Garita de vigilancia con baño Florencia | J86: 30 | K86: 2 | L86: 1655100 | O86: =(((ROUND(N86+M86+L86,0)*K86))/30)*J86 -> 3310200 | R86: =+O86*19% -> 628938 | S86: =+O86+R86 -> 3939138 | T86: =T85+S86 -> 2073207112 | Z86: 4703841.7 | AA86: =+Z86-S86 -> 764703.68 | AC86: =+S86 -> 3939138 | AD86: 4284000 | AE86: =+AD86-AC86 -> 344862 | AF86: =+AD86*80% -> 3427200 | AG86: =+AC86-AF86 -> 511938
D87: TOLIMA | E87: IBAGUE | F87: AEROPUERTO | G87: GARITA DE VIGILANCIA CON BAÑO | I87: Garita de vigilancia con baño Ibague | J87: 30 | K87: 2 | L87: 1655100 | O87: =(((ROUND(N87+M87+L87,0)*K87))/30)*J87 -> 3310200 | R87: =+O87*19% -> 628938 | S87: =+O87+R87 -> 3939138 | T87: =T86+S87 -> 2077146250 | Z87: 4703841.7 | AA87: =+Z87-S87 -> 764703.68 | AC87: =+S87 -> 3939138 | AD87: 4284000 | AE87: =+AD87-AC87 -> 344862 | AF87: =+AD87*80% -> 3427200 | AG87: =+AC87-AF87 -> 511938
D88: AMAZONAS | E88: LETICIA | F88: AEROPUERTO | G88: GARITA DE VIGILANCIA CON BAÑO | I88: Garita de vigilancia con baño Leticia | J88: 30 | K88: 2 | L88: 1655100 | O88: =(((ROUND(N88+M88+L88,0)*K88))/30)*J88 -> 3310200 | R88: 0 | S88: =+O88+R88 -> 3310200 | T88: =T87+S88 -> 2080456450 | Z88: 15132691 | AA88: =+Z88-S88 -> 11822491 | AC88: =+S88 -> 3310200 | AD88: 4284000 | AE88: =+AD88-AC88 -> 973800 | AF88: =+AD88*80% -> 3427200 | AG88: =+AC88-AF88 -> -117000
D89: HUILA | E89: NEIVA | F89: AEROPUERTO | G89: GARITA DE VIGILANCIA CON BAÑO | I89: Garita de vigilancia con baño Neiva | J89: 30 | K89: 2 | L89: 1655100 | O89: =(((ROUND(N89+M89+L89,0)*K89))/30)*J89 -> 3310200 | R89: =+O89*19% -> 628938 | S89: =+O89+R89 -> 3939138 | T89: =T88+S89 -> 2084395588 | Z89: 4284000 | AA89: =+Z89-S89 -> 344862 | AC89: =+S89 -> 3939138 | AD89: 4284000 | AE89: =+AD89-AC89 -> 344862 | AF89: =+AD89*80% -> 3427200 | AG89: =+AC89-AF89 -> 511938
D90: HUILA | E90: PITALITO | F90: AEROPUERTO | G90: GARITA DE VIGILANCIA CON BAÑO | I90: Garita de vigilancia con baño Pitalito | J90: 30 | K90: 2 | L90: 1655100 | O90: =(((ROUND(N90+M90+L90,0)*K90))/30)*J90 -> 3310200 | R90: =+O90*19% -> 628938 | S90: =+O90+R90 -> 3939138 | T90: =T89+S90 -> 2088334726 | Z90: 4284000 | AA90: =+Z90-S90 -> 344862 | AC90: =+S90 -> 3939138 | AD90: 4284000 | AE90: =+AD90-AC90 -> 344862 | AF90: =+AD90*80% -> 3427200 | AG90: =+AC90-AF90 -> 511938
D91: PUTUMAYO | E91: PUERTO ASIS | F91: AEROPUERTO | G91: GARITA DE VIGILANCIA CON BAÑO | I91: Garita de vigilancia con baño Puerto Asis | J91: 30 | K91: 2 | L91: 1655100 | O91: =(((ROUND(N91+M91+L91,0)*K91))/30)*J91 -> 3310200 | R91: =+O91*19% -> 628938 | S91: =+O91+R91 -> 3939138 | T91: =T90+S91 -> 2092273864 | Z91: 4284000 | AA91: =+Z91-S91 -> 344862 | AC91: =+S91 -> 3939138 | AD91: 4284000 | AE91: =+AD91-AC91 -> 344862 | AF91: =+AD91*80% -> 3427200 | AG91: =+AC91-AF91 -> 511938
D92: CAQUETA | E92: SAN VICENTE DEL CAGUAN | F92: AEROPUERTO | G92: GARITA DE VIGILANCIA CON BAÑO | I92: Garita de vigilancia con baño El Caguan | J92: 30 | K92: 2 | L92: 1655100 | O92: =(((ROUND(N92+M92+L92,0)*K92))/30)*J92 -> 3310200 | R92: =+O92*19% -> 628938 | S92: =+O92+R92 -> 3939138 | T92: =T91+S92 -> 2096213002 | Z92: 4284000 | AA92: =+Z92-S92 -> 344862 | AC92: =+S92 -> 3939138 | AD92: 4284000 | AE92: =+AD92-AC92 -> 344862 | AF92: =+AD92*80% -> 3427200 | AG92: =+AC92-AF92 -> 511938
D93: PUTUMAYO | E93: VILLA GARZON | F93: AEROPUERTO | G93: GARITA DE VIGILANCIA CON BAÑO | I93: Garita de vigilancia con baño Villa Garzon | J93: 30 | K93: 2 | L93: 1655100 | O93: =(((ROUND(N93+M93+L93,0)*K93))/30)*J93 -> 3310200 | R93: =+O93*19% -> 628938 | S93: =+O93+R93 -> 3939138 | T93: =T92+S93 -> 2100152140 | Z93: 4284000 | AA93: =+Z93-S93 -> 344862 | AC93: =+S93 -> 3939138 | AD93: 4284000 | AE93: =+AD93-AC93 -> 344862 | AF93: =+AD93*80% -> 3427200 | AG93: =+AC93-AF93 -> 511938
B94: TOTALES | L94: =SUM(L9:L93) -> 6.6642628e+08 | M94: =SUM(M9:M93) -> 19688.023 | N94: =SUM(N9:N93) -> 56956075 | O94: =SUM(O9:O93) -> 2059876109 | Q94: =SUM(Q9:Q93) -> 1.7583734e+08 | R94: =SUM(R9:R93) -> 40276030 | S94: =SUM(S9:S93) -> 2100152140

Sheet JULIO 2023 del 15-31
G2: FORMATO
G3: FORMATO 7 PROPUESTA ECONOMICA | Q3: Fecha de aprobación: 08/07/2022
G4: Clave: APOY-9.0-12-014 | N4: Version: 4
G7: OBJETO: CONTRATAR LA PRESTACION DE SERVICIOS DE VIGILANCIA Y SEGURIDAD PARA LAS INSTALACIONES Y AEROPUERTOS ADMINISTRADOS POR LA AERONAUTICA CIVIL POR LOTES (VF).
D8: DEPARTAMENTO | E8: CIUDAD | F8: NOMBRE DEL PUESTO | G8: DESCRIPCIÓN DEL SERVICIO | I8: ELEMENTOS DEL SERVICIO | J8: No. DIAS | K8: No. SERVICIOS | L8: VALOR MENSUAL UNITARIO | M8: VALOR PRIMA SEGURO DE VIDA POR SERVICIO MENSUAL UNITARIO | N8: AYS(11-%10%-8%) MENSUAL UNITARIO | O8: SUB TOTAL ANTES DE AIU (K+L+M)*J | P8: AIU (10%) | Q8: % DE IVA (19%) | R8: VALOR TOTALVIGENCIA 2023 (1 al 31 de mayo 2023)
B9: SEGURIDAD REGULADA | C9: AEROPUERTOS | D9: CUNDINAMARCA | E9: BOGOTA | F9: EL DORADO (BOGOTA) | G9: PUESTO 12 HORAS (DIURNO) | H9: Serv. Vig. 12 H Diurno sin arma Aero. El Dorado | I9: SERVICIO SIN ARMA | J9: 16 | K9: 5 | L9: =9.06*1160000*55.97%/15*12+2 -> 4705780.5 | M9: =+V$9*55.97%/15*12 -> 145.51752 | N9: =+(L9+M9)*8% -> 376474.08 | O9: =(ROUND(L9+M9+N9,0)*K9)/30*J9 -> 13553067 | P9: =+O9*10% -> 1355306.7 | Q9: =+P9*19% -> 257508.27 | R9: =+ROUND(O9+Q9,0) -> 13810575 | V9: =108.33*3 -> 324.99 | X9: 21688707 | Y9: =+X9-R9 -> 7878132
D10: CUNDINAMARCA | G10: PUESTO 24 HORAS | H10: Serv. Vig. 24 H Diurno con arma Aero. El Dorado | I10: SERVICIO ARMADO | J10: 16 | K10: 1 | L10: =9.06*1160000+2 -> 10509602 | M10: =+V$9 -> 324.99 | N10: =+(L10+M10)*10% -> 1050992.7 | O10: =(ROUND(L10+M10+N10,0)*K10)/30*J10 -> 6165824 | P10: =+O10*10% -> 616582.4 | Q10: =+P10*19% -> 117150.66 | R10: =+ROUND(O10+Q10,0) -> 6282975 | X10: 48440488 | Y10: =+X10-R10 -> 42157513
D11: CUNDINAMARCA | G11: PUESTO 24 HORAS | H11: Serv. Vig. 24 H Diurno sin arma Aero. El Dorado | I11: SERVICIO SIN ARMA | J11: 16 | K11: 6 | L11: =9.06*1160000+2 -> 10509602 | M11: =+V$9 -> 324.99 | N11: =+(L11+M11)*8% -> 840794.16 | O11: =(ROUND(L11+M11+N11,0)*K11)/30*J11 -> 36322307 | P11: =+O11*10% -> 3632230.7 | Q11: =+P11*19% -> 690123.84 | R11: =+ROUND(O11+Q11,0) -> 37012431 | X11: 9867506.9 | Y11: =+X11-R11 -> -27144924
D12: CUNDINAMARCA | G12: PUESTO 24 HORAS (CGAC) | H12: Serv. Vig. 24 H Diurno sin arma Aero. El Dorado CGAC | I12: SERVICIO SIN ARMA | J12: 16 | K12: 9 | L12: =9.06*1160000+2 -> 10509602 | M12: =+V$9 -> 324.99 | N12: =+(L12+M12)*8% -> 840794.16 | O12: =(ROUND(L12+M12+N12,0)*K12)/30*J12 -> 54483461 | P12: =+O12*10% -> 5448346.1 | Q12: =+P12*19% -> 1035185.8 | R12: =+ROUND(O12+Q12,0) -> 55518647 | X12: 9688097.7 | Y12: =+X12-R12 -> -45830549
D13: CUNDINAMARCA | E13: GUAYMARAL | F13: GUAYMARAL | G13: PUESTO 24 HORAS | H13: Serv. Vig. 24 H Diurno con arma Aero. Guaymaral | I13: SERVICIO ARMADO | J13: 16 | K13: 3 | L13: =9.06*1160000+2 -> 10509602 | M13: =+V$9 -> 324.99 | N13: =+(L13+M13)*10% -> 1050992.7 | O13: =(ROUND(L13+M13+N13,0)*K13)/30*J13 -> 18497472 | P13: =+O13*10% -> 1849747.2 | Q13: =+P13*19% -> 351451.97 | R13: =+ROUND(O13+Q13,0) -> 18848924 | X13: 38752391 | Y13: =+X13-R13 -> 19903467
G14: PUESTO 12 HORAS (DIURNO) | H14: Serv. Vig. 12 H Diurno con canino Aero. Guaymaral | I14: SERVICIO CON CANINO | J14: 16 | K14: 1 | L14: =9.06*1160000*55.97%/15*12+2 -> 4705780.5 | M14: =+V$9*55.97%/15*12 -> 145.51752 | N14: =+(L14+M14)*11% -> 517651.86 | O14: =(ROUND(L14+M14+N14,0)*K14)/30*J14 -> 2785908.3 | P14: =+O14*10% -> 278590.83 | Q14: =+P14*19% -> 52932.257 | R14: =+ROUND(O14+Q14,0) -> 2838841 | X14: 48440488 | Y14: =+X14-R14 -> 45601647
D15: TOLIMA | E15: FLANDES | F15: FLANDES | G15: PUESTO 12 HORAS (DIURNO) | H15: Serv. Vig. 12 H Diurno sin arma Aero. Flandes | I15: SERVICIO SIN ARMA | J15: 16 | K15: 1 | L15: =9.06*1160000*55.97%/15*12+2 -> 4705780.5 | M15: =+V$9*55.97%/15*12 -> 145.51752 | N15: =+(L15+M15)*8% -> 376474.08 | O15: =(ROUND(L15+M15+N15,0)*K15)/30*J15 -> 2710613.3 | P15: =+O15*10% -> 271061.33 | Q15: =+P15*19% -> 51501.653 | R15: =+ROUND(O15+Q15,0) -> 2762115 | X15: 29602521 | Y15: =+X15-R15 -> 26840406
D16: TOLIMA | G16: PUESTO 24 HORAS | H16: Serv. Vig. 24 H Diurno con arma Aero. Flandes | I16: SERVICIO ARMADO | J16: 16 | K16: 3 | L16: =9.06*1160000+2 -> 10509602 | M16: =+V$9 -> 324.99 | N16: =+(L16+M16)*10% -> 1050992.7 | O16: =(ROUND(L16+M16+N16,0)*K16)/30*J16 -> 18497472 | P16: =+O16*10% -> 1849747.2 | Q16: =+P16*19% -> 351451.97 | R16: =+ROUND(O16+Q16,0) -> 18848924 | X16: 4540767.9 | Y16: =+X16-R16 -> -14308156
D17: CAQUETA | E17: FLORENCIA | F17: GUSTAVO ARTUNDUAGA PAREDES (FLORENCIA) | G17: PUESTO 24 HORAS | H17: Serv. Vig. 24 H Diurno con arma Aero. Florencia | I17: SERVICIO ARMADO | J17: 16 | K17: 9 | L17: =9.06*1160000+2 -> 10509602 | M17: =+V$9 -> 324.99 | N17: =+(L17+M17)*10% -> 1050992.7 | O17: =(ROUND(L17+M17+N17,0)*K17)/30*J17 -> 55492416 | P17: =+O17*10% -> 5549241.6 | Q17: =+P17*19% -> 1054355.9 | R17: =+ROUND(O17+Q17,0) -> 56546772 | X17: 4337741.4 | Y17: =+X17-R17 -> -52209031
D18: CAQUETA | G18: PUESTO 16 HORAS (DIURNO) | H18: Serv. Vig. 16 H Diurno sin arma Aero. Florencia | I18: SERVICIO SIN ARMA | J18: 16 | K18: 5 | L18: =(9.06*1160000*55.97%)+(9.06*1160000*44.03%/9*1)+2 -> 6396378.1 | M18: =+(V$9*55.97%)+(V9*44.03%/9*1) -> 197.79614 | N18: =+(L18+M18)*8% -> 511726.07 | O18: =(ROUND(L18+M18+N18,0)*K18)/30*J18 -> 18422139 | P18: =+O18*10% -> 1842213.9 | Q18: =+P18*19% -> 350020.63 | R18: =+ROUND(O18+Q18,0) -> 18772159 | X18: 29602521 | Y18: =+X18-R18 -> 10830362
D19: CAQUETA | G19: PUESTO 12 HORAS (DIURNO CON CANINO) | H19: Serv. Vig. 12 H Diurno con canino Aero. Florencia | I19: SERVICIO CON CANINO | J19: 16 | K19: 1 | L19: =9.06*1160000*55.97%/15*12+2 -> 4705780.5 | M19: =+V$9*55.97%/15*12 -> 145.51752 | N19: =+(L19+M19)*11% -> 517651.86 | O19: =(ROUND(L19+M19+N19,0)*K19)/30*J19 -> 2785908.3 | P19: =+O19*10% -> 278590.83 | Q19: =+P19*19% -> 52932.257 | R19: =+ROUND(O19+Q19,0) -> 2838841 | X19: 88807562 | Y19: =+X19-R19 -> 85968721
D20: TOLIMA | E20: IBAGUE | F20: PERALES (IBAGUE) | G20: PUESTO 24 HORAS | H20: Serv. Vig. 24 H Diurno con arma Aero. Ibague | I20: SERVICIO ARMADO | J20: 16 | K20: 11 | L20: =9.06*1160000+2 -> 10509602 | M20: =+V$9 -> 324.99 | N20: =+(L20+M20)*10% -> 1050992.7 | O20: =(ROUND(L20+M20+N20,0)*K20)/30*J20 -> 67824064 | P20: =+O20*10% -> 6782406.4 | Q20: =+P20*19% -> 1288657.2 | R20: =+ROUND(O20+Q20,0) -> 69112721 | X20: 29483347 | Y20: =+X20-R20 -> -39629374
D21: TOLIMA | G21: PUESTO 16 HORAS (DIURNO) | H21: Serv. Vig. 16 H Diurno sin arma Aero. Ibague | I21: SERVICIO SIN ARMA | J21: 16 | K21: 5 | L21: =(9.06*1160000*55.97%)+(9.06*1160000*44.03%/9*1)+2 -> 6396378.1 | M21: =+(V$9*55.97%)+(V9*44.03%/9*1) -> 197.79614 | N21: =+(L21+M21)*8% -> 511726.07 | O21: =(ROUND(L21+M21+N21,0)*K21)/30*J21 -> 18422139 | P21: =+O21*10% -> 1842213.9 | Q21: =+P21*19% -> 350020.63 | R21: =+ROUND(O21+Q21,0) -> 18772159 | X21: 4458234.2 | Y21: =+X21-R21 -> -14313925
D22: AMAZONAS | E22: LETICIA | F22: ALFREDO VASQUEZ COBO (LETICIA) | G22: PUESTO 24 HORAS | H22: Serv. Vig. 24 H Diurno con arma Aero. Leticia | I22: SERVICIO ARMADO | J22: 16 | K22: 14 | L22: =9.06*1160000+2 -> 10509602 | M22: =+V$9 -> 324.99 | N22: =+(L22+M22)*10% -> 1050992.7 | O22: =(ROUND(L22+M22+N22,0)*K22)/30*J22 -> 86321536 | P22: 0 | Q22: 0 | R22: =+ROUND(O22+Q22,0) -> 86321536 | X22: 1.0854258e+08 | Y22: =+X22-R22 -> 22221040
D23: AMAZONAS | G23: PUESTO 12 HORAS (DIURNO) | H23: Serv. Vig. 12 H Diurno sin arma Aero. Leticia | I23: SERVICIO SIN ARMA | J23: 16 | K23: 5 | L23: =9.06*1160000*55.97%/15*12+2 -> 4705780.5 | M23: =+V$9*55.97%/15*12 -> 145.51752 | N23: =+(L23+M23)*8% -> 376474.08 | O23: =(ROUND(L23+M23+N23,0)*K23)/30*J23 -> 13553067 | P23: 0 | Q23: 0 | R23: =+ROUND(O23+Q23,0) -> 13553067 | X23: 29483347 | Y23: =+X23-R23 -> 15930280
D24: AMAZONAS | G24: PUESTO 12 HORAS (DIURNO) | H24: Serv. Vig. 12 H Diurno con canino Aero. Leticia | I24: SERVICIO CON CANINO | J24: 16 | K24: 1 | L24: =9.06*1160000*55.97%/15*12+2 -> 4705780.5 | M24: =+V$9*55.97%/15*12 -> 145.51752 | N24: =+(L24+M24)*11% -> 517651.86 | O24: =(ROUND(L24+M24+N24,0)*K24)/30*J24 -> 2785908.3 | P24: 0 | Q24: 0 | R24: =+ROUND(O24+Q24,0) -> 2785908 | X24: 1.4460395e+08 | Y24: =+X24-R24 -> 1.4181804e+08
D25: AMAZONAS | G25: PUESTO 24 HORAS | H25: Serv. Vig. 24 H Diurno sin arma Aero. Leticia | I25: SERVICIO SIN ARMA | J25: 16 | K25: 2 | L25: =9.06*1160000+2 -> 10509602 | M25: =+V$9 -> 324.99 | N25: =+(L25+M25)*8% -> 840794.16 | O25: =(ROUND(L25+M25+N25,0)*K25)/30*J25 -> 12107436 | P25: 0 | Q25: 0 | R25: =+ROUND(O25+Q25,0) -> 12107436 | X25: 21284305 | Y25: =+X25-R25 -> 9176869.2
D26: HUILA | E26: NEIVA | F26: BENITO SALAS (NEIVA) | G26: PUESTO 24 HORAS | H26: Serv. Vig. 24 H Diurno con arma Aero. Neiva | I26: SERVICIO ARMADO | J26: 16 | K26: 13 | L26: =9.06*1160000+2 -> 10509602 | M26: =+V$9 -> 324.99 | N26: =+(L26+M26)*10% -> 1050992.7 | O26: =(ROUND(L26+M26+N26,0)*K26)/30*J26 -> 80155712 | P26: =+O26*10% -> 8015571.2 | Q26: =+P26*19% -> 1522958.5 | R26: =+ROUND(O26+Q26,0) -> 81678671 | X26: 4375107.2 | Y26: =+X26-R26 -> -77303564
D27: HUILA | G27: PUESTO 16 HORAS (DIURNO) | H27: Serv. Vig. 16 H Diurno sin arma Aero. Neiva | I27: SERVICIO SIN ARMA | J27: 16 | K27: 7 | L27: =(9.06*1160000*55.97%)+(9.06*1160000*44.03%/9*1)+2 -> 6396378.1 | M27: =+(V$9*55.97%)+(V9*44.03%/9) -> 197.79614 | N27: =+(L27+M27)*8% -> 511726.07 | O27: =(ROUND(L27+M27+N27,0)*K27)/30*J27 -> 25790994 | P27: =+O27*10% -> 2579099.4 | Q27: =+P27*19% -> 490028.89 | R27: =+ROUND(O27+Q27,0) -> 26281023 | X27: 19367040 | Y27: =+X27-R27 -> -6913983
D28: HUILA | G28: PUESTO 12 HORAS (DIURNO) | H28: Serv. Vig. 12 H Diurno con canino Aero. Neiva | I28: SERVICIO CON CANINO | J28: 16 | K28: 1 | L28: =9.06*1160000*55.97%/15*12+2 -> 4705780.5 | M28: =+V$9*55.97%/15*12 -> 145.51752 | N28: =+(L28+M28)*11% -> 517651.86 | O28: =(ROUND(L28+M28+N28,0)*K28)/30*J28 -> 2785908.3 | P28: =+O28*10% -> 278590.83 | Q28: =+P28*19% -> 52932.257 | R28: =+ROUND(O28+Q28,0) -> 2838841 | X28: 1.2827759e+08 | Y28: =+X28-R28 -> 1.2543875e+08
D29: HUILA | E29: PITALITO | F29: CONTADOR (PITALITO) | G29: PUESTO 24 HORAS | H29: Serv. Vig. 24 H Diurno con arma Aero. Pitalito | I29: SERVICIO ARMADO | J29: 16 | K29: 3 | L29: =9.06*1160000+2 -> 10509602 | M29: =+V$9 -> 324.99 | N29: =+(L29+M29)*10% -> 1050992.7 | O29: =(ROUND(L29+M29+N29,0)*K29)/30*J29 -> 18497472 | P29: =+O29*10% -> 1849747.2 | Q29: =+P29*19% -> 351451.97 | R29: =+ROUND(O29+Q29,0) -> 18848924 | X29: 41276686 | Y29: =+X29-R29 -> 22427762
D30: HUILA | G30: PUESTO 12 HORAS (DIURNO) | H30: Serv. Vig. 12 H Diurno sin arma Aero. Pitalito | I30: SERVICIO SIN ARMA | J30: 16 | K30: 5 | L30: =9.06*1160000*55.97%/15*12+2 -> 4705780.5 | M30: =+(V$9*55.97%/15*12) -> 145.51752 | N30: =+(L30+M30)*8% -> 376474.08 | O30: =(ROUND(L30+M30+N30,0)*K30)/30*J30 -> 13553067 | P30: =+O30*10% -> 1355306.7 | Q30: =+P30*19% -> 257508.27 | R30: =+ROUND(O30+Q30,0) -> 13810575 | X30: 4458234.2 | Y30: =+X30-R30 -> -9352340.8
D31: TOLIMA | E31: MARIQUITA | F31: JOSÉ CELESTINO MUTIS (MARIQUITA) | G31: PUESTO 24 HORAS | H31: Serv. Vig. 24 H Diurno sin arma Aero. Mariquita | I31: SERVICIO SIN ARMA | J31: 16 | K31: 3 | L31: =9.06*1160000+2 -> 10509602 | M31: =+V$9 -> 324.99 | N31: =+(L31+M31)*8% -> 840794.16 | O31: =(ROUND(L31+M31+N31,0)*K31)/30*J31 -> 18161154 | P31: =+O31*10% -> 1816115.4 | Q31: =+P31*19% -> 345061.92 | R31: =+ROUND(O31+Q31,0) -> 18506216 | X31: 29602521 | Y31: =+X31-R31 -> 11096305
D32: PUTUMAYO | E32: PUERTOASIS | F32: TRES DE MAYO (PUERTO ASIS) | G32: PUESTO 12 HORAS (DIURNO) | H32: Serv. Vig. 12 H Diurno sin arma Aero. Puerto Asis | I32: SERVICIO SIN ARMA | J32: 16 | K32: 6 | L32: =9.06*1160000*55.97%/15*12+2 -> 4705780.5 | M32: =+V$9*55.97%/15*12 -> 145.51752 | N32: =+(L32+M32)*8% -> 376474.08 | O32: =(ROUND(L32+M32+N32,0)*K32)/30*J32 -> 16263680 | P32: =+O32*10% -> 1626368 | Q32: =+P32*19% -> 309009.92 | R32: =+ROUND(O32+Q32,0) -> 16572690 | X32: 17350966 | Y32: =+X32-R32 -> 778275.63
D33: PUTUMAYO | G33: PUESTO 24 HORAS | H33: Serv. Vig. 24 H Diurno sin arma Aero. Puerto Asis | I33: SERVICIO SIN ARMA | J33: 16 | K33: =8-1-1 -> 6 | L33: =9.06*1160000+2 -> 10509602 | M33: =+V$9 -> 324.99 | N33: =+(L33+M33)*8% -> 840794.16 | O33: =(ROUND(L33+M33+N33,0)*K33)/30*J33 -> 36322307 | P33: =+O33*10% -> 3632230.7 | Q33: =+P33*19% -> 690123.84 | R33: =+ROUND(O33+Q33,0) -> 37012431 | X33: 4337741.4 | Y33: =+X33-R33 -> -32674690
D34: PUTUMAYO | G34: PUESTO 24 HORAS | H34: Serv. Vig. 24 H Diurno sin arma Aero. Puerto Asis | I34: SERVICIO SIN ARMA | J34: 16 | K34: 1 | L34: =9.06*1160000+2 -> 10509602 | M34: =+V$9 -> 324.99 | N34: =+(L34+M34)*8% -> 840794.16 | O34: =(ROUND(L34+M34+N34,0)*K34)/30*J34 -> 6053717.9 | P34: =+O34*10% -> 605371.79 | Q34: =+P34*19% -> 115020.64 | R34: =+ROUND(O34+Q34,0) -> 6168739 | X34: 29064293 | Y34: =+X34-R34 -> 22895554
D35: CAQUETA | E35: SAN VICENTE DEL CAGUAN | F35: SAN VICENTE DEL CAGUAN | G35: PUESTO 24 HORAS | H35: Serv. Vig. 24 H Diurno sin arma Aero. San Vicente del Caguan | I35: SERVICIO SIN ARMA | J35: 16 | K35: =5-2 -> 3 | L35: =9.06*1160000+2 -> 10509602 | M35: =+V$9 -> 324.99 | N35: =+(L35+M35)*8% -> 840794.16 | O35: =(ROUND(L35+M35+N35,0)*K35)/30*J35 -> 18161154 | P35: =+O35*10% -> 1816115.4 | Q35: =+P35*19% -> 345061.92 | R35: =+ROUND(O35+Q35,0) -> 18506216 | X35: 26026448 | Y35: =+X35-R35 -> 7520232.4
D36: CAQUETA | G36: PUESTO 12 HORAS (DIURNO) | H36: Serv. Vig. 12 H Diurno sin arma Aero. San Vicente del Caguan | I36: SERVICIO SIN ARMA | J36: 16 | K36: 1 | L36: =9.06*1160000*55.97%/15*12+2 -> 4705780.5 | M36: =+V$9*55.97%/15*12 -> 145.51752 | N36: =+(L36+M36)*8% -> 376474.08 | O36: =(ROUND(L36+M36+N36,0)*K36)/30*J36 -> 2710613.3 | P36: =+O36*10% -> 271061.33 | Q36: =+P36*19% -> 51501.653 | R36: =+ROUND(O36+Q36,0) -> 2762115 | X36: 58128586 | Y36: =+X36-R36 -> 55366471
D37: CAQUETA | G37: PUESTO 12 HORAS (DIURNO) | H37: Serv. Vig. 12 H Diurno sin arma Aero. San Vicente del Caguan | I37: SERVICIO SIN ARMA | J37: 16 | K37: 1 | L37: =9.06*1160000*55.97%/15*12+2 -> 4705780.5 | M37: =+V$9*55.97%/15*12 -> 145.51752 | N37: =+(L37+M37)*8% -> 376474.08 | O37: =(ROUND(L37+M37+N37,0)*K37)/30*J37 -> 2710613.3 | P37: =+O37*10% -> 271061.33 | Q37: =+P37*19% -> 51501.653 | R37: =+ROUND(O37+Q37,0) -> 2762115 | X37: 9688097.7 | Y37: =+X37-R37 -> 6925982.7
D38: BOYACA | E38: PAIPA | F38: JUAN JOSE RONDON | G38: PUESTO 24 HORAS | H38: Serv. Vig. 24 H Diurno con arma Aero. Paipa | I38: SERVICIO ARMADO | J38: 16 | K38: 3 | L38: =9.06*1160000+2 -> 10509602 | M38: =+V$9 -> 324.99 | N38: =+(L38+M38)*10% -> 1050992.7 | O38: =(ROUND(L38+M38+N38,0)*K38)/30*J38 -> 18497472 | P38: =+O38*10% -> 1849747.2 | Q38: =+P38*19% -> 351451.97 | R38: =+ROUND(O38+Q38,0) -> 18848924 | X38: 29064293 | Y38: =+X38-R38 -> 10215369
G39: PUESTO 12 HORAS (DIURNO) | H39: Serv. Vig. 12 H Diurno sin arma Aero. Paipa | I39: SERVICIO SIN ARMA | J39: 16 | K39: 4 | L39: =9.06*1160000*55.97%/15*12/30*26+2 -> 4078343.4 | M39: =+V$9*55.97%/15*12/30*26 -> 126.11519 | N39: =+(L39+M39)*8% -> 326277.56 | O39: =(ROUND(L39+M39+N39,0)*K39)/30*J39 -> 9396793.6 | P39: =+O39*10% -> 939679.36 | Q39: =+P39*19% -> 178539.08 | R39: =+ROUND(O39+Q39,0) -> 9575333 | X39: 4337741.4 | Y39: =+X39-R39 -> -5237591.6
D40: PUTUMAYO | E40: VILLA GARZON | F40: VILLA GARZON | G40: PUESTO 24 HORAS | H40: Serv. Vig. 24 H Diurno con arma Aero. Villa Garzon | I40: SERVICIO ARMADO | J40: 16 | K40: 2 | L40: =9.06*1160000+2 -> 10509602 | M40: =+V$9 -> 324.99 | N40: =+(L40+M40)*10% -> 1050992.7 | O40: =(ROUND(L40+M40+N40,0)*K40)/30*J40 -> 12331648 | P40: =+O40*10% -> 1233164.8 | Q40: =+P40*19% -> 234301.31 | R40: =+ROUND(O40+Q40,0) -> 12565949 | X40: 4337741.4 | Y40: =+X40-R40 -> -8228207.6
D41: PUTUMAYO | G41: PUESTO 12 HORAS (DIURNO) | H41: Serv. Vig. 12 H Diurno sin arma Aero. Villa Garzon | I41: SERVICIO SIN ARMA | J41: 16 | K41: 3 | L41: =9.06*1160000*55.97%/15*12+2 -> 4705780.5 | M41: =+V$9*55.97%/15*12 -> 145.51752 | N41: =+(L41+M41)*8% -> 376474.08 | O41: =(ROUND(L41+M41+N41,0)*K41)/30*J41 -> 8131840 | P41: =+O41*10% -> 813184 | Q41: =+P41*19% -> 154504.96 | R41: =+ROUND(O41+Q41,0) -> 8286345 | X41: 29602521 | Y41: =+X41-R41 -> 21316176
D42: BOYACA | E42: TUNJA | F42: GUSTAVO ROJAS PINILLA DE TUNJA | G42: PUESTO 24 HORAS | H42: Serv. Vig. 24 H Diurno con arma Aero. Tunja | I42: SERVICIO ARMADO | J42: 16 | K42: 2 | L42: =9.06*1160000+2 -> 10509602 | M42: =+V$9 -> 324.99 | N42: =+(L42+M42)*10% -> 1050992.7 | O42: =(ROUND(L42+M42+N42,0)*K42)/30*J42 -> 12331648 | P42: =+O42*10% -> 1233164.8 | Q42: =+P42*19% -> 234301.31 | R42: =+ROUND(O42+Q42,0) -> 12565949 | X42: 17350966 | Y42: =+X42-R42 -> 4785016.6
C43: ESTACIONES | D43: TOLIMA | E43: FLANDES | F43: RADAR (FLANDES) | G43: PUESTO 24 HORAS | H43: Serv. Vig. 24 H Diurno con arma Estacion Flandes | I43: SERVICIO ARMADO | J43: 16 | K43: 1 | L43: =9.06*1160000+2 -> 10509602 | M43: =+V$9 -> 324.99 | N43: =+(L43+M43)*10% -> 1050992.7 | O43: =(ROUND(L43+M43+N43,0)*K43)/30*J43 -> 6165824 | P43: =+O43*10% -> 616582.4 | Q43: =+P43*19% -> 117150.66 | R43: =+ROUND(O43+Q43,0) -> 6282975 | X43: 19735014 | Y43: =+X43-R43 -> 13452039
D44: TOLIMA | E44: ESPINAL | F44: VOR EL ESPINAL | G44: PUESTO 24 HORAS | H44: Serv. Vig. 24 H Diurno con arma Estacion Espinal | I44: SERVICIO ARMADO | J44: 16 | K44: 1 | L44: =9.06*1160000+2 -> 10509602 | M44: =+V$9 -> 324.99 | N44: =+(L44+M44)*10% -> 1050992.7 | O44: =(ROUND(L44+M44+N44,0)*K44)/30*J44 -> 6165824 | P44: =+O44*10% -> 616582.4 | Q44: =+P44*19% -> 117150.66 | R44: =+ROUND(O44+Q44,0) -> 6282975 | X44: 13013224 | Y44: =+X44-R44 -> 6730249.2
D45: TOLIMA | E45: IBAGUE | F45: PICALEÑA | G45: PUESTO 24 HORAS | H45: Serv. Vig. 24 H Diurno con arma Estacion Ibague | I45: SERVICIO ARMADO | J45: 16 | K45: 1 | L45: =9.06*1160000+2 -> 10509602 | M45: =+V$9 -> 324.99 | N45: =+(L45+M45)*10% -> 1050992.7 | O45: =(ROUND(L45+M45+N45,0)*K45)/30*J45 -> 6165824 | P45: =+O45*10% -> 616582.4 | Q45: =+P45*19% -> 117150.66 | R45: =+ROUND(O45+Q45,0) -> 6282975 | X45: 19735014 | Y45: =+X45-R45 -> 13452039
D46: HUILA | E46: NEIVA | F46: VOR TOTUMO NEIVA | G46: PUESTO 24 HORAS | H46: Serv. Vig. 24 H Diurno con arma Estacion Neiva | I46: SERVICIO ARMADO | J46: 16 | K46: 1 | L46: =9.06*1160000+2 -> 10509602 | M46: =+V$9 -> 324.99 | N46: =+(L46+M46)*10% -> 1050992.7 | O46: =(ROUND(L46+M46+N46,0)*K46)/30*J46 -> 6165824 | P46: =+O46*10% -> 616582.4 | Q46: =+P46*19% -> 117150.66 | R46: =+ROUND(O46+Q46,0) -> 6282975 | X46: 9867506.9 | Y46: =+X46-R46 -> 3584531.9
D47: TOLIMA | E47: MARIQUITA | F47: VOR | G47: PUESTO 24 HORAS | H47: Serv. Vig. 24 H Diurno con arma Estacion Mariquita | I47: SERVICIO ARMADO | J47: 16 | K47: 1 | L47: =9.06*1160000+2 -> 10509602 | M47: =+V$9 -> 324.99 | N47: =+(L47+M47)*10% -> 1050992.7 | O47: =(ROUND(L47+M47+N47,0)*K47)/30*J47 -> 6165824 | P47: =+O47*10% -> 616582.4 | Q47: =+P47*19% -> 117150.66 | R47: =+ROUND(O47+Q47,0) -> 6282975 | X47: 9867506.9 | Y47: =+X47-R47 -> 3584531.9
C48: ADMINISTRATIVOS | D48: CUNDINAMARCA | E48: BOGOTA | F48: EL DORADO (BOGOTA) | G48: PUESTO 24 HORAS | H48: Serv. Vig. 24 H Diurno sin arma - El Dorado | I48: SERVICIO SIN ARMA | J48: 16 | K48: 6 | L48: =9.06*1160000+2 -> 10509602 | M48: =+V$9 -> 324.99 | N48: =+(L48+M48)*8% -> 840794.16 | O48: =(ROUND(L48+M48+N48,0)*K48)/30*J48 -> 36322307 | P48: =+O48*10% -> 3632230.7 | Q48: =+P48*19% -> 690123.84 | R48: =+ROUND(O48+Q48,0) -> 37012431 | X48: 9867506.9 | Y48: =+X48-R48 -> -27144924
G49: PUESTO 24 HORAS | H49: Serv. Vig. 24 H Diurno con arma - El Dorado | I49: SERVICIO ARMADO | J49: 16 | K49: 5 | L49: =9.06*1160000+2 -> 10509602 | M49: =+V$9 -> 324.99 | N49: =+(L49+M49)*10% -> 1050992.7 | O49: =(ROUND(L49+M49+N49,0)*K49)/30*J49 -> 30829120 | P49: =+O49*10% -> 3082912 | Q49: =+P49*19% -> 585753.28 | R49: =+ROUND(O49+Q49,0) -> 31414873 | X49: 9867506.9 | Y49: =+X49-R49 -> -21547366
G50: PUESTO 12 HORAS (DIURNO) | H50: Serv. Vig. 12 H Diurno sin arma - El Dorado | I50: SERVICIO SIN ARMA | J50: 16 | K50: 2 | L50: =9.06*1160000*55.97%/15*12+2 -> 4705780.5 | M50: =+V$9*55.97%/15*12 -> 145.51752 | N50: =+(L50+M50)*8% -> 376474.08 | O50: =(ROUND(L50+M50+N50,0)*K50)/30*J50 -> 5421226.7 | P50: =+O50*10% -> 542122.67 | Q50: =+P50*19% -> 103003.31 | R50: =+ROUND(O50+Q50,0) -> 5524230 | X50: 9867506.9 | Y50: =+X50-R50 -> 4343276.9
G51: PUESTO 12 HORAS (DIURNO) NEAA - CGAC | H51: Serv. Vig. 12 H Diurno con canino - NEAA y CGAC | I51: SERVICIO CON CANINO | J51: 16 | K51: 2 | L51: =9.06*1160000*55.97%/15*12+2 -> 4705780.5 | M51: =+V$9*55.97%/15*12 -> 145.51752 | N51: =+(L51+M51)*11% -> 517651.86 | O51: =(ROUND(L51+M51+N51,0)*K51)/30*J51 -> 5571816.5 | P51: =+O51*10% -> 557181.65 | Q51: =+P51*19% -> 105864.51 | R51: =+ROUND(O51+Q51,0) -> 5677681 | X51: 58128586 | Y51: =+X51-R51 -> 52450905
G52: PUESTO 12 HORAS (DIURNO) lun-Vie sin festivos | H52: Serv. Vig. 12 H Diurno L-V sin arma - El Dorado | I52: SERVICIO SIN ARMA | J52: 10 | K52: 3 | L52: =9.06*1160000*55.97%/15*12/30*20+2 -> 3137187.7 | M52: =+V$9*55.97%/15*12/30*20 -> 97.011682 | N52: =+(L52+M52)*8% -> 250982.77 | O52: =(ROUND(L52+M52+N52,0)*K52)/30*J52 -> 3388267 | P52: =+O52*10% -> 338826.7 | Q52: =+P52*19% -> 64377.073 | R52: =+ROUND(O52+Q52,0) -> 3452644 | X52: 49337534 | Y52: =+X52-R52 -> 45884890
D53: TOLIMA | E53: FLANDES | F53: FLANDES | G53: PUESTO 24 HORAS | H53: Serv. Vig. 24 H Diurno sin arma - Flandes | I53: SERVICIO SIN ARMA | J53: 16 | K53: 1 | L53: =9.06*1160000+2 -> 10509602 | M53: =+V$9 -> 324.99 | N53: =+(L53+M53)*8% -> 840794.16 | O53: =(ROUND(L53+M53+N53,0)*K53)/30*J53 -> 6053717.9 | P53: =+O53*10% -> 605371.79 | Q53: =+P53*19% -> 115020.64 | R53: =+ROUND(O53+Q53,0) -> 6168739 | X53: 8675482.8 | Y53: =+X53-R53 -> 2506743.8
G54: PUESTO 24 HORAS | H54: Serv. Vig. 24 H Diurno con arma Aero. Dorado | I54: SERVICIO ARMADO | J54: 16 | K54: 1 | L54: =9.06*1160000+2 -> 10509602 | M54: =+V$9 -> 324.99 | N54: =+(L54+M54)*10% -> 1050992.7 | O54: =(ROUND(L54+M54+N54,0)*K54)/30*J54 -> 6165824 | P54: =+O54*10% -> 616582.4 | Q54: =+P54*19% -> 117150.66 | R54: =+ROUND(O54+Q54,0) -> 6282975 | X54: 8836089 | Y54: =+X54-R54 -> 2553114
D55: CUNDINAMARCA | E55: GUAIMARAL | F55: GUAYMARAL | G55: PUESTO 24 HORAS | H55: Serv. Vig. 24 H Diurno con arma Aero. Dorado | I55: SERVICIO ARMADO | J55: 16 | K55: 3 | L55: =9.06*1160000+2 -> 10509602 | M55: =+V$9 -> 324.99 | N55: =+(L55+M55)*10% -> 1050992.7 | O55: =(ROUND(L55+M55+N55,0)*K55)/30*J55 -> 18497472 | P55: =+O55*10% -> 1849747.2 | Q55: =+P55*19% -> 351451.97 | R55: =+ROUND(O55+Q55,0) -> 18848924 | X55: 8676693.8 | Y55: =+X55-R55 -> -10172230
G56: PUESTO 24 HORAS | H56: Serv. Vig. 24 H Diurno sin arma - Guaymaral | I56: SERVICIO SIN ARMA | J56: 16 | K56: 1 | L56: =9.06*1160000+2 -> 10509602 | M56: =+V$9 -> 324.99 | N56: =+(L56+M56)*8% -> 840794.16 | O56: =(ROUND(L56+M56+N56,0)*K56)/30*J56 -> 6053717.9 | P56: =+O56*10% -> 605371.79 | Q56: =+P56*19% -> 115020.64 | R56: =+ROUND(O56+Q56,0) -> 6168739 | X56: 9867506.9 | Y56: =+X56-R56 -> 3698767.9
D57: TOLIMA | E57: IBAGUE | F57: PERALES (IBAGUE) | G57: PUESTO 24 HORAS | H57: Serv. Vig. 24 H Diurno sin arma - Ibague | I57: SERVICIO SIN ARMA | J57: 16 | K57: 1 | L57: =9.06*1160000+2 -> 10509602 | M57: =+V$9 -> 324.99 | N57: =+(L57+M57)*8% -> 840794.16 | O57: =(ROUND(L57+M57+N57,0)*K57)/30*J57 -> 6053717.9 | P57: =+O57*10% -> 605371.79 | Q57: =+P57*19% -> 115020.64 | R57: =+ROUND(O57+Q57,0) -> 6168739 | X57: 9688097.7 | Y57: =+X57-R57 -> 3519358.7
E58: MARIQUITA | F58: MARIQUITA | G58: PUESTO 24 HORAS | H58: Serv. Vig. 24 H Diurno sin arma - Mariquita | I58: SERVICIO SIN ARMA | J58: 16 | K58: 2 | L58: =9.06*1160000+2 -> 10509602 | M58: =+V$9 -> 324.99 | N58: =+(L58+M58)*8% -> 840794.16 | O58: =(ROUND(L58+M58+N58,0)*K58)/30*J58 -> 12107436 | P58: =+O58*10% -> 1210743.6 | Q58: =+P58*19% -> 230041.28 | R58: =+ROUND(O58+Q58,0) -> 12337477 | X58: 29602521 | Y58: =+X58-R58 -> 17265044
D59: BOYACA | E59: PAIPA | F59: PAIPA | G59: PUESTO 24 HORAS | H59: Serv. Vig. 24 H Diurno sin arma - Paipa | I59: SERVICIO SIN ARMA | J59: 16 | K59: 1 | L59: =9.06*1160000+2 -> 10509602 | M59: =+V$9 -> 324.99 | N59: =+(L59+M59)*8% -> 840794.16 | O59: =(ROUND(L59+M59+N59,0)*K59)/30*J59 -> 6053717.9 | P59: =+O59*10% -> 605371.79 | Q59: =+P59*19% -> 115020.64 | R59: =+ROUND(O59+Q59,0) -> 6168739 | X59: 9688097.7 | Y59: =+X59-R59 -> 3519358.7
D60: TOLIMA | E60: CHAPARRAL | F60: NAVAS PARDO (CHAPARRAL) | G60: PUESTO 24 HORAS | H60: Serv. Vig. 24 H Diurno sin arma - Chaparral | I60: SERVICIO SIN ARMA | J60: 16 | K60: 1 | L60: =9.06*1160000+2 -> 10509602 | M60: =+V$9 -> 324.99 | N60: =+(L60+M60)*8% -> 840794.16 | O60: =(ROUND(L60+M60+N60,0)*K60)/30*J60 -> 6053717.9 | P60: =+O60*10% -> 605371.79 | Q60: =+P60*19% -> 115020.64 | R60: =+ROUND(O60+Q60,0) -> 6168739 | X60: 9688097.7 | Y60: =+X60-R60 -> 3519358.7
D61: CAQUETA | E61: SAN VICENTE DEL CAGUAN | F61: SAN VICENTE DEL CAGUAN | G61: PUESTO 24 HORAS | H61: Serv. Vig. 24 H Diurno sin arma - San Vicente del Caguan | I61: SERVICIO SIN ARMA | J61: 16 | K61: 2 | L61: =9.06*1160000+2 -> 10509602 | M61: =+V$9 -> 324.99 | N61: =+(L61+M61)*8% -> 840794.16 | O61: =(ROUND(L61+M61+N61,0)*K61)/30*J61 -> 12107436 | P61: =+O61*10% -> 1210743.6 | Q61: =+P61*19% -> 230041.28 | R61: =+ROUND(O61+Q61,0) -> 12337477 | X61: 19376195 | Y61: =+X61-R61 -> 7038718.4
D62: AMAZONAS | E62: LETICIA | F62: ALFREDO VASQUEZ COBO (LETICIA) | G62: PUESTO 24 HORAS | H62: Serv. Vig. 24 H Diurno sin arma - Leticia | I62: SERVICIO SIN ARMA | J62: 16 | K62: 1 | L62: =9.06*1160000+2 -> 10509602 | M62: =+V$9 -> 324.99 | N62: =+(L62+M62)*8% -> 840794.16 | O62: =(ROUND(L62+M62+N62,0)*K62)/30*J62 -> 6053717.9 | P62: 0 | Q62: 0 | R62: =+ROUND(O62+Q62,0) -> 6053718 | X62: 9688097.7 | Y62: =+X62-R62 -> 3634379.7 | AA62: NO REGULADA MIA | AB62: PO POR ITEM | AD62: MARGEN MINIMO
B63: NO REGULADA | C63: SUPERVISORES | D63: PUTUMAYO | E63: VILLA GARZON | F63: VILLA GARZON | G63: SUPERVISOR 12 HORAS (DIURNO) | H63: Serv. Supervision 12 H Diurno - Villa Garzon | I63: BOTÓN DE PÁNICO | J63: 16 | K63: 1 | L63: =9.06*1160000*55.97%/15*12+2 -> 4705780.5 | M63: =+V$9*55.97%/15*12 -> 145.51752 | N63: =+(L63+M63)*8% -> 376474.08 | O63: =(ROUND(L63+M63+N63,0)*K63)/30*J63 -> 2710613.3 | P63: =+O63*10% -> 271061.33 | Q63: =+P63*19% -> 51501.653 | R63: =+ROUND(O63+Q63,0) -> 2762115 | X63: 9688097.7 | Y63: =+X63-R63 -> 6925982.7 | AA63: =+R63 -> 2762115 | AB63: 4703841.7 | AC63: =+AB63-AA63 -> 1941726.7 | AD63: =+AB63*80% -> 3763073.3 | AE63: =+AA63-AD63 -> -1000958.3
D64: CUNDINAMARCA | E64: BOGOTA | F64: EL DORADO (BOGOTA) | G64: SUPERVISOR 24 HORAS | H64: Serv. Supervision 24 H - Aero. El Dorado | I64: BOTÓN DE PÁNICO | J64: 16 | K64: 1 | L64: =9.06*1160000+2+450000 -> 10959602 | M64: =+V$9 -> 324.99 | N64: =+(L64+M64)*8% -> 876794.16 | O64: =(ROUND(L64+M64+N64,0)*K64)/30*J64 -> 6312917.9 | P64: =+O64*10% -> 631291.79 | Q64: =+P64*19% -> 119945.44 | R64: =+ROUND(O64+Q64,0) -> 6432863 | X64: 19376195 | Y64: =+X64-R64 -> 12943332 | AA64: =+R64 -> 6432863 | AB64: 10636447 | AC64: =+AB64-AA64 -> 4203584 | AD64: =+AB64*80% -> 8509157.6 | AE64: =+AA64-AD64 -> -2076294.6
G65: SUPERVISOR 24 HORAS CGAC | H65: Serv. Supervision 24 H - CGAC | I65: BOTÓN DE PÁNICO | J65: 16 | K65: 1 | L65: =9.06*1160000+2+450000 -> 10959602 | M65: =+V$9 -> 324.99 | N65: =+(L65+M65)*8% -> 876794.16 | O65: =(ROUND(L65+M65+N65,0)*K65)/30*J65 -> 6312917.9 | P65: =+O65*10% -> 631291.79 | Q65: =+P65*19% -> 119945.44 | R65: =+ROUND(O65+Q65,0) -> 6432863 | X65: 9507456 | Y65: =+X65-R65 -> 3074593 | AA65: =+R65 -> 6432863 | AB65: 10636447 | AC65: =+AB65-AA65 -> 4203584 | AD65: =+AB65*80% -> 8509157.6 | AE65: =+AA65-AD65 -> -2076294.6
F66: EL DORADO (BOGOTA) | G66: SUPERVISOR 24 HORAS INSTALACIONES ADMINISTRATIVAS | H66: Serv. Supervision 24 H - Instalaciones Admon | I66: BOTÓN DE PÁNICO | J66: 16 | K66: 2 | L66: =9.06*1160000+2+450000 -> 10959602 | M66: =+V$9 -> 324.99 | N66: =+(L66+M66)*8% -> 876794.16 | O66: =(ROUND(L66+M66+N66,0)*K66)/30*J66 -> 12625836 | P66: =+O66*10% -> 1262583.6 | Q66: =+P66*19% -> 239890.88 | R66: =+ROUND(O66+Q66,0) -> 12865727 | X66: 4703841.7 | Y66: =+X66-R66 -> -8161885.3 | AA66: =+R66 -> 12865727 | AB66: 21272894 | AC66: =+AB66-AA66 -> 8407167 | AD66: =+AB66*80% -> 17018315 | AE66: =+AA66-AD66 -> -4152588.2
F67: EL DORADO (BOGOTA) | G67: SUPERVISOR 24 HORAS CSGC | H67: Serv. Supervision 24 H - CGAC | I67: BOTÓN DE PÁNICO | J67: 16 | K67: 1 | L67: =9.06*1160000+2+450000 -> 10959602 | M67: =+V$9 -> 324.99 | N67: =+(L67+M67)*8% -> 876794.16 | O67: =(ROUND(L67+M67+N67,0)*K67)/30*J67 -> 6312917.9 | P67: =+O67*10% -> 631291.79 | Q67: =+P67*19% -> 119945.44 | R67: =+ROUND(O67+Q67,0) -> 6432863 | X67: 10636447 | Y67: =+X67-R67 -> 4203584 | AA67: =+R67 -> 6432863 | AB67: 10636447 | AC67: =+AB67-AA67 -> 4203584 | AD67: =+AB67*80% -> 8509157.6 | AE67: =+AA67-AD67 -> -2076294.6
F68: CENTRO SITUACIONAL CRISIS | G68: OMT24 HORAS CCTV | H68: Serv. OMT 24 H - Centro Situacional Crisis | I68: BOTÓN DE PÁNICO | J68: 16 | K68: 6 | L68: =9.06*1160000 -> 10509600 | M68: =+V$9 -> 324.99 | N68: =+(L68+M68)*8% -> 840794 | O68: =(ROUND(L68+M68+N68,0)*K68)/30*J68 -> 36322301 | P68: =+O68*10% -> 3632230.1 | Q68: =+P68*19% -> 690123.72 | R68: =+ROUND(O68+Q68,0) -> 37012425 | X68: 10636447 | Y68: =+X68-R68 -> -26375978 | AA68: =+R68 -> 37012425 | AB68: 1.0636447e+08 | AC68: =+AB68-AA68 -> 69352045 | AD68: =+AB68*80% -> 85091576 | AE68: =+AA68-AD68 -> -48079151
D69: CAQUETA | E69: FLORENCIA | F69: GUSTAVO ARTUNDUAGA PAREDES (FLORENCIA) | G69: SUPERVISOR 24 HORAS | H69: Serv. Supervision 24 H - Florencia | I69: BOTÓN DE PÁNICO | J69: 16 | K69: 1 | L69: =9.06*1160000+2+450000 -> 10959602 | M69: =+V$9 -> 324.99 | N69: =+(L69+M69)*8% -> 876794.16 | O69: =(ROUND(L69+M69+N69,0)*K69)/30*J69 -> 6312917.9 | P69: =+O69*10% -> 631291.79 | Q69: =+P69*19% -> 119945.44 | R69: =+ROUND(O69+Q69,0) -> 6432863 | X69: 21272894 | Y69: =+X69-R69 -> 14840031 | AA69: =+R69 -> 6432863 | AB69: 10636447 | AC69: =+AB69-AA69 -> 4203584 | AD69: =+AB69*80% -> 8509157.6 | AE69: =+AA69-AD69 -> -2076294.6
G70: OMT 16 HORAS CCTV DIURNO | H70: Serv. OMT 16 H Diurno - Florencia | I70: BOTÓN DE PÁNICO | J70: 16 | K70: 1 | L70: =(9.06*1160000*55.97%)+(9.06*1160000*44.03%/9*1) -> 6396376.1 | M70: =+(V$9*55.97%)+(V9*44.03%/9*1) -> 197.79614 | N70: =+(L70+M70)*8% -> 511725.91 | O70: =(ROUND(L70+M70+N70,0)*K70)/30*J70 -> 3684426.7 | P70: =+O70*10% -> 368442.67 | Q70: =+P70*19% -> 70004.107 | R70: =+ROUND(O70+Q70,0) -> 3754431 | X70: 10636447 | Y70: =+X70-R70 -> 6882016 | AA70: =+R70 -> 3754431 | AB70: 7737445.1 | AC70: =+AB70-AA70 -> 3983014.1 | AD70: =+AB70*80% -> 6189956 | AE70: =+AA70-AD70 -> -2435525
D71: TOLIMA | E71: IBAGUE | F71: PERALES (IBAGUE) | G71: PUESTO 16 HORAS CCTV | H71: Serv. OMT 16 H Diurno - Ibague | I71: BOTÓN DE PÁNICO | J71: 16 | K71: 1 | L71: =(9.06*1160000*55.97%)+(9.06*1160000*44.03%/9*1)+2 -> 6396378.1 | M71: =+(V$9*55.97%)+(V9*44.03%/9*1) -> 197.79614 | N71: =+(L71+M71)*8% -> 511726.07 | O71: =(ROUND(L71+M71+N71,0)*K71)/30*J71 -> 3684427.7 | P71: =+O71*10% -> 368442.77 | Q71: =+P71*19% -> 70004.127 | R71: =+ROUND(O71+Q71,0) -> 3754432 | X71: 1.0636447e+08 | Y71: =+X71-R71 -> 1.0261004e+08 | AA71: =+R71 -> 3754432 | AB71: 6230950.2 | AC71: =+AB71-AA71 -> 2476518.2 | AD71: =+AB71*80% -> 4984760.2 | AE71: =+AA71-AD71 -> -1230328.2
G72: SUPERVISOR 24 HORAS | H72: Serv. Supervision 24 H - Ibague | I72: BOTÓN DE PÁNICO | J72: 16 | K72: 1 | L72: =9.06*1160000+2+450000 -> 10959602 | M72: =+V$9 -> 324.99 | N72: =+(L72+M72)*8% -> 876794.16 | O72: =(ROUND(L72+M72+N72,0)*K72)/30*J72 -> 6312917.9 | P72: =+O72*10% -> 631291.79 | Q72: =+P72*19% -> 119945.44 | R72: =+ROUND(O72+Q72,0) -> 6432863 | X72: 10636447 | Y72: =+X72-R72 -> 4203584 | AA72: =+R72 -> 6432863 | AB72: 10636447 | AC72: =+AB72-AA72 -> 4203584 | AD72: =+AB72*80% -> 8509157.6 | AE72: =+AA72-AD72 -> -2076294.6
D73: AMAZONAS | E73: LETICIA | F73: ALFREDO VASQUEZ COBO (LETICIA) | G73: SUPERVISOR 24 HORAS | H73: Serv. Supervision 24 H - Leticia | I73: BOTÓN DE PÁNICO | J73: 16 | K73: 1 | L73: =9.06*1160000+2+450000 -> 10959602 | M73: =+V$9 -> 324.99 | N73: =+(L73+M73)*8% -> 876794.16 | O73: =(ROUND(L73+M73+N73,0)*K73)/30*J73 -> 6312917.9 | P73: 0 | Q73: 0 | R73: =+ROUND(O73+Q73,0) -> 6312918 | X73: 7737445.1 | Y73: =+X73-R73 -> 1424527.1 | AA73: =+R73 -> 6312918 | AB73: 10438123 | AC73: =+AB73-AA73 -> 4125204.7 | AD73: =+AB73*80% -> 8350498.1 | AE73: =+AA73-AD73 -> -2037580.1
G74: SUPERVISOR 24 CCTV | H74: Serv. Supervision 24 H - CCTV Leticia | I74: BOTÓN DE PÁNICO | J74: 16 | K74: 2 | L74: =9.06*1160000+2+450000 -> 10959602 | M74: =+V$9 -> 324.99 | N74: =+(L74+M74)*8% -> 876794.16 | O74: =(ROUND(L74+M74+N74,0)*K74)/30*J74 -> 12625836 | P74: 0 | Q74: 0 | R74: =+ROUND(O74+Q74,0) -> 12625836 | X74: 6230950.2 | Y74: =+X74-R74 -> -6394885.8 | AA74: =+R74 -> 12625836 | AB74: 20876245 | AC74: =+AB74-AA74 -> 8250409.4 | AD74: =+AB74*80% -> 16700996 | AE74: =+AA74-AD74 -> -4075160.3
D75: HUILA | E75: NEIVA | F75: BENITO SALAS (NEIVA) | G75: OMT 24 HORAS CCTV | H75: Serv. OMT 24 H - Neiva | I75: BOTÓN DE PÁNICO | J75: 16 | K75: 1 | L75: =9.06*1160000+2 -> 10509602 | M75: =+V$9 -> 324.99 | N75: =+(L75+M75)*8% -> 840794.16 | O75: =(ROUND(L75+M75+N75,0)*K75)/30*J75 -> 6053717.9 | P75: =+O75*10% -> 605371.79 | Q75: =+P75*19% -> 115020.64 | R75: =+ROUND(O75+Q75,0) -> 6168739 | X75: 10636447 | Y75: =+X75-R75 -> 4467708 | AA75: =+R75 -> 6168739 | AB75: 10636447 | AC75: =+AB75-AA75 -> 4467708 | AD75: =+AB75*80% -> 8509157.6 | AE75: =+AA75-AD75 -> -2340418.6
G76: SUPERVISOR 24 HORAS | H76: Serv. Supervision 24 H - Neiva | I76: BOTÓN DE PÁNICO | J76: 16 | K76: 1 | L76: =9.06*1160000+2+450000 -> 10959602 | M76: =+V$9 -> 324.99 | N76: =+(L76+M76)*8% -> 876794.16 | O76: =(ROUND(L76+M76+N76,0)*K76)/30*J76 -> 6312917.9 | P76: =+O76*10% -> 631291.79 | Q76: =+P76*19% -> 119945.44 | R76: =+ROUND(O76+Q76,0) -> 6432863 | X76: 10438123 | Y76: =+X76-R76 -> 4005259.7 | AA76: =+R76 -> 6432863 | AB76: 10636447 | AC76: =+AB76-AA76 -> 4203584 | AD76: =+AB76*80% -> 8509157.6 | AE76: =+AA76-AD76 -> -2076294.6
E77: PITALITO | F77: CONTADOR | G77: SUPERVISOR 12 HORAS (DIURNO) | H77: Serv. Supervision 12 H Diurno - Pitalito | I77: BOTÓN DE PÁNICO | J77: 16 | K77: 1 | L77: =9.06*1160000*55.97%/15*12+2 -> 4705780.5 | M77: =+V$9*55.97%/15*12 -> 145.51752 | N77: =+(L77+M77)*8% -> 376474.08 | O77: =(ROUND(L77+M77+N77,0)*K77)/30*J77 -> 2710613.3 | P77: =+O77*10% -> 271061.33 | Q77: =+P77*19% -> 51501.653 | R77: =+ROUND(O77+Q77,0) -> 2762115 | X77: 20876245 | Y77: =+X77-R77 -> 18114130 | AA77: =+R77 -> 2762115 | AB77: 5202345.3 | AC77: =+AB77-AA77 -> 2440230.3 | AD77: =+AB77*80% -> 4161876.3 | AE77: =+AA77-AD77 -> -1399761.3
D78: PUTUMAYO | E78: PUERTOASIS | F78: TRES DE MAYO (PUERTO ASIS) | G78: OMT 12 HORAS CCTV DIURNAS | H78: Serv. OMT 12 H Diurno - Puerto Asis | I78: BOTÓN DE PÁNICO | J78: 16 | K78: 1 | L78: =9.06*1160000*55.97%/15*12+2 -> 4705780.5 | M78: =+V$9*55.97%/15*12 -> 145.51752 | N78: =+(L78+M78)*8% -> 376474.08 | O78: =(ROUND(L78+M78+N78,0)*K78)/30*J78 -> 2710613.3 | P78: =+O78*10% -> 271061.33 | Q78: =+P78*19% -> 51501.653 | R78: =+ROUND(O78+Q78,0) -> 2762115 | X78: 10636447 | Y78: =+X78-R78 -> 7874332 | AA78: =+R78 -> 2762115 | AB78: 4703841.7 | AC78: =+AB78-AA78 -> 1941726.7 | AD78: =+AB78*80% -> 3763073.3 | AE78: =+AA78-AD78 -> -1000958.3
G79: SUPERVISOR 24 HORAS | H79: Serv. Supervision 24 H - Puerto Asis | I79: BOTÓN DE PÁNICO | J79: 16 | K79: 1 | L79: =9.06*1160000+2+450000 -> 10959602 | M79: =+V$9 -> 324.99 | N79: =+(L79+M79)*8% -> 876794.16 | O79: =(ROUND(L79+M79+N79,0)*K79)/30*J79 -> 6312917.9 | P79: =+O79*10% -> 631291.79 | Q79: =+P79*19% -> 119945.44 | R79: =+ROUND(O79+Q79,0) -> 6432863 | X79: 10636447 | Y79: =+X79-R79 -> 4203584 | AA79: =+R79 -> 6432863 | AB79: 10636447 | AC79: =+AB79-AA79 -> 4203584 | AD79: =+AB79*80% -> 8509157.6 | AE79: =+AA79-AD79 -> -2076294.6
D80: CAQUETA | E80: SAN VICENTE DEL CAGUAN | F80: SAN VICENTE DEL CAGUAN | G80: SUPERVISOR 12 HORAS (DIURNAS) | H80: Serv. Supervision 12 H Diurno - San Vicente del Caguan | I80: BOTÓN DE PÁNICO | J80: 16 | K80: 1 | L80: =9.06*1160000*55.97%/15*12+2 -> 4705780.5 | M80: =+V$9*55.97%/15*12 -> 145.51752 | N80: =+(L80+M80)*8% -> 376474.08 | O80: =(ROUND(L80+M80+N80,0)*K80)/30*J80 -> 2710613.3 | P80: =+O80*10% -> 271061.33 | Q80: =+P80*19% -> 51501.653 | R80: =+ROUND(O80+Q80,0) -> 2762115 | X80: 5202345.3 | Y80: =+X80-R80 -> 2440230.3 | AA80: =+R80 -> 2762115 | AB80: 4703841.7 | AC80: =+AB80-AA80 -> 1941726.7 | AD80: =+AB80*80% -> 3763073.3 | AE80: =+AA80-AD80 -> -1000958.3
D81: CUNDINAMARCA | E81: GUAYMARAL | F81: FLAMINGO SUAREZ CAMACHO | G81: SUPERVISOR 12 HORAS (DIURNAS) | H81: Serv. Supervision 12 H Diurno - Guaymaral | I81: BOTÓN DE PÁNICO | J81: 16 | K81: 1 | L81: =9.06*1160000*55.97%/15*12+2 -> 4705780.5 | M81: =+V$9*55.97%/15*12 -> 145.51752 | N81: =+(L81+M81)*8% -> 376474.08 | O81: =(ROUND(L81+M81+N81,0)*K81)/30*J81 -> 2710613.3 | P81: =+O81*10% -> 271061.33 | Q81: =+P81*19% -> 51501.653 | R81: =+ROUND(O81+Q81,0) -> 2762115 | X81: 4703841.7 | Y81: =+X81-R81 -> 1941726.7 | AA81: =+R81 -> 2762115 | AB81: 4703841.7 | AC81: =+AB81-AA81 -> 1941726.7 | AD81: =+AB81*80% -> 3763073.3 | AE81: =+AA81-AD81 -> -1000958.3
E82: PAIPA | F82: JUAN JOSE RONDON | G82: SUPERVISOR 12 HORAS (DIURNAS) | H82: Serv. Supervision 12 H Diurno - Paipa | I82: BOTÓN DE PÁNICO | J82: 16 | K82: 1 | L82: =9.06*1160000*55.97%/15*12+2 -> 4705780.5 | M82: =+V$9*55.97%/15*12 -> 145.51752 | N82: =+(L82+M82)*8% -> 376474.08 | O82: =(ROUND(L82+M82+N82,0)*K82)/30*J82 -> 2710613.3 | P82: =+O82*10% -> 271061.33 | Q82: =+P82*19% -> 51501.653 | R82: =+ROUND(O82+Q82,0) -> 2762115 | X82: 10636447 | Y82: =+X82-R82 -> 7874332 | AA82: =+R82 -> 2762115 | AB82: 4703841.7 | AC82: =+AB82-AA82 -> 1941726.7 | AD82: =+AB82*80% -> 3763073.3 | AE82: =+AA82-AD82 -> -1000958.3
D83: CUNDINAMARCA | E83: FLANDES | F83: FLANDES | G83: SUPERVISOR 12 HORAS DIURNAS | H83: Serv. Supervision 12 H Diurno - Flandes | I83: BOTÓN DE PÁNICO | J83: 16 | K83: 1 | L83: =9.06*1160000*55.97%/15*12+2 -> 4705780.5 | M83: =+V$9*55.97%/15*12 -> 145.51752 | N83: =+(L83+M83)*8% -> 376474.08 | O83: =(ROUND(L83+M83+N83,0)*K83)/30*J83 -> 2710613.3 | P83: =+O83*10% -> 271061.33 | Q83: =+P83*19% -> 51501.653 | R83: =+ROUND(O83+Q83,0) -> 2762115 | X83: 4703841.7 | Y83: =+X83-R83 -> 1941726.7 | AA83: =+R83 -> 2762115 | AB83: 4703841.7 | AC83: =+AB83-AA83 -> 1941726.7 | AD83: =+AB83*80% -> 3763073.3 | AE83: =+AA83-AD83 -> -1000958.3
C84: SERVICIOS LOGISTICOS | D84: CUNDINAMARCA | E84: BOGOTA | F84: BOGOTA | G84: SERVICIO 24 HORAS | H84: Serv. Tecnico mesa de ayuda - Bogota | I84: TECNICO MESA DE AYUDA | J84: 16 | K84: 1 | L84: =9.06*1160000+2+1500000 -> 12009602 | M84: 0 | N84: =+(L84+M84)*8% -> 960768.16 | O84: =(ROUND(L84+M84+N84,0)*K84)/30*J84 -> 6917530.7 | Q84: =+O84*19% -> 1314330.8 | R84: =+ROUND(O84+Q84,0) -> 8231861 | X84: 4703841.7 | Y84: =+X84-R84 -> -3528019.3 | AA84: =+R84 -> 8231861 | AB84: 15132691 | AC84: =+AB84-AA84 -> 6900830.2 | AD84: =+AB84*80% -> 12106153 | AE84: =+AA84-AD84 -> -3874292
D85: CAQUETA | E85: FLORENCIA | F85: AEROPUERTO | G85: GARITA DE VIGILANCIA CON BAÑO | J85: 0 | K85: 2 | L85: =1867283.82 -> 1867283.8 | O85: =(ROUND(L85+M85+N85,0)*K85)/30*J85 -> 0 | Q85: =+O85*19% -> 0 | R85: =+O85+Q85 -> 0 | X85: 4703841.7 | Y85: =+X85-R85 -> 4703841.7 | AA85: =+R85 -> 0 | AB85: 4284000 | AC85: =+AB85-AA85 -> 4284000 | AD85: =+AB85*80% -> 3427200 | AE85: =+AA85-AD85 -> -3427200
D86: TOLIMA | E86: IBAGUE | F86: AEROPUERTO | G86: GARITA DE VIGILANCIA CON BAÑO | J86: 0 | K86: 2 | L86: =1867283.82 -> 1867283.8 | O86: =(ROUND(L86+M86+N86,0)*K86)/30*J86 -> 0 | Q86: =+O86*19% -> 0 | R86: =+O86+Q86 -> 0 | X86: 4703841.7 | Y86: =+X86-R86 -> 4703841.7 | AA86: =+R86 -> 0 | AB86: 4284000 | AC86: =+AB86-AA86 -> 4284000 | AD86: =+AB86*80% -> 3427200 | AE86: =+AA86-AD86 -> -3427200
D87: AMAZONAS | E87: LETICIA | F87: AEROPUERTO | G87: GARITA DE VIGILANCIA CON BAÑO | J87: 0 | K87: 2 | L87: =1867283.82 -> 1867283.8 | O87: =(ROUND(L87+M87+N87,0)*K87)/30*J87 -> 0 | R87: =+O87+Q87 -> 0 | X87: 15132691 | Y87: =+X87-R87 -> 15132691 | AA87: =+R87 -> 0 | AB87: 4284000 | AC87: =+AB87-AA87 -> 4284000 | AD87: =+AB87*80% -> 3427200 | AE87: =+AA87-AD87 -> -3427200
D88: HUILA | E88: NEIVA | F88: AEROPUERTO | G88: GARITA DE VIGILANCIA CON BAÑO | J88: 0 | K88: 2 | L88: =1867283.82 -> 1867283.8 | O88: =(ROUND(L88+M88+N88,0)*K88)/30*J88 -> 0 | Q88: =+O88*19% -> 0 | R88: =+O88+Q88 -> 0 | X88: 4284000 | Y88: =+X88-R88 -> 4284000 | AA88: =+R88 -> 0 | AB88: 4284000 | AC88: =+AB88-AA88 -> 4284000 | AD88: =+AB88*80% -> 3427200 | AE88: =+AA88-AD88 -> -3427200
D89: HUILA | E89: PITALITO | F89: AEROPUERTO | G89: GARITA DE VIGILANCIA CON BAÑO | J89: 0 | K89: 2 | L89: =1867283.82 -> 1867283.8 | O89: =(ROUND(L89+M89+N89,0)*K89)/30*J89 -> 0 | Q89: =+O89*19% -> 0 | R89: =+O89+Q89 -> 0 | X89: 4284000 | Y89: =+X89-R89 -> 4284000 | AA89: =+R89 -> 0 | AB89: 4284000 | AC89: =+AB89-AA89 -> 4284000 | AD89: =+AB89*80% -> 3427200 | AE89: =+AA89-AD89 -> -3427200
D90: PUTUMAYO | E90: PUERTO ASIS | F90: AEROPUERTO | G90: GARITA DE VIGILANCIA CON BAÑO | J90: 0 | K90: 2 | L90: =1867283.82 -> 1867283.8 | O90: =(ROUND(L90+M90+N90,0)*K90)/30*J90 -> 0 | Q90: =+O90*19% -> 0 | R90: =+O90+Q90 -> 0 | X90: 4284000 | Y90: =+X90-R90 -> 4284000 | AA90: =+R90 -> 0 | AB90: 4284000 | AC90: =+AB90-AA90 -> 4284000 | AD90: =+AB90*80% -> 3427200 | AE90: =+AA90-AD90 -> -3427200
D91: CAQUETA | E91: SAN VICENTE DEL CAGUAN | F91: AEROPUERTO | G91: GARITA DE VIGILANCIA CON BAÑO | J91: 0 | K91: 2 | L91: =1867283.82 -> 1867283.8 | O91: =(ROUND(L91+M91+N91,0)*K91)/30*J91 -> 0 | Q91: =+O91*19% -> 0 | R91: =+O91+Q91 -> 0 | X91: 4284000 | Y91: =+X91-R91 -> 4284000 | AA91: =+R91 -> 0 | AB91: 4284000 | AC91: =+AB91-AA91 -> 4284000 | AD91: =+AB91*80% -> 3427200 | AE91: =+AA91-AD91 -> -3427200
D92: PUTUMAYO | E92: VILLA GARZON | F92: AEROPUERTO | G92: GARITA DE VIGILANCIA CON BAÑO | J92: 0 | K92: 2 | L92: =1867283.82 -> 1867283.8 | O92: =(ROUND(L92+M92+N92,0)*K92)/30*J92 -> 0 | Q92: =+O92*19% -> 0 | R92: =+O92+Q92 -> 0 | X92: 4284000 | Y92: =+X92-R92 -> 4284000 | AA92: =+R92 -> 0 | AB92: 4284000 | AC92: =+AB92-AA92 -> 4284000 | AD92: =+AB92*80% -> 3427200 | AE92: =+AA92-AD92 -> -3427200
B93: TOTALES | L93: =SUM(L9:L92) -> 6.6341797e+08 | M93: =SUM(M9:M92) -> 19542.506 | N93: =SUM(N9:N92) -> 56579601 | O93: =SUM(O9:O92) -> 1.0815406e+09 | P93: =SUM(P9:P92) -> 93486262 | Q93: =SUM(Q9:Q92) -> 19076721 | R93: =SUM(R9:R92) -> 1100617302
O101: REPRESENTANTE LEGAL | Q101: COSERVIPP LTDA
O102: NOMBRE | Q102: FABIO PORTILLA SANCHEZ
O103: NIT | Q103: 800.163.265-6
O104: DIRECCION | Q104: CRA 47A No 93-78
O105: TELEFONOS , FAX | Q105: 7433277
O106: DIRECCION CORREO ELECTRONICO | Q106: dir.licitaciones@coservippltda.com.co
O107: NUMERO DE CELULAR | Q107: 3202641687
O108: CIUDAD | Q108: Bogota

Sheet AGOSTO 2023 (2)
G2: FORMATO
G3: FORMATO 7 PROPUESTA ECONOMICA | R3: Fecha de aprobación: 08/07/2022
G4: Clave: APOY-9.0-12-014 | N4: Version: 4
G7: OBJETO: CONTRATAR LA PRESTACION DE SERVICIOS DE VIGILANCIA Y SEGURIDAD PARA LAS INSTALACIONES Y AEROPUERTOS ADMINISTRADOS POR LA AERONAUTICA CIVIL POR LOTES (VF).
D8: DEPARTAMENTO | E8: CIUDAD | F8: NOMBRE DEL PUESTO | G8: DESCRIPCIÓN DEL SERVICIO | I8: ELEMENTOS DEL SERVICIO | J8: No. DIAS | K8: No. SERVICIOS | L8: VALOR MENSUAL UNITARIO | M8: VALOR PRIMA SEGURO DE VIDA POR SERVICIO MENSUAL UNITARIO | N8: AYS(11-%10%-8%) MENSUAL UNITARIO | O8: SUB TOTAL ANTES DE AIU (K+L+M)*J | Q8: AIU (10%) | R8: % DE IVA (19%) | S8: VALOR TOTALVIGENCIA 2023 (1 al 31 de agosto 2023)
B9: SEGURIDAD REGULADA | C9: AEROPUERTOS | D9: CUNDINAMARCA | E9: BOGOTA | F9: EL DORADO (BOGOTA) | G9: PUESTO 12 HORAS (DIURNO) | H9: Serv. Vig. 12 H Diurno sin arma Aero. El Dorado | I9: SERVICIO SIN ARMA | J9: 30 | K9: 5 | L9: =9.06*1160000*55.97%/15*12+2 -> 4705780.5 | M9: =+W$9*55.97%/15*12 -> 145.51752 | N9: =+(L9+M9)*8% -> 376474.08 | O9: =(((ROUND(N9+M9+L9,0)*K9))/30)*J9 -> 25412000 | P9: =+O9/K9 -> 5082400 | Q9: =+O9*10% -> 2541200 | R9: =+Q9*19% -> 482828 | S9: =+ROUND(O9+R9,0) -> 25894828 | W9: =108.33*3 -> 324.99 | Y9: 21688707 | Z9: =+Y9-S9 -> -4206121 | AH9: =+S9 -> 25894828 | AR9: =+S9 -> 25894828
D10: CUNDINAMARCA | G10: PUESTO 24 HORAS | H10: Serv. Vig. 24 H Diurno con arma Aero. El Dorado | I10: SERVICIO ARMADO | J10: 30 | K10: 1 | L10: =9.06*1160000+2 -> 10509602 | M10: =+W$9 -> 324.99 | N10: =+(L10+M10)*10% -> 1050992.7 | O10: =(((ROUND(N10+M10+L10,0)*K10))/30)*J10 -> 11560920 | P10: =+O10/K10 -> 11560920 | Q10: =+O10*10% -> 1156092 | R10: =+Q10*19% -> 219657.48 | S10: =+ROUND(O10+R10,0) -> 11780577 | Y10: 48440488 | Z10: =+Y10-S10 -> 36659911 | AH10: =+AH9+S10 -> 37675405 | AR10: =+AR9+S10 -> 37675405
D11: CUNDINAMARCA | G11: PUESTO 24 HORAS | H11: Serv. Vig. 24 H Diurno sin arma Aero. El Dorado | I11: SERVICIO SIN ARMA | J11: 30 | K11: 6 | L11: =9.06*1160000+2 -> 10509602 | M11: =+W$9 -> 324.99 | N11: =+(L11+M11)*8% -> 840794.16 | O11: =(((ROUND(N11+M11+L11,0)*K11))/30)*J11 -> 68104326 | P11: =+O11/K11 -> 11350721 | Q11: =+O11*10% -> 6810432.6 | R11: =+Q11*19% -> 1293982.2 | S11: =+ROUND(O11+R11,0) -> 69398308 | Y11: 9867506.9 | Z11: =+Y11-S11 -> -59530801 | AH11: =++S11++AH10 -> 107073713 | AR11: =+AR10+S11 -> 107073713
D12: CUNDINAMARCA | G12: PUESTO 24 HORAS (CGAC) | H12: Serv. Vig. 24 H Diurno sin arma Aero. El Dorado CGAC | I12: SERVICIO SIN ARMA | J12: 30 | K12: 9 | L12: =9.06*1160000+2 -> 10509602 | M12: =+W$9 -> 324.99 | N12: =+(L12+M12)*8% -> 840794.16 | O12: =(((ROUND(N12+M12+L12,0)*K12))/30)*J12 -> 102156489 | P12: =+O12/K12 -> 11350721 | Q12: =+O12*10% -> 10215649 | R12: =+Q12*19% -> 1940973.3 | S12: =+ROUND(O12+R12,0) -> 104097462 | Y12: 9688097.7 | Z12: =+Y12-S12 -> -94409364 | AH12: =++S12++AH11 -> 211171175 | AI12: =S9+S10+S11+S12+S43+S44+S45+S46+S47+S48+S49+S50+S51+S52+S53+S55+S56+S57+S58+S59+S60+S61+S62+S84+S64+S65+S66+S67+S68 -> 722215172 | AR12: =+AR11+S12 -> 211171175
D13: CUNDINAMARCA | E13: GUAYMARAL | F13: GUAYMARAL | G13: PUESTO 24 HORAS | H13: Serv. Vig. 24 H Diurno con arma Aero. Guaymaral | I13: SERVICIO ARMADO | J13: 30 | K13: 3 | L13: =9.06*1160000+2 -> 10509602 | M13: =+W$9 -> 324.99 | N13: =+(L13+M13)*10% -> 1050992.7 | O13: =(((ROUND(N13+M13+L13,0)*K13))/30)*J13 -> 34682760 | P13: =+O13/K13 -> 11560920 | Q13: =+O13*10% -> 3468276 | R13: =+Q13*19% -> 658972.44 | S13: =+ROUND(O13+R13,0) -> 35341732 | Y13: 38752391 | Z13: =+Y13-S13 -> 3410658.7 | AH13: =++S13++AH12 -> 246512907 | AR13: =+AR12+S13 -> 246512907
G14: PUESTO 12 HORAS (DIURNO) | H14: Serv. Vig. 12 H Diurno con canino Aero. Guaymaral | I14: SERVICIO CON CANINO | J14: 30 | K14: 1 | L14: =9.06*1160000*55.97%/15*12+2 -> 4705780.5 | M14: =+W$9*55.97%/15*12 -> 145.51752 | N14: =+(L14+M14)*11% -> 517651.86 | O14: =(((ROUND(N14+M14+L14,0)*K14))/30)*J14 -> 5223578 | P14: =+O14/K14 -> 5223578 | Q14: =+O14*10% -> 522357.8 | R14: =+Q14*19% -> 99247.982 | S14: =+ROUND(O14+R14,0) -> 5322826 | Y14: 48440488 | Z14: =+Y14-S14 -> 43117662 | AH14: =++S14++AH13 -> 251835733 | AJ14: =S13+S14+S80 -> 45843524 | AR14: =+AR13+S14 -> 251835733
D15: TOLIMA | E15: FLANDES | F15: FLANDES | G15: PUESTO 12 HORAS (DIURNO) | H15: Serv. Vig. 12 H Diurno sin arma Aero. Flandes | I15: SERVICIO SIN ARMA | J15: 30 | K15: 1 | L15: =9.06*1160000*55.97%/15*12+2 -> 4705780.5 | M15: =+W$9*55.97%/15*12 -> 145.51752 | N15: =+(L15+M15)*8% -> 376474.08 | O15: =(((ROUND(N15+M15+L15,0)*K15))/30)*J15 -> 5082400 | P15: =+O15/K15 -> 5082400 | Q15: =+O15*10% -> 508240 | R15: =+Q15*19% -> 96565.6 | S15: =+ROUND(O15+R15,0) -> 5178966 | Y15: 29602521 | Z15: =+Y15-S15 -> 24423555 | AH15: =++S15++AH14 -> 257014699 | AR15: =+AR14+S15 -> 257014699
D16: TOLIMA | G16: PUESTO 24 HORAS | H16: Serv. Vig. 24 H Diurno con arma Aero. Flandes | I16: SERVICIO ARMADO | J16: 30 | K16: 3 | L16: =9.06*1160000+2 -> 10509602 | M16: =+W$9 -> 324.99 | N16: =+(L16+M16)*10% -> 1050992.7 | O16: =(((ROUND(N16+M16+L16,0)*K16))/30)*J16 -> 34682760 | P16: =+O16/K16 -> 11560920 | Q16: =+O16*10% -> 3468276 | R16: =+Q16*19% -> 658972.44 | S16: =+ROUND(O16+R16,0) -> 35341732 | Y16: 4540767.9 | Z16: =+Y16-S16 -> -30800964 | AH16: =++S16++AH15 -> 292356431 | AR16: =+AR15+S16 -> 292356431
D17: CAQUETA | E17: FLORENCIA | F17: GUSTAVO ARTUNDUAGA PAREDES (FLORENCIA) | G17: PUESTO 24 HORAS | H17: Serv. Vig. 24 H Diurno con arma Aero. Florencia | I17: SERVICIO ARMADO | J17: 30 | K17: 9 | L17: =9.06*1160000+2 -> 10509602 | M17: =+W$9 -> 324.99 | N17: =+(L17+M17)*10% -> 1050992.7 | O17: =(((ROUND(N17+M17+L17,0)*K17))/30)*J17 -> 104048280 | P17: =+O17/K17 -> 11560920 | Q17: =+O17*10% -> 10404828 | R17: =+Q17*19% -> 1976917.3 | S17: =+ROUND(O17+R17,0) -> 106025197 | Y17: 4337741.4 | Z17: =+Y17-S17 -> -1.0168746e+08 | AH17: =++S17++AH16 -> 398381628 | AR17: =+AR16+S17 -> 398381628
D18: CAQUETA | G18: PUESTO 16 HORAS (DIURNO) | H18: Serv. Vig. 16 H Diurno sin arma Aero. Florencia | I18: SERVICIO SIN ARMA | J18: 30 | K18: 5 | L18: =(9.06*1160000*55.97%)+(9.06*1160000*44.03%/9*1)+2 -> 6396378.1 | M18: =+(W$9*55.97%)+(W9*44.03%/9*1) -> 197.79614 | N18: =+(L18+M18)*8% -> 511726.07 | O18: =(((ROUND(N18+M18+L18,0)*K18))/30)*J18 -> 34541510 | P18: =+O18/K18 -> 6908302 | Q18: =+O18*10% -> 3454151 | R18: =+Q18*19% -> 656288.69 | S18: =+ROUND(O18+R18,0) -> 35197799 | Y18: 29602521 | Z18: =+Y18-S18 -> -5595278.3 | AH18: =++S18++AH17 -> 433579427 | AR18: =+AR17+S18 -> 433579427
D19: CAQUETA | G19: PUESTO 12 HORAS (DIURNO CON CANINO) | H19: Serv. Vig. 12 H Diurno con canino Aero. Florencia | I19: SERVICIO CON CANINO | J19: 30 | K19: 1 | L19: =9.06*1160000*55.97%/15*12+2 -> 4705780.5 | M19: =+W$9*55.97%/15*12 -> 145.51752 | N19: =+(L19+M19)*11% -> 517651.86 | O19: =(((ROUND(N19+M19+L19,0)*K19))/30)*J19 -> 5223578 | P19: =+O19/K19 -> 5223578 | Q19: =+O19*10% -> 522357.8 | R19: =+Q19*19% -> 99247.982 | S19: =+ROUND(O19+R19,0) -> 5322826 | Y19: 88807562 | Z19: =+Y19-S19 -> 83484736 | AH19: =++S19++AH18 -> 438902253 | AN19: =AI12+AJ14+AK21+AL24 -> #REF! | AR19: =+AR18+S19 -> 438902253
D20: TOLIMA | E20: IBAGUE | F20: PERALES (IBAGUE) | G20: PUESTO 24 HORAS | H20: Serv. Vig. 24 H Diurno con arma Aero. Ibague | I20: SERVICIO ARMADO | J20: 30 | K20: 11 | L20: =9.06*1160000+2 -> 10509602 | M20: =+W$9 -> 324.99 | N20: =+(L20+M20)*10% -> 1050992.7 | O20: =(((ROUND(N20+M20+L20,0)*K20))/30)*J20 -> 127170120 | P20: =+O20/K20 -> 11560920 | Q20: =+O20*10% -> 12717012 | R20: =+Q20*19% -> 2416232.3 | S20: =+ROUND(O20+R20,0) -> 129586352 | Y20: 29483347 | Z20: =+Y20-S20 -> -1.00103e+08 | AH20: =++S20++AH19 -> 568488605 | AR20: =+AR19+S20 -> 568488605
D21: TOLIMA | G21: PUESTO 16 HORAS (DIURNO) | H21: Serv. Vig. 16 H Diurno sin arma Aero. Ibague | I21: SERVICIO SIN ARMA | J21: 30 | K21: 5 | L21: =(9.06*1160000*55.97%)+(9.06*1160000*44.03%/9*1)+2 -> 6396378.1 | M21: =+(W$9*55.97%)+(W9*44.03%/9*1) -> 197.79614 | N21: =+(L21+M21)*8% -> 511726.07 | O21: =(((ROUND(N21+M21+L21,0)*K21))/30)*J21 -> 34541510 | P21: =+O21/K21 -> 6908302 | Q21: =+O21*10% -> 3454151 | R21: =+Q21*19% -> 656288.69 | S21: =+ROUND(O21+R21,0) -> 35197799 | Y21: 4458234.2 | Z21: =+Y21-S21 -> -30739565 | AH21: =++S21++AH20 -> 603686404 | AK21: =S15+S16+S17+S18+S19+S20+S21+S26+S27+S28+S29+S30+S31+S32+S33+S34+S35+S36+S37+S38+S39+S40+S41+S42+S63+S69+S70+S71+S72+S74+S75+S76+S77+S78+S79+S81+S83 -> 1033549672 | AR21: =+AR20+S21 -> 603686404
D22: AMAZONAS | E22: LETICIA | F22: ALFREDO VASQUEZ COBO (LETICIA) | G22: PUESTO 24 HORAS | H22: Serv. Vig. 24 H Diurno con arma Aero. Leticia | I22: SERVICIO ARMADO | J22: 30 | K22: 14 | L22: =9.06*1160000+2 -> 10509602 | M22: =+W$9 -> 324.99 | N22: =+(L22+M22)*10% -> 1050992.7 | O22: =(((ROUND(N22+M22+L22,0)*K22))/30)*J22 -> 161852880 | P22: =+O22/K22 -> 11560920 | Q22: 0 | R22: 0 | S22: =+ROUND(O22+R22,0) -> 161852880 | Y22: 1.0854258e+08 | Z22: =+Y22-S22 -> -53310304 | AH22: =++S22++AH21 -> 765539284 | AR22: =+AR21+S22 -> 765539284
D23: AMAZONAS | G23: PUESTO 12 HORAS (DIURNO) | H23: Serv. Vig. 12 H Diurno sin arma Aero. Leticia | I23: SERVICIO SIN ARMA | J23: 30 | K23: 5 | L23: =9.06*1160000*55.97%/15*12+2 -> 4705780.5 | M23: =+W$9*55.97%/15*12 -> 145.51752 | N23: =+(L23+M23)*8% -> 376474.08 | O23: =(((ROUND(N23+M23+L23,0)*K23))/30)*J23 -> 25412000 | P23: =+O23/K23 -> 5082400 | Q23: 0 | R23: 0 | S23: =+ROUND(O23+R23,0) -> 25412000 | Y23: 29483347 | Z23: =+Y23-S23 -> 4071347.4 | AH23: =++S23++AH22 -> 790951284 | AR23: =+AR22+S23 -> 790951284
D24: AMAZONAS | G24: PUESTO 12 HORAS (DIURNO) | H24: Serv. Vig. 12 H Diurno con canino Aero. Leticia | I24: SERVICIO CON CANINO | J24: 30 | K24: 1 | L24: =9.06*1160000*55.97%/15*12+2 -> 4705780.5 | M24: =+W$9*55.97%/15*12 -> 145.51752 | N24: =+(L24+M24)*11% -> 517651.86 | O24: =(((ROUND(N24+M24+L24,0)*K24))/30)*J24 -> 5223578 | P24: =+O24/K24 -> 5223578 | Q24: 0 | R24: 0 | S24: =+ROUND(O24+R24,0) -> 5223578 | Y24: 1.4460395e+08 | Z24: =+Y24-S24 -> 1.3938037e+08 | AH24: =++S24++AH23 -> 796174862 | AL24: =S22+S23+S24+S25+#REF!+S73 -> #REF! | AR24: =+AR23+S24 -> 796174862
D25: AMAZONAS | G25: PUESTO 24 HORAS | H25: Serv. Vig. 24 H Diurno sin arma Aero. Leticia | I25: SERVICIO SIN ARMA | J25: 30 | K25: 2 | L25: =9.06*1160000+2 -> 10509602 | M25: =+W$9 -> 324.99 | N25: =+(L25+M25)*8% -> 840794.16 | O25: =(((ROUND(N25+M25+L25,0)*K25))/30)*J25 -> 22701442 | P25: =+O25/K25 -> 11350721 | Q25: 0 | R25: 0 | S25: =+ROUND(O25+R25,0) -> 22701442 | Y25: 21284305 | Z25: =+Y25-S25 -> -1417136.8 | AH25: =++S25++AH24 -> 818876304 | AR25: =+AR24+S25 -> 818876304
D26: HUILA | E26: NEIVA | F26: BENITO SALAS (NEIVA) | G26: PUESTO 24 HORAS | H26: Serv. Vig. 24 H Diurno con arma Aero. Neiva | I26: SERVICIO ARMADO | J26: 30 | K26: 13 | L26: =9.06*1160000+2 -> 10509602 | M26: =+W$9 -> 324.99 | N26: =+(L26+M26)*10% -> 1050992.7 | O26: =(((ROUND(N26+M26+L26,0)*K26))/30)*J26 -> 150291960 | P26: =+O26/K26 -> 11560920 | Q26: =+O26*10% -> 15029196 | R26: =+Q26*19% -> 2855547.2 | S26: =+ROUND(O26+R26,0) -> 153147507 | Y26: 4375107.2 | Z26: =+Y26-S26 -> -1.487724e+08 | AH26: =++S26++AH25 -> 972023811 | AR26: =+AR25+S26 -> 972023811
D27: HUILA | G27: PUESTO 16 HORAS (DIURNO) | H27: Serv. Vig. 16 H Diurno sin arma Aero. Neiva | I27: SERVICIO SIN ARMA | J27: 30 | K27: 7 | L27: =(9.06*1160000*55.97%)+(9.06*1160000*44.03%/9*1)+2 -> 6396378.1 | M27: =+(W$9*55.97%)+(W9*44.03%/9) -> 197.79614 | N27: =+(L27+M27)*8% -> 511726.07 | O27: =(((ROUND(N27+M27+L27,0)*K27))/30)*J27 -> 48358114 | P27: =+O27/K27 -> 6908302 | Q27: =+O27*10% -> 4835811.4 | R27: =+Q27*19% -> 918804.17 | S27: =+ROUND(O27+R27,0) -> 49276918 | Y27: 19367040 | Z27: =+Y27-S27 -> -29909878 | AH27: =++S27++AH26 -> 1021300729 | AR27: =+AR26+S27 -> 1021300729
D28: HUILA | G28: PUESTO 12 HORAS (DIURNO) | H28: Serv. Vig. 12 H Diurno con canino Aero. Neiva | I28: SERVICIO CON CANINO | J28: 30 | K28: 1 | L28: =9.06*1160000*55.97%/15*12+2 -> 4705780.5 | M28: =+W$9*55.97%/15*12 -> 145.51752 | N28: =+(L28+M28)*11% -> 517651.86 | O28: =(((ROUND(N28+M28+L28,0)*K28))/30)*J28 -> 5223578 | P28: =+O28/K28 -> 5223578 | Q28: =+O28*10% -> 522357.8 | R28: =+Q28*19% -> 99247.982 | S28: =+ROUND(O28+R28,0) -> 5322826 | Y28: 1.2827759e+08 | Z28: =+Y28-S28 -> 1.2295476e+08 | AH28: =++S28++AH27 -> 1026623555 | AR28: =+AR27+S28 -> 1026623555
D29: HUILA | E29: PITALITO | F29: CONTADOR (PITALITO) | G29: PUESTO 24 HORAS | H29: Serv. Vig. 24 H Diurno con arma Aero. Pitalito | I29: SERVICIO ARMADO | J29: 30 | K29: 3 | L29: =9.06*1160000+2 -> 10509602 | M29: =+W$9 -> 324.99 | N29: =+(L29+M29)*10% -> 1050992.7 | O29: =(((ROUND(N29+M29+L29,0)*K29))/30)*J29 -> 34682760 | P29: =+O29/K29 -> 11560920 | Q29: =+O29*10% -> 3468276 | R29: =+Q29*19% -> 658972.44 | S29: =+ROUND(O29+R29,0) -> 35341732 | Y29: 41276686 | Z29: =+Y29-S29 -> 5934954.4 | AH29: =++S29++AH28 -> 1061965287 | AR29: =+AR28+S29 -> 1061965287
D30: HUILA | G30: PUESTO 12 HORAS (DIURNO) | H30: Serv. Vig. 12 H Diurno sin arma Aero. Pitalito | I30: SERVICIO SIN ARMA | J30: 30 | K30: 5 | L30: =9.06*1160000*55.97%/15*12+2 -> 4705780.5 | M30: =+(W$9*55.97%/15*12) -> 145.51752 | N30: =+(L30+M30)*8% -> 376474.08 | O30: =(((ROUND(N30+M30+L30,0)*K30))/30)*J30 -> 25412000 | P30: =+O30/K30 -> 5082400 | Q30: =+O30*10% -> 2541200 | R30: =+Q30*19% -> 482828 | S30: =+ROUND(O30+R30,0) -> 25894828 | Y30: 4458234.2 | Z30: =+Y30-S30 -> -21436594 | AH30: =++S30++AH29 -> 1087860115 | AR30: =+AR29+S30 -> 1087860115
D31: TOLIMA | E31: MARIQUITA | F31: JOSÉ CELESTINO MUTIS (MARIQUITA) | G31: PUESTO 24 HORAS | H31: Serv. Vig. 24 H Diurno sin arma Aero. Mariquita | I31: SERVICIO SIN ARMA | J31: 30 | K31: 3 | L31: =9.06*1160000+2 -> 10509602 | M31: =+W$9 -> 324.99 | N31: =+(L31+M31)*8% -> 840794.16 | O31: =(((ROUND(N31+M31+L31,0)*K31))/30)*J31 -> 34052163 | P31: =+O31/K31 -> 11350721 | Q31: =+O31*10% -> 3405216.3 | R31: =+Q31*19% -> 646991.1 | S31: =+ROUND(O31+R31,0) -> 34699154 | Y31: 29602521 | Z31: =+Y31-S31 -> -5096633.3 | AH31: =++S31++AH30 -> 1122559269 | AR31: =+AR30+S31 -> 1122559269
D32: PUTUMAYO | E32: PUERTOASIS | F32: TRES DE MAYO (PUERTO ASIS) | G32: PUESTO 12 HORAS (DIURNO) | H32: Serv. Vig. 12 H Diurno sin arma Aero. Puerto Asis | I32: SERVICIO SIN ARMA | J32: 30 | K32: 6 | L32: =9.06*1160000*55.97%/15*12+2 -> 4705780.5 | M32: =+W$9*55.97%/15*12 -> 145.51752 | N32: =+(L32+M32)*8% -> 376474.08 | O32: =(((ROUND(N32+M32+L32,0)*K32))/30)*J32 -> 30494400 | P32: =+O32/K32 -> 5082400 | Q32: =+O32*10% -> 3049440 | R32: =+Q32*19% -> 579393.6 | S32: =+ROUND(O32+R32,0) -> 31073794 | Y32: 17350966 | Z32: =+Y32-S32 -> -13722828 | AH32: =++S32++AH31 -> 1153633063 | AR32: =+AR31+S32 -> 1153633063
D33: PUTUMAYO | G33: PUESTO 24 HORAS | H33: Serv. Vig. 24 H Diurno sin arma Aero. Puerto Asis | I33: SERVICIO SIN ARMA | J33: 30 | K33: =8-1-1 -> 6 | L33: =9.06*1160000+2 -> 10509602 | M33: =+W$9 -> 324.99 | N33: =+(L33+M33)*8% -> 840794.16 | O33: =(((ROUND(N33+M33+L33,0)*K33))/30)*J33 -> 68104326 | P33: =+O33/K33 -> 11350721 | Q33: =+O33*10% -> 6810432.6 | R33: =+Q33*19% -> 1293982.2 | S33: =+ROUND(O33+R33,0) -> 69398308 | Y33: 4337741.4 | Z33: =+Y33-S33 -> -65060567 | AH33: =++S33++AH32 -> 1223031371 | AR33: =+AR32+S33 -> 1223031371
D34: PUTUMAYO | G34: PUESTO 24 HORAS | H34: Serv. Vig. 24 H Diurno sin arma Aero. Puerto Asis | I34: SERVICIO SIN ARMA | J34: 30 | K34: 1 | L34: =9.06*1160000+2 -> 10509602 | M34: =+W$9 -> 324.99 | N34: =+(L34+M34)*8% -> 840794.16 | O34: =(((ROUND(N34+M34+L34,0)*K34))/30)*J34 -> 11350721 | P34: =+O34/K34 -> 11350721 | Q34: =+O34*10% -> 1135072.1 | R34: =+Q34*19% -> 215663.7 | S34: =+ROUND(O34+R34,0) -> 11566385 | Y34: 29064293 | Z34: =+Y34-S34 -> 17497908 | AH34: =++S34++AH33 -> 1234597756 | AR34: =+AR33+S34 -> 1234597756
D35: CAQUETA | E35: SAN VICENTE DEL CAGUAN | F35: SAN VICENTE DEL CAGUAN | G35: PUESTO 24 HORAS | H35: Serv. Vig. 24 H Diurno sin arma Aero. San Vicente del Caguan | I35: SERVICIO SIN ARMA | J35: 30 | K35: =5-2 -> 3 | L35: =9.06*1160000+2 -> 10509602 | M35: =+W$9 -> 324.99 | N35: =+(L35+M35)*8% -> 840794.16 | O35: =(((ROUND(N35+M35+L35,0)*K35))/30)*J35 -> 34052163 | P35: =+O35/K35 -> 11350721 | Q35: =+O35*10% -> 3405216.3 | R35: =+Q35*19% -> 646991.1 | S35: =+ROUND(O35+R35,0) -> 34699154 | Y35: 26026448 | Z35: =+Y35-S35 -> -8672705.6 | AH35: =++S35++AH34 -> 1269296910 | AR35: =+AR34+S35 -> 1269296910
D36: CAQUETA | G36: PUESTO 12 HORAS (DIURNO) | H36: Serv. Vig. 12 H Diurno sin arma Aero. San Vicente del Caguan | I36: SERVICIO SIN ARMA | J36: 30 | K36: 1 | L36: =9.06*1160000*55.97%/15*12+2 -> 4705780.5 | M36: =+W$9*55.97%/15*12 -> 145.51752 | N36: =+(L36+M36)*8% -> 376474.08 | O36: =(((ROUND(N36+M36+L36,0)*K36))/30)*J36 -> 5082400 | P36: =+O36/K36 -> 5082400 | Q36: =+O36*10% -> 508240 | R36: =+Q36*19% -> 96565.6 | S36: =+ROUND(O36+R36,0) -> 5178966 | Y36: 58128586 | Z36: =+Y36-S36 -> 52949620 | AH36: =++S36++AH35 -> 1274475876 | AR36: =+AR35+S36 -> 1274475876
D37: CAQUETA | G37: PUESTO 12 HORAS (DIURNO) | H37: Serv. Vig. 12 H Diurno sin arma Aero. San Vicente del Caguan | I37: SERVICIO SIN ARMA | J37: 30 | K37: 1 | L37: =9.06*1160000*55.97%/15*12+2 -> 4705780.5 | M37: =+W$9*55.97%/15*12 -> 145.51752 | N37: =+(L37+M37)*8% -> 376474.08 | O37: =(((ROUND(N37+M37+L37,0)*K37))/30)*J37 -> 5082400 | P37: =+O37/K37 -> 5082400 | Q37: =+O37*10% -> 508240 | R37: =+Q37*19% -> 96565.6 | S37: =+ROUND(O37+R37,0) -> 5178966 | Y37: 9688097.7 | Z37: =+Y37-S37 -> 4509131.7 | AH37: =++S37++AH36 -> 1279654842 | AR37: =+AR36+S37 -> 1279654842
D38: BOYACA | E38: PAIPA | F38: JUAN JOSE RONDON | G38: PUESTO 24 HORAS | H38: Serv. Vig. 24 H Diurno con arma Aero. Paipa | I38: SERVICIO ARMADO | J38: 30 | K38: 3 | L38: =9.06*1160000+2 -> 10509602 | M38: =+W$9 -> 324.99 | N38: =+(L38+M38)*10% -> 1050992.7 | O38: =(((ROUND(N38+M38+L38,0)*K38))/30)*J38 -> 34682760 | P38: =+O38/K38 -> 11560920 | Q38: =+O38*10% -> 3468276 | R38: =+Q38*19% -> 658972.44 | S38: =+ROUND(O38+R38,0) -> 35341732 | Y38: 29064293 | Z38: =+Y38-S38 -> -6277439 | AH38: =++S38++AH37 -> 1314996574 | AR38: =+AR37+S38 -> 1314996574
G39: PUESTO 12 HORAS (DIURNO) | H39: Serv. Vig. 12 H Diurno sin arma Aero. Paipa | I39: SERVICIO SIN ARMA | J39: 30 | K39: 4 | L39: =9.06*1160000*55.97%/15*12/30*26+2 -> 4078343.4 | M39: =+W$9*55.97%/15*12/30*26 -> 126.11519 | N39: =+(L39+M39)*8% -> 326277.56 | O39: =(((ROUND(N39+M39+L39,0)*K39))/30)*J39 -> 17618988 | P39: =+O39/K39 -> 4404747 | Q39: =+O39*10% -> 1761898.8 | R39: =+Q39*19% -> 334760.77 | S39: =+ROUND(O39+R39,0) -> 17953749 | Y39: 4337741.4 | Z39: =+Y39-S39 -> -13616008 | AH39: =++S39++AH38 -> 1332950323 | AR39: =+AR38+S39 -> 1332950323
D40: PUTUMAYO | E40: VILLA GARZON | F40: VILLA GARZON | G40: PUESTO 24 HORAS | H40: Serv. Vig. 24 H Diurno con arma Aero. Villa Garzon | I40: SERVICIO ARMADO | J40: 30 | K40: 2 | L40: =9.06*1160000+2 -> 10509602 | M40: =+W$9 -> 324.99 | N40: =+(L40+M40)*10% -> 1050992.7 | O40: =(((ROUND(N40+M40+L40,0)*K40))/30)*J40 -> 23121840 | P40: =+O40/K40 -> 11560920 | Q40: =+O40*10% -> 2312184 | R40: =+Q40*19% -> 439314.96 | S40: =+ROUND(O40+R40,0) -> 23561155 | Y40: 4337741.4 | Z40: =+Y40-S40 -> -19223414 | AH40: =++S40++AH39 -> 1356511478 | AR40: =+AR39+S40 -> 1356511478
D41: PUTUMAYO | G41: PUESTO 12 HORAS (DIURNO) | H41: Serv. Vig. 12 H Diurno sin arma Aero. Villa Garzon | I41: SERVICIO SIN ARMA | J41: 30 | K41: 3 | L41: =9.06*1160000*55.97%/15*12+2 -> 4705780.5 | M41: =+W$9*55.97%/15*12 -> 145.51752 | N41: =+(L41+M41)*8% -> 376474.08 | O41: =(((ROUND(N41+M41+L41,0)*K41))/30)*J41 -> 15247200 | P41: =+O41/K41 -> 5082400 | Q41: =+O41*10% -> 1524720 | R41: =+Q41*19% -> 289696.8 | S41: =+ROUND(O41+R41,0) -> 15536897 | Y41: 29602521 | Z41: =+Y41-S41 -> 14065624 | AH41: =++S41++AH40 -> 1372048375 | AR41: =+AR40+S41 -> 1372048375
D42: BOYACA | E42: TUNJA | F42: GUSTAVO ROJAS PINILLA DE TUNJA | G42: PUESTO 24 HORAS | H42: Serv. Vig. 24 H Diurno con arma Aero. Tunja | I42: SERVICIO ARMADO | J42: 30 | K42: 2 | L42: =9.06*1160000+2 -> 10509602 | M42: =+W$9 -> 324.99 | N42: =+(L42+M42)*10% -> 1050992.7 | O42: =(((ROUND(N42+M42+L42,0)*K42))/30)*J42 -> 23121840 | P42: =+O42/K42 -> 11560920 | Q42: =+O42*10% -> 2312184 | R42: =+Q42*19% -> 439314.96 | S42: =+ROUND(O42+R42,0) -> 23561155 | Y42: 17350966 | Z42: =+Y42-S42 -> -6210189.4 | AH42: =++S42++AH41 -> 1395609530 | AR42: =+AR41+S42 -> 1395609530
C43: ESTACIONES | D43: TOLIMA | E43: FLANDES | F43: RADAR (FLANDES) | G43: PUESTO 24 HORAS | H43: Serv. Vig. 24 H Diurno con arma Estacion Flandes | I43: SERVICIO ARMADO | J43: 30 | K43: 1 | L43: =9.06*1160000+2 -> 10509602 | M43: =+W$9 -> 324.99 | N43: =+(L43+M43)*10% -> 1050992.7 | O43: =(((ROUND(N43+M43+L43,0)*K43))/30)*J43 -> 11560920 | P43: =+O43/K43 -> 11560920 | Q43: =+O43*10% -> 1156092 | R43: =+Q43*19% -> 219657.48 | S43: =+ROUND(O43+R43,0) -> 11780577 | Y43: 19735014 | Z43: =+Y43-S43 -> 7954436.8 | AH43: =++S43++AH42 -> 1407390107 | AI43: =S43+S44+S45+S46+S47+S48+S49+S50+S51+S52+S53+S54+S55+S56+S57+S58+S59+S60+S61+S62+S64+S65+S66+S67+S68+S84 -> 522824574 | AR43: =+AR42+S43 -> 1407390107
D44: TOLIMA | E44: ESPINAL | F44: VOR EL ESPINAL | G44: PUESTO 24 HORAS | H44: Serv. Vig. 24 H Diurno con arma Estacion Espinal | I44: SERVICIO ARMADO | J44: 30 | K44: 1 | L44: =9.06*1160000+2 -> 10509602 | M44: =+W$9 -> 324.99 | N44: =+(L44+M44)*10% -> 1050992.7 | O44: =(((ROUND(N44+M44+L44,0)*K44))/30)*J44 -> 11560920 | P44: =+O44/K44 -> 11560920 | Q44: =+O44*10% -> 1156092 | R44: =+Q44*19% -> 219657.48 | S44: =+ROUND(O44+R44,0) -> 11780577 | Y44: 13013224 | Z44: =+Y44-S44 -> 1232647.2 | AH44: =++S44++AH43 -> 1419170684 | AR44: =+AR43+S44 -> 1419170684
D45: TOLIMA | E45: IBAGUE | F45: PICALEÑA | G45: PUESTO 24 HORAS | H45: Serv. Vig. 24 H Diurno con arma Estacion Ibague | I45: SERVICIO ARMADO | J45: 30 | K45: 1 | L45: =9.06*1160000+2 -> 10509602 | M45: =+W$9 -> 324.99 | N45: =+(L45+M45)*10% -> 1050992.7 | O45: =(((ROUND(N45+M45+L45,0)*K45))/30)*J45 -> 11560920 | P45: =+O45/K45 -> 11560920 | Q45: =+O45*10% -> 1156092 | R45: =+Q45*19% -> 219657.48 | S45: =+ROUND(O45+R45,0) -> 11780577 | Y45: 19735014 | Z45: =+Y45-S45 -> 7954436.8 | AH45: =++S45++AH44 -> 1430951261 | AR45: =+AR44+S45 -> 1430951261
D46: HUILA | E46: NEIVA | F46: VOR TOTUMO NEIVA | G46: PUESTO 24 HORAS | H46: Serv. Vig. 24 H Diurno con arma Estacion Neiva | I46: SERVICIO ARMADO | J46: 30 | K46: 1 | L46: =9.06*1160000+2 -> 10509602 | M46: =+W$9 -> 324.99 | N46: =+(L46+M46)*10% -> 1050992.7 | O46: =(((ROUND(N46+M46+L46,0)*K46))/30)*J46 -> 11560920 | P46: =+O46/K46 -> 11560920 | Q46: =+O46*10% -> 1156092 | R46: =+Q46*19% -> 219657.48 | S46: =+ROUND(O46+R46,0) -> 11780577 | Y46: 9867506.9 | Z46: =+Y46-S46 -> -1913070.1 | AH46: =++S46++AH45 -> 1442731838 | AR46: =+AR45+S46 -> 1442731838
D47: TOLIMA | E47: MARIQUITA | F47: VOR | G47: PUESTO 24 HORAS | H47: Serv. Vig. 24 H Diurno con arma Estacion Mariquita | I47: SERVICIO ARMADO | J47: 30 | K47: 1 | L47: =9.06*1160000+2 -> 10509602 | M47: =+W$9 -> 324.99 | N47: =+(L47+M47)*10% -> 1050992.7 | O47: =(((ROUND(N47+M47+L47,0)*K47))/30)*J47 -> 11560920 | P47: =+O47/K47 -> 11560920 | Q47: =+O47*10% -> 1156092 | R47: =+Q47*19% -> 219657.48 | S47: =+ROUND(O47+R47,0) -> 11780577 | Y47: 9867506.9 | Z47: =+Y47-S47 -> -1913070.1 | AH47: =++S47++AH46 -> 1454512415 | AR47: =+AR46+S47 -> 1454512415
C48: ADMINISTRATIVOS | D48: CUNDINAMARCA | E48: BOGOTA | F48: EL DORADO (BOGOTA) | G48: PUESTO 24 HORAS | H48: Serv. Vig. 24 H Diurno sin arma - El Dorado | I48: SERVICIO SIN ARMA | J48: 30 | K48: 6 | L48: =9.06*1160000+2 -> 10509602 | M48: =+W$9 -> 324.99 | N48: =+(L48+M48)*8% -> 840794.16 | O48: =(((ROUND(N48+M48+L48,0)*K48))/30)*J48 -> 68104326 | P48: =+O48/K48 -> 11350721 | Q48: =+O48*10% -> 6810432.6 | R48: =+Q48*19% -> 1293982.2 | S48: =+ROUND(O48+R48,0) -> 69398308 | Y48: 9867506.9 | Z48: =+Y48-S48 -> -59530801 | AH48: =++S48++AH47 -> 1523910723 | AR48: =+AR47+S48 -> 1523910723
G49: PUESTO 24 HORAS | H49: Serv. Vig. 24 H Diurno con arma - El Dorado | I49: SERVICIO ARMADO | J49: 30 | K49: 5 | L49: =9.06*1160000+2 -> 10509602 | M49: =+W$9 -> 324.99 | N49: =+(L49+M49)*10% -> 1050992.7 | O49: =(((ROUND(N49+M49+L49,0)*K49))/30)*J49 -> 57804600 | P49: =+O49/K49 -> 11560920 | Q49: =+O49*10% -> 5780460 | R49: =+Q49*19% -> 1098287.4 | S49: =+ROUND(O49+R49,0) -> 58902887 | Y49: 9867506.9 | Z49: =+Y49-S49 -> -49035380 | AH49: =++S49++AH48 -> 1582813610 | AR49: =+AR48+S49 -> 1582813610
G50: PUESTO 12 HORAS (DIURNO) | H50: Serv. Vig. 12 H Diurno sin arma - El Dorado | I50: SERVICIO SIN ARMA | J50: 30 | K50: 2 | L50: =9.06*1160000*55.97%/15*12+2 -> 4705780.5 | M50: =+W$9*55.97%/15*12 -> 145.51752 | N50: =+(L50+M50)*8% -> 376474.08 | O50: =(((ROUND(N50+M50+L50,0)*K50))/30)*J50 -> 10164800 | P50: =+O50/K50 -> 5082400 | Q50: =+O50*10% -> 1016480 | R50: =+Q50*19% -> 193131.2 | S50: =+ROUND(O50+R50,0) -> 10357931 | Y50: 9867506.9 | Z50: =+Y50-S50 -> -490424.1 | AH50: =++S50++AH49 -> 1593171541 | AR50: =+AR49+S50 -> 1593171541
G51: PUESTO 12 HORAS (DIURNO) NEAA - CGAC | H51: Serv. Vig. 12 H Diurno con canino - NEAA y CGAC | I51: SERVICIO CON CANINO | J51: 30 | K51: 2 | L51: =9.06*1160000*55.97%/15*12+2 -> 4705780.5 | M51: =+W$9*55.97%/15*12 -> 145.51752 | N51: =+(L51+M51)*11% -> 517651.86 | O51: =(((ROUND(N51+M51+L51,0)*K51))/30)*J51 -> 10447156 | P51: =+O51/K51 -> 5223578 | Q51: =+O51*10% -> 1044715.6 | R51: =+Q51*19% -> 198495.96 | S51: =+ROUND(O51+R51,0) -> 10645652 | Y51: 58128586 | Z51: =+Y51-S51 -> 47482934 | AH51: =++S51++AH50 -> 1603817193 | AR51: =+AR50+S51 -> 1603817193
G52: PUESTO 12 HORAS (DIURNO) lun-Vie sin festivos | H52: Serv. Vig. 12 H Diurno L-V sin arma - El Dorado | I52: SERVICIO SIN ARMA | J52: 20 | K52: 3 | L52: =9.06*1160000*55.97%/15*12/30*20+2 -> 3137187.7 | M52: =+W9*55.97%/15*12/30*20 -> 97.011682 | N52: =+(L52+M52)*8% -> 250982.77 | O52: =(((ROUND(N52+M52+L52,0)*K52))/30)*J52 -> 6776534 | P52: =+O52/K52 -> 2258844.7 | Q52: =+O52*10% -> 677653.4 | R52: =+Q52*19% -> 128754.15 | S52: =+ROUND(O52+R52,0) -> 6905288 | Y52: 49337534 | Z52: =+Y52-S52 -> 42432246 | AH52: =++S52++AH51 -> 1610722481 | AR52: =+AR51+S52 -> 1610722481
D53: TOLIMA | E53: FLANDES | F53: FLANDES | G53: PUESTO 24 HORAS | H53: Serv. Vig. 24 H Diurno sin arma - Flandes | I53: SERVICIO SIN ARMA | J53: 30 | K53: 1 | L53: =9.06*1160000+2 -> 10509602 | M53: =+W$9 -> 324.99 | N53: =+(L53+M53)*8% -> 840794.16 | O53: =(((ROUND(N53+M53+L53,0)*K53))/30)*J53 -> 11350721 | P53: =+O53/K53 -> 11350721 | Q53: =+O53*10% -> 1135072.1 | R53: =+Q53*19% -> 215663.7 | S53: =+ROUND(O53+R53,0) -> 11566385 | Y53: 8675482.8 | Z53: =+Y53-S53 -> -2890902.2 | AH53: =++S53++AH52 -> 1622288866 | AR53: =+AR52+S53 -> 1622288866
G54: PUESTO 24 HORAS | H54: Serv. Vig. 24 H Diurno con arma Aero. Dorado | I54: SERVICIO ARMADO | J54: 30 | K54: 1 | L54: =9.06*1160000+2 -> 10509602 | M54: =+W$9 -> 324.99 | N54: =+(L54+M54)*10% -> 1050992.7 | O54: =(((ROUND(N54+M54+L54,0)*K54))/30)*J54 -> 11560920 | P54: =+O54/K54 -> 11560920 | Q54: =+O54*10% -> 1156092 | R54: =+Q54*19% -> 219657.48 | S54: =+ROUND(O54+R54,0) -> 11780577 | Y54: 8836089 | Z54: =+Y54-S54 -> -2944488 | AH54: =++S54++AH53 -> 1634069443 | AR54: =+AR53+S54 -> 1634069443
D55: CUNDINAMARCA | E55: GUAYMARAL | F55: GUAYMARAL | G55: PUESTO 24 HORAS | H55: Serv. Vig. 24 H Diurno con arma Aero. Dorado | I55: SERVICIO ARMADO | J55: 30 | K55: 3 | L55: =9.06*1160000+2 -> 10509602 | M55: =+W$9 -> 324.99 | N55: =+(L55+M55)*10% -> 1050992.7 | O55: =(((ROUND(N55+M55+L55,0)*K55))/30)*J55 -> 34682760 | P55: =+O55/K55 -> 11560920 | Q55: =+O55*10% -> 3468276 | R55: =+Q55*19% -> 658972.44 | S55: =+ROUND(O55+R55,0) -> 35341732 | Y55: 8676693.8 | Z55: =+Y55-S55 -> -26665038 | AH55: =++S55++AH54 -> 1669411175 | AR55: =+AR54+S55 -> 1669411175
G56: PUESTO 24 HORAS | H56: Serv. Vig. 24 H Diurno sin arma - Guaymaral | I56: SERVICIO SIN ARMA | J56: 30 | K56: 1 | L56: =9.06*1160000+2 -> 10509602 | M56: =+W$9 -> 324.99 | N56: =+(L56+M56)*8% -> 840794.16 | O56: =(((ROUND(N56+M56+L56,0)*K56))/30)*J56 -> 11350721 | P56: =+O56/K56 -> 11350721 | Q56: =+O56*10% -> 1135072.1 | R56: =+Q56*19% -> 215663.7 | S56: =+ROUND(O56+R56,0) -> 11566385 | Y56: 9867506.9 | Z56: =+Y56-S56 -> -1698878.1 | AH56: =++S56++AH55 -> 1680977560 | AR56: =+AR55+S56 -> 1680977560
D57: TOLIMA | E57: IBAGUE | F57: PERALES (IBAGUE) | G57: PUESTO 24 HORAS | H57: Serv. Vig. 24 H Diurno sin arma - Ibague | I57: SERVICIO SIN ARMA | J57: 30 | K57: 1 | L57: =9.06*1160000+2 -> 10509602 | M57: =+W$9 -> 324.99 | N57: =+(L57+M57)*8% -> 840794.16 | O57: =(((ROUND(N57+M57+L57,0)*K57))/30)*J57 -> 11350721 | P57: =+O57/K57 -> 11350721 | Q57: =+O57*10% -> 1135072.1 | R57: =+Q57*19% -> 215663.7 | S57: =+ROUND(O57+R57,0) -> 11566385 | Y57: 9688097.7 | Z57: =+Y57-S57 -> -1878287.3 | AH57: =++S57++AH56 -> 1692543945 | AR57: =+AR56+S57 -> 1692543945
E58: MARIQUITA | F58: MARIQUITA | G58: PUESTO 24 HORAS | H58: Serv. Vig. 24 H Diurno sin arma - Mariquita | I58: SERVICIO SIN ARMA | J58: 30 | K58: 2 | L58: =9.06*1160000+2 -> 10509602 | M58: =+W$9 -> 324.99 | N58: =+(L58+M58)*8% -> 840794.16 | O58: =(((ROUND(N58+M58+L58,0)*K58))/30)*J58 -> 22701442 | P58: =+O58/K58 -> 11350721 | Q58: =+O58*10% -> 2270144.2 | R58: =+Q58*19% -> 431327.4 | S58: =+ROUND(O58+R58,0) -> 23132769 | Y58: 29602521 | Z58: =+Y58-S58 -> 6469751.7 | AH58: =++S58++AH57 -> 1715676714 | AR58: =+AR57+S58 -> 1715676714
D59: BOYACA | E59: PAIPA | F59: PAIPA | G59: PUESTO 24 HORAS | H59: Serv. Vig. 24 H Diurno sin arma - Paipa | I59: SERVICIO SIN ARMA | J59: 30 | K59: 1 | L59: =9.06*1160000+2 -> 10509602 | M59: =+W$9 -> 324.99 | N59: =+(L59+M59)*8% -> 840794.16 | O59: =(((ROUND(N59+M59+L59,0)*K59))/30)*J59 -> 11350721 | P59: =+O59/K59 -> 11350721 | Q59: =+O59*10% -> 1135072.1 | R59: =+Q59*19% -> 215663.7 | S59: =+ROUND(O59+R59,0) -> 11566385 | Y59: 9688097.7 | Z59: =+Y59-S59 -> -1878287.3 | AH59: =++S59++AH58 -> 1727243099 | AR59: =+AR58+S59 -> 1727243099
D60: TOLIMA | E60: CHAPARRAL | F60: NAVAS PARDO (CHAPARRAL) | G60: PUESTO 24 HORAS | H60: Serv. Vig. 24 H Diurno sin arma - Chaparral | I60: SERVICIO SIN ARMA | J60: 30 | K60: 1 | L60: =9.06*1160000+2 -> 10509602 | M60: =+W$9 -> 324.99 | N60: =+(L60+M60)*8% -> 840794.16 | O60: =(((ROUND(N60+M60+L60,0)*K60))/30)*J60 -> 11350721 | P60: =+O60/K60 -> 11350721 | Q60: =+O60*10% -> 1135072.1 | R60: =+Q60*19% -> 215663.7 | S60: =+ROUND(O60+R60,0) -> 11566385 | Y60: 9688097.7 | Z60: =+Y60-S60 -> -1878287.3 | AH60: =++S60++AH59 -> 1738809484 | AR60: =+AR59+S60 -> 1738809484
D61: CAQUETA | E61: SAN VICENTE DEL CAGUAN | F61: SAN VICENTE DEL CAGUAN | G61: PUESTO 24 HORAS | H61: Serv. Vig. 24 H Diurno sin arma - San Vicente del Caguan | I61: SERVICIO SIN ARMA | J61: 30 | K61: 2 | L61: =9.06*1160000+2 -> 10509602 | M61: =+W$9 -> 324.99 | N61: =+(L61+M61)*8% -> 840794.16 | O61: =(((ROUND(N61+M61+L61,0)*K61))/30)*J61 -> 22701442 | P61: =+O61/K61 -> 11350721 | Q61: =+O61*10% -> 2270144.2 | R61: =+Q61*19% -> 431327.4 | S61: =+ROUND(O61+R61,0) -> 23132769 | Y61: 19376195 | Z61: =+Y61-S61 -> -3756573.6 | AH61: =++S61++AH60 -> 1761942253 | AR61: =+AR60+S61 -> 1761942253
D62: AMAZONAS | E62: LETICIA | F62: ALFREDO VASQUEZ COBO (LETICIA) | G62: PUESTO 24 HORAS | H62: Serv. Vig. 24 H Diurno sin arma - Leticia | I62: SERVICIO SIN ARMA | J62: 30 | K62: 1 | L62: =9.06*1160000+2 -> 10509602 | M62: =+W$9 -> 324.99 | N62: =+(L62+M62)*8% -> 840794.16 | O62: =(((ROUND(N62+M62+L62,0)*K62))/30)*J62 -> 11350721 | P62: =+O62/K62 -> 11350721 | Q62: 0 | R62: 0 | S62: =+ROUND(O62+R62,0) -> 11350721 | Y62: 9688097.7 | Z62: =+Y62-S62 -> -1662623.3 | AB62: NO REGULADA MIA | AC62: PO POR ITEM | AE62: MARGEN MINIMO | AH62: =++S62++AH61 -> 1773292974 | AR62: =+AR61+S62 -> 1773292974
B63: NO REGULADA | C63: SUPERVISORES | D63: PUTUMAYO | E63: VILLA GARZON | F63: VILLA GARZON | G63: SUPERVISOR 12 HORAS (DIURNO) | H63: Serv. Supervision 12 H Diurno - Villa Garzon | I63: BOTÓN DE PÁNICO | J63: 30 | K63: 1 | L63: =9.06*1160000*55.97%/15*12+2 -> 4705780.5 | M63: =+W$9*55.97%/15*12 -> 145.51752 | N63: =+(L63+M63)*8% -> 376474.08 | O63: =(((ROUND(N63+M63+L63,0)*K63))/30)*J63 -> 5082400 | P63: =+O63/K63 -> 5082400 | Q63: =+O63*10% -> 508240 | R63: =+Q63*19% -> 96565.6 | S63: =+ROUND(O63+R63,0) -> 5178966 | Y63: 9688097.7 | Z63: =+Y63-S63 -> 4509131.7 | AB63: =+S63 -> 5178966 | AC63: 4703841.7 | AD63: =+AC63-AB63 -> -475124.32 | AE63: =+AC63*80% -> 3763073.3 | AF63: =+AB63-AE63 -> 1415892.7 | AH63: =++S63++AH62 -> 1778471940 | AR63: =+AR62+S63 -> 1778471940
D64: CUNDINAMARCA | E64: BOGOTA | F64: EL DORADO (BOGOTA) | G64: SUPERVISOR 24 HORAS | H64: Serv. Supervision 24 H - Aero. El Dorado | I64: BOTÓN DE PÁNICO | J64: 30 | K64: 1 | L64: =9.06*1160000+2+450000 -> 10959602 | M64: =+W$9 -> 324.99 | N64: =+(L64+M64)*8% -> 876794.16 | O64: =(((ROUND(N64+M64+L64,0)*K64))/30)*J64 -> 11836721 | P64: =+O64/K64 -> 11836721 | Q64: =+O64*10% -> 1183672.1 | R64: =+Q64*19% -> 224897.7 | S64: =+ROUND(O64+R64,0) -> 12061619 | Y64: 19376195 | Z64: =+Y64-S64 -> 7314576.4 | AB64: =+S64 -> 12061619 | AC64: 10636447 | AD64: =+AC64-AB64 -> -1425172 | AE64: =+AC64*80% -> 8509157.6 | AF64: =+AB64-AE64 -> 3552461.4 | AH64: =++S64++AH63 -> 1790533559 | AR64: =+AR63+S64 -> 1790533559
